Workbook

Sheet Orçamento
B1: PREENCHER "EMPRESA", "CNPJ", "FONE", "BDI", OS PREÇOS UNITÁRIOS, "CIDADE" E, OPCIONALMENTE, A DATA.
B2: ORÇAMENTO
B3: OBRA: | E3: CEIM E EBM VEDERTI | F3: EMPRESA:
B4: LOCAL: | E4: RUA MUNIR IBRAHIM, BAIRRO AUTÓDROMO, LOTEAMENTO VEDERTI - CHAPECÓ - SC | F4: CNPJ:
B5: ÁREA: | E5: 5121,41 m2 | F5: FONE:
B6: PREÇO: | E6: =SUBTOTAL(9, $K$8:$K$1291) -> 16788614 | F6: BDI:
B7: ITEM | C7: FONTE | D7: CÓDIGO | E7: DESCRIÇÃO DOS SERVIÇOS | F7: UN | G7: QTD | H7: PREÇO SEM BDI | I7: BDI | J7: PREÇO UNIT | K7: TOTAL | L7: %
A8: Nível 1 | B8: 1 | E8: SERVIÇOS PRELIMINARES - CEIM E EBM | K8: =SUBTOTAL(9, $K$9:$K$17) -> 237397.35 | L8: =ROUND($K$8/$E$6,3) -> 0.014 | M8: 0
A9: Nível 2 | B9: 1.1 | E9: CANTEIRO DE OBRAS | K9: =SUBTOTAL(9, $K$10:$K$17) -> 237397.35 | L9: =ROUND($K$9/$E$6,3) -> 0.014 | M9: 0
A10: Serviço | B10: 1.1.1 | C10: SINAPI-I | D10: 4813 | E10: PLACA DE OBRA (PARA CONSTRUCAO CIVIL) EM CHAPA GALVANIZADA *N. 22*, ADESIVADA, DE *2,4 X 1,2* M (SEM POSTES PARA FIXACAO) | F10: M2 | G10: 6 | H10: 400 | I10: BDI 1 | J10: 488.48 | K10: =ROUND($G$10*$M$10,2) -> 2930.88 | L10: =ROUND($K$10/$E$6,3) -> 0 | M10: =ROUND($J$10,2) -> 488.48
A11: Serviço | B11: 1.1.2 | C11: SINAPI | D11: 98459 | E11: TAPUME COM TELHA METÁLICA. AF_03/2024 | F11: M2 | G11: 819 | H11: 94.14 | I11: BDI 1 | J11: 114.96 | K11: =ROUND($G$11*$M$11,2) -> 94152.24 | L11: =ROUND($K$11/$E$6,3) -> 0.006 | M11: =ROUND($J$11,2) -> 114.96
A12: Serviço | B12: 1.1.3 | C12: SINAPI-I | D12: 10775 | E12: LOCACAO DE CONTAINER 2,30 X 6,00 M, ALT. 2,50 M, COM 1 SANITARIO, PARA ESCRITORIO, COMPLETO, SEM DIVISORIAS INTERNAS | F12: MES | G12: 24 | H12: 928.75 | I12: BDI 1 | J12: 1134.19 | K12: =ROUND($G$12*$M$12,2) -> 27220.56 | L12: =ROUND($K$12/$E$6,3) -> 0.002 | M12: =ROUND($J$12,2) -> 1134.19
A13: Serviço | B13: 1.1.4 | C13: SINAPI-I | D13: 10776 | E13: LOCACAO DE CONTAINER 2,30 X 6,00 M, ALT. 2,50 M | F13: MES | G13: 24 | H13: 725.58 | I13: BDI 1 | J13: 886.08 | K13: =ROUND($G$13*$M$13,2) -> 21265.92 | L13: =ROUND($K$13/$E$6,3) -> 0.001 | M13: =ROUND($J$13,2) -> 886.08
A14: Serviço | B14: 1.1.5 | C14: COMPOSIÇÃO | D14: 163 | E14: EXECUÇÃO DE REFEITÓRIO EM CANTEIRO DE OBRA EM CHAPA DE MADEIRA COMPENSADA | F14: M2 | G14: 20 | H14: 622.02 | I14: BDI 1 | J14: 759.61 | K14: =ROUND($G$14*$M$14,2) -> 15192.2 | L14: =ROUND($K$14/$E$6,3) -> 0.001 | M14: =ROUND($J$14,2) -> 759.61
A15: Serviço | B15: 1.1.6 | C15: COMPOSIÇÃO | D15: 164 | E15: EXECUÇÃO DE SANITÁRIO E VESTIÁRIO EM CANTEIRO DE OBRA EM CHAPA DE MADEIRA COMPENSADA | F15: M2 | G15: 10 | H15: 899.18 | I15: BDI 1 | J15: 1098.08 | K15: =ROUND($G$15*$M$15,2) -> 10980.8 | L15: =ROUND($K$15/$E$6,3) -> 0.001 | M15: =ROUND($J$15,2) -> 1098.08
A16: Serviço | B16: 1.1.7 | C16: COMPOSIÇÃO | D16: 165 | E16: EXECUÇÃO DE CENTRAL DE FÔRMAS, ARMAÇÃO E CIMENTO | F16: M2 | G16: 20 | H16: 198.06 | I16: BDI 1 | J16: 241.87 | K16: =ROUND($G$16*$M$16,2) -> 4837.4 | L16: =ROUND($K$16/$E$6,3) -> 0 | M16: =ROUND($J$16,2) -> 241.87
A17: Serviço | B17: 1.1.8 | C17: SINAPI | D17: 99059 | E17: LOCAÇÃO CONVENCIONAL DE OBRA, UTILIZANDO GABARITO DE TÁBUAS CORRIDAS PONTALETADAS A CADA 2,00M - 2 UTILIZAÇÕES. AF_03/2024 | F17: M | G17: 513.14 | H17: 97.05 | I17: BDI 1 | J17: 118.52 | K17: =ROUND($G$17*$M$17,2) -> 60817.35 | L17: =ROUND($K$17/$E$6,3) -> 0.004 | M17: =ROUND($J$17,2) -> 118.52
A18: Nível 1 | B18: 2 | E18: INTERVENÇÃO - PRAÇA VEDERTI | K18: =SUBTOTAL(9, $K$19:$K$28) -> 19806.4 | L18: =ROUND($K$18/$E$6,3) -> 0.001 | M18: 0
A19: Nível 2 | B19: 2.1 | E19: DEMOLIÇÕES E RETIRADAS | K19: =SUBTOTAL(9, $K$20:$K$25) -> 16161.65 | L19: =ROUND($K$19/$E$6,3) -> 0.001 | M19: 0
A20: Serviço | B20: 2.1.1 | C20: SINAPI | D20: 104800 | E20: REMOÇÃO DE CERCAS E MOURÕES, DE FORMA MANUAL, SEM REAPROVEITAMENTO. AF_09/2023 | F20: M | G20: 60 | H20: 12.01 | I20: BDI 1 | J20: 14.67 | K20: =ROUND($G$20*$M$20,2) -> 880.2 | L20: =ROUND($K$20/$E$6,3) -> 0 | M20: =ROUND($J$20,2) -> 14.67
A21: Serviço | B21: 2.1.2 | C21: SINAPI | D21: 104801 | E21: REMOÇÃO DE ALAMBRADOS PARA QUADRAS POLIESPORTIVAS, ESTRUTURADO POR TUBOS DE AÇO GALVANIZADO, COM TELA DE ARAME GALVANIZADO, DE FORMA MANUAL, COM REAPROVEITAMENTO - DEFINIR COM O FISCAL DA OBRA O LOCAL PARA ARMAZENAMENTO E ENTREGA DO MATERIAL REMOVIDO. | F21: M2 | G21: 196.74 | H21: 18.23 | I21: BDI 1 | J21: 22.26 | K21: =ROUND($G$21*$M$21,2) -> 4379.43 | L21: =ROUND($K$21/$E$6,3) -> 0 | M21: =ROUND($J$21,2) -> 22.26
A22: Serviço | B22: 2.1.3 | C22: COMPOSIÇÃO | D22: 257 | E22: REMOÇÃO DE PAR DE TRAVES DA QUADRA POLIESPORTIVA, DE FORMA MANUAL, COM REAPROVEITAMENTO - DEFINIR COM O FISCAL DA OBRA O LOCAL PARA ARMAZENAMENTO E ENTREGA DO MATERIAL REMOVIDO. | F22: CJ | G22: 1 | H22: 82.22 | I22: BDI 1 | J22: 100.41 | K22: =ROUND($G$22*$M$22,2) -> 100.41 | L22: =ROUND($K$22/$E$6,3) -> 0 | M22: =ROUND($J$22,2) -> 100.41
A23: Serviço | B23: 2.1.4 | C23: SINAPI | D23: 104790 | E23: DEMOLIÇÃO DE PISO DE CONCRETO - QUADRA EXISTENTE E PISO EQUIPAMENTOS ACADEMIA, DE FORMA MECANIZADA COM MARTELETE, SEM REAPROVEITAMENTO. AF_09/2023 | F23: M3 | G23: 43.2 | H23: 123.9 | I23: BDI 1 | J23: 151.31 | K23: =ROUND($G$23*$M$23,2) -> 6536.59 | L23: =ROUND($K$23/$E$6,3) -> 0 | M23: =ROUND($J$23,2) -> 151.31
A24: Serviço | B24: 2.1.5 | C24: COMPOSIÇÃO | D24: 258 | E24: REMOÇÃO, REINSTALAÇÃO, REPARO E PINTURA DE EQUIPAMENTOS DE ACADEMIA AO AR LIVRE, CHUMBADOS EM BLOCOS DE CONCRETO CICLÓPICO, INCLUSO ESCAVAÇÃO E CONCRETO PARA BASE, PINTURA COM TINTA ESMALTE SINTÉTICO BRILHO E SERVIÇOS DE SOLDA E SUBSTITUIÇÃO DE ENCAIXES E CORRENTES DANIFICADAS - FIXAÇÃO COMPLETA, RECOMPOSIÇÃO DO ENTORNO, LIMPEZA E LIBERAÇÃO PARA USO | F24: UN | G24: 4 | H24: 704.52 | I24: BDI 1 | J24: 860.36 | K24: =ROUND($G$24*$M$24,2) -> 3441.44 | L24: =ROUND($K$24/$E$6,3) -> 0 | M24: =ROUND($J$24,2) -> 860.36
A25: Serviço | B25: 2.1.6 | C25: COMPOSIÇÃO | D25: 259 | E25: CARGA MECANIZADA E REMOÇÃO DE ENTULHO - INCLUSIVE TRANSPORTE | F25: M3 | G25: 55.2 | H25: 12.22 | I25: BDI 1 | J25: 14.92 | K25: =ROUND($G$25*$M$25,2) -> 823.58 | L25: =ROUND($K$25/$E$6,3) -> 0 | M25: =ROUND($J$25,2) -> 14.92
A26: Nível 2 | B26: 2.2 | E26: RECOMPOSIÇÃO/REPAROS | K26: =SUBTOTAL(9, $K$27:$K$28) -> 3644.75 | L26: =ROUND($K$26/$E$6,3) -> 0 | M26: 0
A27: Serviço | B27: 2.2.1 | C27: SINAPI | D27: 103946 | E27: PLANTIO DE GRAMA ESMERALDA OU SÃO CARLOS OU CURITIBANA, EM PLACAS. AF_07/2024 | F27: M2 | G27: 50 | H27: 16.42 | I27: BDI 1 | J27: 20.05 | K27: =ROUND($G$27*$M$27,2) -> 1002.5 | L27: =ROUND($K$27/$E$6,3) -> 0 | M27: =ROUND($J$27,2) -> 20.05
A28: Serviço | B28: 2.2.2 | C28: SINAPI | D28: 92396 | E28: EXECUÇÃO DE PASSEIO EM PISO INTERTRAVADO, COM BLOCO RETANGULAR COR NATURAL DE 20 X 10 CM, ESPESSURA 6 CM. AF_10/2022 | F28: M2 | G28: 25 | H28: 86.55 | I28: BDI 1 | J28: 105.69 | K28: =ROUND($G$28*$M$28,2) -> 2642.25 | L28: =ROUND($K$28/$E$6,3) -> 0 | M28: =ROUND($J$28,2) -> 105.69
A29: Nível 1 | B29: 3 | E29: TERRAPLENAGEM - CEIM E EBM | K29: =SUBTOTAL(9, $K$30:$K$35) -> 122852.67 | L29: =ROUND($K$29/$E$6,3) -> 0.007 | M29: 0
A30: Nível 2 | B30: 3.1 | E30: TERRAPLENAGEM | K30: =SUBTOTAL(9, $K$31:$K$35) -> 122852.67 | L30: =ROUND($K$30/$E$6,3) -> 0.007 | M30: 0
A31: Serviço | B31: 3.1.1 | C31: SINAPI | D31: 98525 | E31: LIMPEZA MECANIZADA DE CAMADA VEGETAL, VEGETAÇÃO E PEQUENAS ÁRVORES (DIÂMETRO DE TRONCO MENOR QUE 0,20 M), COM TRATOR DE ESTEIRAS. AF_03/2024 | F31: M2 | G31: 7470 | H31: 0.73 | I31: BDI 1 | J31: 0.89 | K31: =ROUND($G$31*$M$31,2) -> 6648.3 | L31: =ROUND($K$31/$E$6,3) -> 0 | M31: =ROUND($J$31,2) -> 0.89
A32: Serviço | B32: 3.1.2 | C32: SINAPI | D32: 101115 | E32: ESCAVAÇÃO HORIZONTAL EM SOLO DE 1A CATEGORIA COM TRATOR DE ESTEIRAS (150HP/LÂMINA: 3,18M3). AF_07/2020 | F32: M3 | G32: 4670.68 | H32: 4.13 | I32: BDI 1 | J32: 5.04 | K32: =ROUND($G$32*$M$32,2) -> 23540.23 | L32: =ROUND($K$32/$E$6,3) -> 0.001 | M32: =ROUND($J$32,2) -> 5.04
A33: Serviço | B33: 3.1.3 | C33: SINAPI | D33: 105559 | E33: EXECUÇÃO E COMPACTAÇÃO DE CORPO DE ATERRO DE ATERRO (95% DE ENERGIA DO PROCTOR NORMAL) COM SOLO PREDOMINANTEMENTE ARGILOSO, EM CAMADAS COM ESPESSURA DE 20 CM - EXCLUSIVE ESCAVAÇÃO, CARGA E TRANSPORTE E SOLO. AF_09/2024 | F33: M3 | G33: 4198 | H33: 11.86 | I33: BDI 1 | J33: 14.48 | K33: =ROUND($G$33*$M$33,2) -> 60787.04 | L33: =ROUND($K$33/$E$6,3) -> 0.004 | M33: =ROUND($J$33,2) -> 14.48
A34: Serviço | B34: 3.1.4 | C34: SINAPI | D34: 100576 | E34: REGULARIZAÇÃO E COMPACTAÇÃO DE SUBLEITO DE SOLO PREDOMINANTEMENTE ARGILOSO, PARA OBRAS DE CONSTRUÇÃO DE PAVIMENTOS. AF_09/2024 | F34: M2 | G34: 7470 | H34: 3.22 | I34: BDI 1 | J34: 3.93 | K34: =ROUND($G$34*$M$34,2) -> 29357.1 | L34: =ROUND($K$34/$E$6,3) -> 0.002 | M34: =ROUND($J$34,2) -> 3.93
A35: Serviço | B35: 3.1.5 | C35: SICRO | D35: 5915321 | E35: Transporte com caminhão basculante de 14 m³ - rodovia pavimentada | F35: tkm | G35: 3000 | H35: 0.69 | I35: BDI 1 | J35: 0.84 | K35: =ROUND($G$35*$M$35,2) -> 2520 | L35: =ROUND($K$35/$E$6,3) -> 0 | M35: =ROUND($J$35,2) -> 0.84
A36: Nível 1 | B36: 4 | E36: CONTENÇÕES - CEIM E EBM | K36: =SUBTOTAL(9, $K$37:$K$54) -> 839215.21 | L36: =ROUND($K$36/$E$6,3) -> 0.05 | M36: 0
A37: Nível 2 | B37: 4.1 | E37: MURO DE GABIÃO | K37: =SUBTOTAL(9, $K$38:$K$39) -> 340205.47 | L37: =ROUND($K$37/$E$6,3) -> 0.02 | M37: 0
A38: Serviço | B38: 4.1.1 | C38: SINAPI | D38: 92743 | E38: MURO DE GABIÃO, ENCHIMENTO COM PEDRA DE MÃO TIPO RACHÃO, DE GRAVIDADE, COM GAIOLAS DE COMPRIMENTO IGUAL A 2 M, PARA MUROS COM ALTURA MENOR OU IGUAL A 4 M - FORNECIMENTO E EXECUÇÃO. AF_03/2024 | F38: M3 | G38: 102.5 | H38: 774.37 | I38: BDI 1 | J38: 945.66 | K38: =ROUND($G$38*$M$38,2) -> 96930.15 | L38: =ROUND($K$38/$E$6,3) -> 0.006 | M38: =ROUND($J$38,2) -> 945.66
A39: Serviço | B39: 4.1.2 | C39: SINAPI | D39: 92744 | E39: MURO DE GABIÃO, ENCHIMENTO COM PEDRA DE MÃO TIPO RACHÃO, DE GRAVIDADE, COM GAIOLAS DE COMPRIMENTO IGUAL A 5 M, PARA MUROS COM ALTURA MENOR OU IGUAL A 4 M - FORNECIMENTO E EXECUÇÃO. AF_03/2024 | F39: M3 | G39: 278.5 | H39: 715.3 | I39: BDI 1 | J39: 873.52 | K39: =ROUND($G$39*$M$39,2) -> 243275.32 | L39: =ROUND($K$39/$E$6,3) -> 0.014 | M39: =ROUND($J$39,2) -> 873.52
A40: Nível 2 | B40: 4.2 | E40: MURO DE CONCRETO | K40: =SUBTOTAL(9, $K$41:$K$49) -> 464534.85 | L40: =ROUND($K$40/$E$6,3) -> 0.028 | M40: 0
A41: Serviço | B41: 4.2.1 | C41: SINAPI | D41: 97113 | E41: APLICAÇÃO DE LONA PLÁSTICA PARA EXECUÇÃO DE PAVIMENTOS DE CONCRETO. AF_04/2022 | F41: M2 | G41: 150 | H41: 2.81 | I41: BDI 1 | J41: 3.43 | K41: =ROUND($G$41*$M$41,2) -> 514.5 | L41: =ROUND($K$41/$E$6,3) -> 0 | M41: =ROUND($J$41,2) -> 3.43
A42: Serviço | B42: 4.2.2 | C42: SINAPI | D42: 90106 | E42: ESCAVAÇÃO MECANIZADA DE VALA COM PROFUNDIDADE ATÉ 1,5 M (MÉDIA MONTANTE E JUSANTE/UMA COMPOSIÇÃO POR TRECHO), RETROESCAV. (0,26 M3), LARGURA DE 0,8 M A 1,5 M, EM SOLO DE 1A CATEGORIA, LOCAIS COM BAIXO NÍVEL DE INTERFERÊNCIA. AF_09/2024 | F42: M3 | G42: 608.7 | H42: 9.25 | I42: BDI 1 | J42: 11.3 | K42: =ROUND($G$42*$M$42,2) -> 6878.31 | L42: =ROUND($K$42/$E$6,3) -> 0 | M42: =ROUND($J$42,2) -> 11.3
A43: Serviço | B43: 4.2.3 | C43: SICRO | D43: 4805754 | E43: Compactação manual com soquete vibratório | F43: m³ | G43: 25.3 | H43: 8.33 | I43: BDI 1 | J43: 10.17 | K43: =ROUND($G$43*$M$43,2) -> 257.3 | L43: =ROUND($K$43/$E$6,3) -> 0 | M43: =ROUND($J$43,2) -> 10.17
A44: Serviço | B44: 4.2.4 | C44: SINAPI | D44: 96624 | E44: LASTRO COM MATERIAL GRANULAR (PEDRA BRITADA N.2), APLICADO EM PISOS OU LAJES SOBRE SOLO, ESPESSURA DE *10 CM*. AF_01/2024 | F44: M3 | G44: 25.3 | H44: 208.21 | I44: BDI 1 | J44: 254.27 | K44: =ROUND($G$44*$M$44,2) -> 6433.03 | L44: =ROUND($K$44/$E$6,3) -> 0 | M44: =ROUND($J$44,2) -> 254.27
A45: Serviço | B45: 4.2.5 | C45: SINAPI | D45: 100341 | E45: FABRICAÇÃO, MONTAGEM E DESMONTAGEM DE FÔRMA PARA CORTINA DE CONTENÇÃO, EM CHAPA DE MADEIRA COMPENSADA PLASTIFICADA, E = 18 MM, 10 UTILIZAÇÕES. AF_11/2024 | F45: M2 | G45: 893.4 | H45: 54.25 | I45: BDI 1 | J45: 66.25 | K45: =ROUND($G$45*$M$45,2) -> 59187.75 | L45: =ROUND($K$45/$E$6,3) -> 0.004 | M45: =ROUND($J$45,2) -> 66.25
A46: Serviço | B46: 4.2.6 | C46: SINAPI | D46: 100343 | E46: ARMAÇÃO DE CORTINA DE CONTENÇÃO EM CONCRETO ARMADO, COM AÇO CA-50 DE 8 MM - MONTAGEM. AF_11/2024 | F46: KG | G46: 2450.7 | H46: 16.11 | I46: BDI 1 | J46: 19.67 | K46: =ROUND($G$46*$M$46,2) -> 48205.27 | L46: =ROUND($K$46/$E$6,3) -> 0.003 | M46: =ROUND($J$46,2) -> 19.67
A47: Serviço | B47: 4.2.7 | C47: SINAPI | D47: 100344 | E47: ARMAÇÃO DE CORTINA DE CONTENÇÃO EM CONCRETO ARMADO, COM AÇO CA-50 DE 10 MM - MONTAGEM. AF_11/2024 | F47: KG | G47: 10026.8 | H47: 12.91 | I47: BDI 1 | J47: 15.77 | K47: =ROUND($G$47*$M$47,2) -> 158122.64 | L47: =ROUND($K$47/$E$6,3) -> 0.009 | M47: =ROUND($J$47,2) -> 15.77
A48: Serviço | B48: 4.2.8 | C48: SINAPI | D48: 100349 | E48: CONCRETAGEM DE CORTINA DE CONTENÇÃO, ATRAVÉS DE BOMBA - LANÇAMENTO, ADENSAMENTO E ACABAMENTO. AF_11/2024 | F48: M3 | G48: 172.2 | H48: 756.57 | I48: BDI 1 | J48: 923.92 | K48: =ROUND($G$48*$M$48,2) -> 159099.02 | L48: =ROUND($K$48/$E$6,3) -> 0.009 | M48: =ROUND($J$48,2) -> 923.92
A49: Serviço | B49: 4.2.9 | C49: SINAPI | D49: 98557 | E49: IMPERMEABILIZAÇÃO DE SUPERFÍCIE COM EMULSÃO ASFÁLTICA, 2 DEMÃOS. AF_09/2023 | F49: M2 | G49: 385.8 | H49: 54.84 | I49: BDI 1 | J49: 66.97 | K49: =ROUND($G$49*$M$49,2) -> 25837.03 | L49: =ROUND($K$49/$E$6,3) -> 0.002 | M49: =ROUND($J$49,2) -> 66.97
A50: Nível 2 | B50: 4.3 | E50: DRENOS DOS MUROS | K50: =SUBTOTAL(9, $K$51:$K$54) -> 34474.89 | L50: =ROUND($K$50/$E$6,3) -> 0.002 | M50: 0
A51: Serviço | B51: 4.3.1 | C51: COMPOSIÇÃO | D51: 102680B | E51: DRENO DE MURO COM LARGURA DE 30 CM E ALTURA ATÉ 1,40M, COM TUBO DE PEAD CORRUGADO PERFURADO, DN 100 MM, ENCHIMENTO COM BRITA, ENVOLVIDO COM MANTA GEOTÊXTIL. | F51: M | G51: 97.67 | H51: 112.2 | I51: BDI 1 | J51: 137.02 | K51: =ROUND($G$51*$M$51,2) -> 13382.74 | L51: =ROUND($K$51/$E$6,3) -> 0.001 | M51: =ROUND($J$51,2) -> 137.02
A52: Serviço | B52: 4.3.2 | C52: COMPOSIÇÃO | D52: 102680C | E52: DRENO DE MURO COM LARGURA DE 30 CM E ALTURA ATÉ 2,20M, COM TUBO DE PEAD CORRUGADO PERFURADO, DN 100 MM, ENCHIMENTO COM BRITA, ENVOLVIDO COM MANTA GEOTÊXTIL. | F52: M | G52: 30 | H52: 155.07 | I52: BDI 1 | J52: 189.37 | K52: =ROUND($G$52*$M$52,2) -> 5681.1 | L52: =ROUND($K$52/$E$6,3) -> 0 | M52: =ROUND($J$52,2) -> 189.37
A53: Serviço | B53: 4.3.3 | C53: COMPOSIÇÃO | D53: 102680D | E53: DRENO DE MURO COM LARGURA DE 30 CM E ALTURA ATÉ 2,80M, COM TUBO DE PEAD CORRUGADO PERFURADO, DN 100 MM, ENCHIMENTO COM BRITA, ENVOLVIDO COM MANTA GEOTÊXTIL. | F53: M | G53: 55 | H53: 187.23 | I53: BDI 1 | J53: 228.65 | K53: =ROUND($G$53*$M$53,2) -> 12575.75 | L53: =ROUND($K$53/$E$6,3) -> 0.001 | M53: =ROUND($J$53,2) -> 228.65
A54: Serviço | B54: 4.3.4 | C54: SINAPI | D54: 102989 | E54: CANALETA MEIA CANA PRÉ-MOLDADA DE CONCRETO (D = 20 CM) - FORNECIMENTO E INSTALAÇÃO. AF_05/2025 | F54: M | G54: 65 | H54: 35.72 | I54: BDI 1 | J54: 43.62 | K54: =ROUND($G$54*$M$54,2) -> 2835.3 | L54: =ROUND($K$54/$E$6,3) -> 0 | M54: =ROUND($J$54,2) -> 43.62
A55: Nível 1 | B55: 5 | E55: CEIM - TIPO 01 | K55: =SUBTOTAL(9, $K$56:$K$555) -> 4717264.8 | L55: =ROUND($K$55/$E$6,3) -> 0.281 | M55: 0
A56: Nível 2 | B56: 5.1 | E56: MOVIMENTAÇÃO DE TERRA PARA FUNDAÇÕES | K56: =SUBTOTAL(9, $K$57:$K$60) -> 33448.71 | L56: =ROUND($K$56/$E$6,3) -> 0.002 | M56: 0
A57: Nível 3 | B57: 5.1.1 | E57: EDIFICAÇÃO | K57: =SUBTOTAL(9, $K$58:$K$60) -> 33448.71 | L57: =ROUND($K$57/$E$6,3) -> 0.002 | M57: 0
A58: Serviço | B58: 5.1.1.1 | C58: SINAPI | D58: 96521 | E58: ESCAVAÇÃO MECANIZADA PARA BLOCO DE COROAMENTO OU SAPATA COM RETROESCAVADEIRA (INCLUINDO ESCAVAÇÃO PARA COLOCAÇÃO DE FÔRMAS). AF_01/2024 | F58: M3 | G58: 369.32 | H58: 46.32 | I58: BDI 1 | J58: 56.57 | K58: =ROUND($G$58*$M$58,2) -> 20892.43 | L58: =ROUND($K$58/$E$6,3) -> 0.001 | M58: =ROUND($J$58,2) -> 56.57
A59: Serviço | B59: 5.1.1.2 | C59: SINAPI | D59: 101617 | E59: PREPARO DE FUNDO DE VALA (ACERTO DO SOLO NATURAL) | F59: M2 | G59: 201.08 | H59: 4.29 | I59: BDI 1 | J59: 5.24 | K59: =ROUND($G$59*$M$59,2) -> 1053.66 | L59: =ROUND($K$59/$E$6,3) -> 0 | M59: =ROUND($J$59,2) -> 5.24
A60: Serviço | B60: 5.1.1.3 | C60: COMPOSIÇÃO | D60: 263 | E60: REATERRO MECANIZADO DE VALA COM MINICARREGADEIRA, COM COMPACTADOR DE SOLOS DE PERCUSSÃO. | F60: M3 | G60: 294.26 | H60: 32.01 | I60: BDI 1 | J60: 39.09 | K60: =ROUND($G$60*$M$60,2) -> 11502.62 | L60: =ROUND($K$60/$E$6,3) -> 0.001 | M60: =ROUND($J$60,2) -> 39.09
A61: Nível 2 | B61: 5.2 | E61: FUNDAÇÕES | K61: =SUBTOTAL(9, $K$62:$K$85) -> 299427.89 | L61: =ROUND($K$61/$E$6,3) -> 0.018 | M61: 0
A62: Nível 3 | B62: 5.2.1 | E62: ESTACAS | K62: =SUBTOTAL(9, $K$63:$K$67) -> 96141.36 | L62: =ROUND($K$62/$E$6,3) -> 0.006 | M62: 0
A63: Serviço | B63: 5.2.1.1 | C63: COMPOSIÇÃO | D63: EST30 | E63: ESTACA ESCAVADA MECANICAMENTE, SEM FLUIDO ESTABILIZANTE, COM 30 CM DE DIÂMETRO, CONCRETO LANÇADO POR CAMINHÃO BETONEIRA. ARMADURA NÃO INCLUSA. | F63: M | G63: 199.5 | H63: 78.37 | I63: BDI 1 | J63: 95.71 | K63: =ROUND($G$63*$M$63,2) -> 19094.15 | L63: =ROUND($K$63/$E$6,3) -> 0.001 | M63: =ROUND($J$63,2) -> 95.71
A64: Serviço | B64: 5.2.1.2 | C64: COMPOSIÇÃO | D64: EST40 | E64: ESTACA ESCAVADA MECANICAMENTE, SEM FLUIDO ESTABILIZANTE, COM 40 CM DE DIÂMETRO, CONCRETO LANÇADO POR CAMINHÃO BETONEIRA. ARMADURA NÃO INCLUSA. | F64: M | G64: 287 | H64: 116.49 | I64: BDI 1 | J64: 142.26 | K64: =ROUND($G$64*$M$64,2) -> 40828.62 | L64: =ROUND($K$64/$E$6,3) -> 0.002 | M64: =ROUND($J$64,2) -> 142.26
A65: Serviço | B65: 5.2.1.3 | C65: SINAPI | D65: 95583 | E65: MONTAGEM DE ARMADURA TRANSVERSAL DE ESTACAS DE SEÇÃO CIRCULAR, DIÂMETRO = 5,0 MM. AF_09/2021_PS | F65: KG | G65: 594.7 | H65: 17.69 | I65: BDI 1 | J65: 21.6 | K65: =ROUND($G$65*$M$65,2) -> 12845.52 | L65: =ROUND($K$65/$E$6,3) -> 0.001 | M65: =ROUND($J$65,2) -> 21.6
A66: Serviço | B66: 5.2.1.4 | C66: SINAPI | D66: 95577 | E66: MONTAGEM DE ARMADURA DE ESTACAS, DIÂMETRO = 10,0 MM. AF_09/2021_PS | F66: KG | G66: 1677.9 | H66: 10.71 | I66: BDI 1 | J66: 13.08 | K66: =ROUND($G$66*$M$66,2) -> 21946.93 | L66: =ROUND($K$66/$E$6,3) -> 0.001 | M66: =ROUND($J$66,2) -> 13.08
A67: Serviço | B67: 5.2.1.5 | C67: SINAPI | D67: 95601 | E67: ARRASAMENTO MECANICO DE ESTACA DE CONCRETO ARMADO, DIAMETROS DE ATÉ 40 CM. AF_05/2021 | F67: UN | G67: 114 | H67: 10.24 | I67: BDI 1 | J67: 12.51 | K67: =ROUND($G$67*$M$67,2) -> 1426.14 | L67: =ROUND($K$67/$E$6,3) -> 0 | M67: =ROUND($J$67,2) -> 12.51
A68: Nível 3 | B68: 5.2.2 | E68: BLOCOS | K68: =SUBTOTAL(9, $K$69:$K$76) -> 79312.58 | L68: =ROUND($K$68/$E$6,3) -> 0.005 | M68: 0
A69: Serviço | B69: 5.2.2.1 | C69: SINAPI | D69: 96621 | E69: LASTRO COM MATERIAL GRANULAR, APLICAÇÃO EM BLOCOS DE COROAMENTO, ESPESSURA DE *5 CM*. AF_01/2024 | F69: M3 | G69: 2.4 | H69: 264.68 | I69: BDI 1 | J69: 323.23 | K69: =ROUND($G$69*$M$69,2) -> 775.75 | L69: =ROUND($K$69/$E$6,3) -> 0 | M69: =ROUND($J$69,2) -> 323.23
A70: Serviço | B70: 5.2.2.2 | C70: SINAPI | D70: 96534 | E70: FABRICAÇÃO, MONTAGEM E DESMONTAGEM DE FÔRMA PARA BLOCO DE COROAMENTO, EM MADEIRA SERRADA, E=25 MM, 4 UTILIZAÇÕES. AF_01/2024 | F70: M2 | G70: 170.7 | H70: 90.85 | I70: BDI 1 | J70: 110.95 | K70: =ROUND($G$70*$M$70,2) -> 18939.17 | L70: =ROUND($K$70/$E$6,3) -> 0.001 | M70: =ROUND($J$70,2) -> 110.95
A71: Serviço | B71: 5.2.2.3 | C71: SINAPI | D71: 96543 | E71: ARMAÇÃO DE BLOCO UTILIZANDO AÇO CA-60 DE 5 MM - MONTAGEM. AF_01/2024 | F71: KG | G71: 374.2 | H71: 22.74 | I71: BDI 1 | J71: 27.77 | K71: =ROUND($G$71*$M$71,2) -> 10391.53 | L71: =ROUND($K$71/$E$6,3) -> 0.001 | M71: =ROUND($J$71,2) -> 27.77
A72: Serviço | B72: 5.2.2.4 | C72: SINAPI | D72: 96546 | E72: ARMAÇÃO DE BLOCO UTILIZANDO AÇO CA-50 DE 10 MM - MONTAGEM. AF_01/2024 | F72: KG | G72: 684.24 | H72: 14.96 | I72: BDI 1 | J72: 18.27 | K72: =ROUND($G$72*$M$72,2) -> 12501.06 | L72: =ROUND($K$72/$E$6,3) -> 0.001 | M72: =ROUND($J$72,2) -> 18.27
A73: Serviço | B73: 5.2.2.5 | C73: SINAPI | D73: 104920 | E73: ARMAÇÃO DE BLOCO, SAPATA ISOLADA, VIGA BALDRAME E SAPATA CORRIDA UTILIZANDO AÇO CA-50 DE 12,5 MM - MONTAGEM. AF_01/2024 | F73: KG | G73: 273.4 | H73: 11.23 | I73: BDI 1 | J73: 13.71 | K73: =ROUND($G$73*$M$73,2) -> 3748.31 | L73: =ROUND($K$73/$E$6,3) -> 0 | M73: =ROUND($J$73,2) -> 13.71
A74: Serviço | B74: 5.2.2.6 | C74: SINAPI | D74: 104922 | E74: ARMAÇÃO DE BLOCO, SAPATA ISOLADA E SAPATA CORRIDA UTILIZANDO AÇO CA-50 DE 20 MM - MONTAGEM. AF_01/2024 | F74: KG | G74: 214.05 | H74: 11.24 | I74: BDI 1 | J74: 13.73 | K74: =ROUND($G$74*$M$74,2) -> 2938.91 | L74: =ROUND($K$74/$E$6,3) -> 0 | M74: =ROUND($J$74,2) -> 13.73
A75: Serviço | B75: 5.2.2.7 | C75: COMPOSIÇÃO | D75: 262 | E75: CONCRETO USINADO BOMBEAVEL, CLASSE DE RESISTENCIA C25, COM BRITA 0 E 1, SLUMP = 100 +/- 20 MM - INCLUSO SERVIÇO DE LANÇAMENTO, ADENSAMENTO E ACABAMENTO | F75: M3 | G75: 30.7 | H75: 742.39 | I75: BDI 1 | J75: 906.61 | K75: =ROUND($G$75*$M$75,2) -> 27832.93 | L75: =ROUND($K$75/$E$6,3) -> 0.002 | M75: =ROUND($J$75,2) -> 906.61
A76: Serviço | B76: 5.2.2.8 | C76: SINAPI-I | D76: 44535 | E76: SERVICO DE BOMBEAMENTO DE CONCRETO COM CONSUMO MINIMO DE 40 M3, (DISPONIBILIZACAO DE BOMBA), SEM O LANCAMENTO | F76: M3 | G76: 30.7 | H76: 58.28 | I76: BDI 1 | J76: 71.17 | K76: =ROUND($G$76*$M$76,2) -> 2184.92 | L76: =ROUND($K$76/$E$6,3) -> 0 | M76: =ROUND($J$76,2) -> 71.17
A77: Nível 3 | B77: 5.2.3 | E77: VIGAS BALDRAME | K77: =SUBTOTAL(9, $K$78:$K$85) -> 123973.95 | L77: =ROUND($K$77/$E$6,3) -> 0.007 | M77: 0
A78: Serviço | B78: 5.2.3.1 | C78: COMPOSIÇÃO | D78: 01 | E78: LASTRO COM MATERIAL GRANULAR (PEDRA BRITADA N.1 E PEDRA BRITADA N.2), ESPESSURA DE 5 CM. | F78: M3 | G78: 4.99 | H78: 207.48 | I78: BDI 1 | J78: 253.37 | K78: =ROUND($G$78*$M$78,2) -> 1264.32 | L78: =ROUND($K$78/$E$6,3) -> 0 | M78: =ROUND($J$78,2) -> 253.37
A79: Serviço | B79: 5.2.3.2 | C79: SINAPI | D79: 96536 | E79: FABRICAÇÃO, MONTAGEM E DESMONTAGEM DE FÔRMA PARA VIGA BALDRAME, EM MADEIRA SERRADA, E=25 MM, 4 UTILIZAÇÕES. AF_01/2024 | F79: M2 | G79: 593.99 | H79: 77.91 | I79: BDI 1 | J79: 95.14 | K79: =ROUND($G$79*$M$79,2) -> 56512.21 | L79: =ROUND($K$79/$E$6,3) -> 0.003 | M79: =ROUND($J$79,2) -> 95.14
A80: Serviço | B80: 5.2.3.3 | C80: SINAPI | D80: 104917 | E80: ARMAÇÃO DE SAPATA ISOLADA, VIGA BALDRAME E SAPATA CORRIDA UTILIZANDO AÇO CA-50 DE 6,3 MM - MONTAGEM. AF_01/2024 | F80: KG | G80: 0.17 | H80: 16.75 | I80: BDI 1 | J80: 20.46 | K80: =ROUND($G$80*$M$80,2) -> 3.48 | L80: =ROUND($K$80/$E$6,3) -> 0 | M80: =ROUND($J$80,2) -> 20.46
A81: Serviço | B81: 5.2.3.4 | C81: SINAPI | D81: 104918 | E81: ARMAÇÃO DE SAPATA ISOLADA, VIGA BALDRAME E SAPATA CORRIDA UTILIZANDO AÇO CA-50 DE 8 MM - MONTAGEM. AF_01/2024 | F81: KG | G81: 804.86 | H81: 15.15 | I81: BDI 1 | J81: 18.5 | K81: =ROUND($G$81*$M$81,2) -> 14889.91 | L81: =ROUND($K$81/$E$6,3) -> 0.001 | M81: =ROUND($J$81,2) -> 18.5
A82: Serviço | B82: 5.2.3.5 | C82: SINAPI | D82: 104919 | E82: ARMAÇÃO DE SAPATA ISOLADA, VIGA BALDRAME E SAPATA CORRIDA UTILIZANDO AÇO CA-50 DE 10 MM - MONTAGEM. AF_01/2024 | F82: KG | G82: 88.18 | H82: 13.32 | I82: BDI 1 | J82: 16.27 | K82: =ROUND($G$82*$M$82,2) -> 1434.69 | L82: =ROUND($K$82/$E$6,3) -> 0 | M82: =ROUND($J$82,2) -> 16.27
A83: Serviço | B83: 5.2.3.6 | C83: SINAPI | D83: 104920 | E83: ARMAÇÃO DE BLOCO, SAPATA ISOLADA, VIGA BALDRAME E SAPATA CORRIDA UTILIZANDO AÇO CA-50 DE 12,5 MM - MONTAGEM. AF_01/2024 | F83: KG | G83: 24.33 | H83: 11.23 | I83: BDI 1 | J83: 13.71 | K83: =ROUND($G$83*$M$83,2) -> 333.56 | L83: =ROUND($K$83/$E$6,3) -> 0 | M83: =ROUND($J$83,2) -> 13.71
A84: Serviço | B84: 5.2.3.7 | C84: SINAPI | D84: 104916 | E84: ARMAÇÃO DE SAPATA ISOLADA, VIGA BALDRAME E SAPATA CORRIDA UTILIZANDO AÇO CA-60 DE 5 MM - MONTAGEM. AF_01/2024 | F84: KG | G84: 405.01 | H84: 18.65 | I84: BDI 1 | J84: 22.78 | K84: =ROUND($G$84*$M$84,2) -> 9226.13 | L84: =ROUND($K$84/$E$6,3) -> 0.001 | M84: =ROUND($J$84,2) -> 22.78
A85: Serviço | B85: 5.2.3.8 | C85: SINAPI | D85: 96557 | E85: CONCRETAGEM DE BLOCO DE COROAMENTO OU VIGA BALDRAME, FCK 30 MPA, COM USO DE BOMBA - LANÇAMENTO, ADENSAMENTO E ACABAMENTO. AF_01/2024 | F85: M3 | G85: 39.96 | H85: 826.03 | I85: BDI 1 | J85: 1008.75 | K85: =ROUND($G$85*$M$85,2) -> 40309.65 | L85: =ROUND($K$85/$E$6,3) -> 0.002 | M85: =ROUND($J$85,2) -> 1008.75
A86: Nível 2 | B86: 5.3 | E86: SUPERESTRUTURA | K86: =SUBTOTAL(9, $K$87:$K$113) -> 287661.15 | L86: =ROUND($K$86/$E$6,3) -> 0.017 | M86: 0
A87: Nível 3 | B87: 5.3.1 | E87: CONCRETO ARMADO - PILARES | K87: =SUBTOTAL(9, $K$88:$K$92) -> 105677.59 | L87: =ROUND($K$87/$E$6,3) -> 0.006 | M87: 0
A88: Serviço | B88: 5.3.1.1 | C88: SINAPI | D88: 92443 | E88: MONTAGEM E DESMONTAGEM DE FÔRMA DE PILARES RETANGULARES E ESTRUTURAS SIMILARES, PÉ-DIREITO SIMPLES, EM CHAPA DE MADEIRA COMPENSADA PLASTIFICADA, 18 UTILIZAÇÕES. AF_09/2020 | F88: M2 | G88: 510.21 | H88: 74.42 | I88: BDI 1 | J88: 90.88 | K88: =ROUND($G$88*$M$88,2) -> 46367.88 | L88: =ROUND($K$88/$E$6,3) -> 0.003 | M88: =ROUND($J$88,2) -> 90.88
A89: Serviço | B89: 5.3.1.2 | C89: SINAPI | D89: 92762 | E89: ARMAÇÃO DE PILAR OU VIGA DE ESTRUTURA CONVENCIONAL DE CONCRETO ARMADO UTILIZANDO AÇO CA-50 DE 10,0 MM - MONTAGEM. AF_06/2022 | F89: KG | G89: 1057.5 | H89: 11.15 | I89: BDI 1 | J89: 13.62 | K89: =ROUND($G$89*$M$89,2) -> 14403.15 | L89: =ROUND($K$89/$E$6,3) -> 0.001 | M89: =ROUND($J$89,2) -> 13.62
A90: Serviço | B90: 5.3.1.3 | C90: SINAPI | D90: 92763 | E90: ARMAÇÃO DE PILAR OU VIGA DE ESTRUTURA CONVENCIONAL DE CONCRETO ARMADO UTILIZANDO AÇO CA-50 DE 12,5 MM - MONTAGEM. AF_06/2022 | F90: KG | G90: 657.88 | H90: 9.28 | I90: BDI 1 | J90: 11.33 | K90: =ROUND($G$90*$M$90,2) -> 7453.78 | L90: =ROUND($K$90/$E$6,3) -> 0 | M90: =ROUND($J$90,2) -> 11.33
A91: Serviço | B91: 5.3.1.4 | C91: SINAPI | D91: 92759 | E91: ARMAÇÃO DE PILAR OU VIGA DE ESTRUTURA CONVENCIONAL DE CONCRETO ARMADO UTILIZANDO AÇO CA-60 DE 5,0 MM - MONTAGEM. AF_06/2022 | F91: KG | G91: 627.66 | H91: 15.28 | I91: BDI 1 | J91: 18.66 | K91: =ROUND($G$91*$M$91,2) -> 11712.14 | L91: =ROUND($K$91/$E$6,3) -> 0.001 | M91: =ROUND($J$91,2) -> 18.66
A92: Serviço | B92: 5.3.1.5 | C92: SINAPI | D92: 103672 | E92: CONCRETAGEM DE PILARES, FCK = 25 MPA, COM USO DE BOMBA - LANÇAMENTO, ADENSAMENTO E ACABAMENTO. AF_02/2022_PS | F92: M3 | G92: 28.15 | H92: 748.78 | I92: BDI 1 | J92: 914.41 | K92: =ROUND($G$92*$M$92,2) -> 25740.64 | L92: =ROUND($K$92/$E$6,3) -> 0.002 | M92: =ROUND($J$92,2) -> 914.41
A93: Nível 3 | B93: 5.3.2 | E93: CONCRETO ARMADO - VIGAS | K93: =SUBTOTAL(9, $K$94:$K$99) -> 133194.85 | L93: =ROUND($K$93/$E$6,3) -> 0.008 | M93: 0
A94: Serviço | B94: 5.3.2.1 | C94: SINAPI | D94: 92479 | E94: MONTAGEM E DESMONTAGEM DE FÔRMA DE VIGA, ESCORAMENTO COM GARFO DE MADEIRA, PÉ-DIREITO SIMPLES, EM CHAPA DE MADEIRA PLASTIFICADA, 18 UTILIZAÇÕES. AF_09/2020 | F94: M2 | G94: 597.12 | H94: 85.91 | I94: BDI 1 | J94: 104.91 | K94: =ROUND($G$94*$M$94,2) -> 62643.86 | L94: =ROUND($K$94/$E$6,3) -> 0.004 | M94: =ROUND($J$94,2) -> 104.91
A95: Serviço | B95: 5.3.2.2 | C95: SINAPI | D95: 92761 | E95: ARMAÇÃO DE PILAR OU VIGA DE ESTRUTURA CONVENCIONAL DE CONCRETO ARMADO UTILIZANDO AÇO CA-50 DE 8,0 MM - MONTAGEM. AF_06/2022 | F95: KG | G95: 1058.64 | H95: 12.71 | I95: BDI 1 | J95: 15.52 | K95: =ROUND($G$95*$M$95,2) -> 16430.09 | L95: =ROUND($K$95/$E$6,3) -> 0.001 | M95: =ROUND($J$95,2) -> 15.52
A96: Serviço | B96: 5.3.2.3 | C96: SINAPI | D96: 92762 | E96: ARMAÇÃO DE PILAR OU VIGA DE ESTRUTURA CONVENCIONAL DE CONCRETO ARMADO UTILIZANDO AÇO CA-50 DE 10,0 MM - MONTAGEM. AF_06/2022 | F96: KG | G96: 62.37 | H96: 11.15 | I96: BDI 1 | J96: 13.62 | K96: =ROUND($G$96*$M$96,2) -> 849.48 | L96: =ROUND($K$96/$E$6,3) -> 0 | M96: =ROUND($J$96,2) -> 13.62
A97: Serviço | B97: 5.3.2.4 | C97: SINAPI | D97: 92763 | E97: ARMAÇÃO DE PILAR OU VIGA DE ESTRUTURA CONVENCIONAL DE CONCRETO ARMADO UTILIZANDO AÇO CA-50 DE 12,5 MM - MONTAGEM. AF_06/2022 | F97: KG | G97: 7.16 | H97: 9.28 | I97: BDI 1 | J97: 11.33 | K97: =ROUND($G$97*$M$97,2) -> 81.12 | L97: =ROUND($K$97/$E$6,3) -> 0 | M97: =ROUND($J$97,2) -> 11.33
A98: Serviço | B98: 5.3.2.5 | C98: SINAPI | D98: 92759 | E98: ARMAÇÃO DE PILAR OU VIGA DE ESTRUTURA CONVENCIONAL DE CONCRETO ARMADO UTILIZANDO AÇO CA-60 DE 5,0 MM - MONTAGEM. AF_06/2022 | F98: KG | G98: 871.09 | H98: 15.28 | I98: BDI 1 | J98: 18.66 | K98: =ROUND($G$98*$M$98,2) -> 16254.54 | L98: =ROUND($K$98/$E$6,3) -> 0.001 | M98: =ROUND($J$98,2) -> 18.66
A99: Serviço | B99: 5.3.2.6 | C99: SINAPI | D99: 103675 | E99: CONCRETAGEM DE VIGAS E LAJES, FCK=25 MPA, PARA LAJES MACIÇAS OU NERVURADAS COM USO DE BOMBA - LANÇAMENTO, ADENSAMENTO E ACABAMENTO. AF_02/2022_PS | F99: M3 | G99: 40.3 | H99: 750.51 | I99: BDI 1 | J99: 916.52 | K99: =ROUND($G$99*$M$99,2) -> 36935.76 | L99: =ROUND($K$99/$E$6,3) -> 0.002 | M99: =ROUND($J$99,2) -> 916.52
A100: Nível 3 | B100: 5.3.3 | E100: CONCRETO ARMADO PARA VERGAS | K100: =SUBTOTAL(9, $K$101:$K$101) -> 41088.68 | L100: =ROUND($K$100/$E$6,3) -> 0.002 | M100: 0
...

Sheet Cronograma
A1: NÃO É NECESSÁRIO ALTERAR O CRONOGRAMA, PORÉM, É POSSÍVEL EDITAR AS PORCENTAGENS NAS CÉLULAS AMARELAS.
A2: CRONOGRAMA FÍSICO-FINANCEIRO
A3: Obra: CEIM E EBM VEDERTI
A4: Local: RUA MUNIR IBRAHIM, BAIRRO AUTÓDROMO, LOTEAMENTO VEDERTI - CHAPECÓ - SC
A5: Área: 5121,41 m2
A7: ITEM | B7: DESCRIÇÃO | C7: PREÇO | D7: % | E7: 1 | G7: 2 | I7: 3 | K7: 4 | M7: 5 | O7: 6 | Q7: 7 | S7: 8 | U7: 9 | W7: 10 | Y7: 11 | AA7: 12 | AC7: 13 | AE7: 14 | AG7: 15 | AI7: 16 | AK7: 17 | AM7: 18 | AO7: 19 | AQ7: 20 | AS7: 21 | AU7: 22 | AW7: 23 | AY7: 24 | BA7: 25 | BC7: 26 | BE7: 27 | BG7: 28 | BI7: 29 | BK7: 30 | BM7: 31 | BO7: 32 | BQ7: 33 | BS7: 34 | BU7: 35 | BW7: 36 | BY7: 37 | CA7: 38 | CC7: 39 | CE7: 40 | CG7: 41 | CI7: 42 | CK7: 43 | CM7: 44 | CO7: 45 | CQ7: 46 | CS7: 47 | CU7: 48 | CW7: 49 | CY7: 50 | DA7: 51 | DC7: 52 | DE7: 53 | DG7: 54 | DI7: 55 | DK7: 56 | DM7: 57 | DO7: 58 | DQ7: 59 | DS7: 60
E8: % | F8: R$ | G8: % | H8: R$ | I8: % | J8: R$ | K8: % | L8: R$ | M8: % | N8: R$ | O8: % | P8: R$ | Q8: % | R8: R$ | S8: % | T8: R$ | U8: % | V8: R$ | W8: % | X8: R$ | Y8: % | Z8: R$ | AA8: % | AB8: R$ | AC8: % | AD8: R$ | AE8: % | AF8: R$ | AG8: % | AH8: R$ | AI8: % | AJ8: R$ | AK8: % | AL8: R$ | AM8: % | AN8: R$ | AO8: % | AP8: R$ | AQ8: % | AR8: R$ | AS8: % | AT8: R$ | AU8: % | AV8: R$ | AW8: % | AX8: R$ | AY8: % | AZ8: R$ | BA8: % | BB8: R$ | BC8: % | BD8: R$ | BE8: % | BF8: R$ | BG8: % | BH8: R$ | BI8: % | BJ8: R$ | BK8: % | BL8: R$ | BM8: % | BN8: R$ | BO8: % | BP8: R$ | BQ8: % | BR8: R$ | BS8: % | BT8: R$ | BU8: % | BV8: R$ | BW8: % | BX8: R$ | BY8: % | BZ8: R$ | CA8: % | CB8: R$ | CC8: % | CD8: R$ | CE8: % | CF8: R$ | CG8: % | CH8: R$ | CI8: % | CJ8: R$ | CK8: % | CL8: R$ | CM8: % | CN8: R$ | CO8: % | CP8: R$ | CQ8: % | CR8: R$ | CS8: % | CT8: R$ | CU8: % | CV8: R$ | CW8: % | CX8: R$ | CY8: % | CZ8: R$ | DA8: % | DB8: R$ | DC8: % | DD8: R$ | DE8: % | DF8: R$ | DG8: % | DH8: R$ | DI8: % | DJ8: R$ | DK8: % | DL8: R$ | DM8: % | DN8: R$ | DO8: % | DP8: R$ | DQ8: % | DR8: R$ | DS8: % | DT8: R$
A9: 1.1 | B9: SERVIÇOS PRELIMINARES - CEIM E EBM - CANTEIRO DE OBRAS | C9: =Orçamento!$K$9 -> 237397.35 | D9: =ROUND($C$9/$C$72,5) -> 0.01414 | E9: 0.4 | F9: =E9*$C9 -> 94958.94 | G9: 0.5 | H9: =G9*$C9 -> 118698.68 | I9: 0.1 | J9: =I9*$C9 -> 23739.735 | L9: =K9*$C9 -> 0 | N9: =M9*$C9 -> 0 | P9: =O9*$C9 -> 0 | R9: =Q9*$C9 -> 0 | T9: =S9*$C9 -> 0 | V9: =U9*$C9 -> 0 | X9: =W9*$C9 -> 0 | Z9: =Y9*$C9 -> 0 | AB9: =AA9*$C9 -> 0 | AD9: =AC9*$C9 -> 0 | AF9: =AE9*$C9 -> 0 | AH9: =AG9*$C9 -> 0 | AJ9: =AI9*$C9 -> 0 | AL9: =AK9*$C9 -> 0 | AN9: =AM9*$C9 -> 0 | AP9: =AO9*$C9 -> 0 | AR9: =AQ9*$C9 -> 0 | AT9: =AS9*$C9 -> 0 | AV9: =AU9*$C9 -> 0 | AX9: =AW9*$C9 -> 0 | AZ9: =AY9*$C9 -> 0 | BB9: =BA9*$C9 -> 0 | BD9: =BC9*$C9 -> 0 | BF9: =BE9*$C9 -> 0 | BH9: =BG9*$C9 -> 0 | BJ9: =BI9*$C9 -> 0 | BL9: =BK9*$C9 -> 0 | BN9: =BM9*$C9 -> 0 | BP9: =BO9*$C9 -> 0 | BR9: =BQ9*$C9 -> 0 | BT9: =BS9*$C9 -> 0 | BV9: =BU9*$C9 -> 0 | BX9: =BW9*$C9 -> 0 | BZ9: =BY9*$C9 -> 0 | CB9: =CA9*$C9 -> 0 | CD9: =CC9*$C9 -> 0 | CF9: =CE9*$C9 -> 0 | CH9: =CG9*$C9 -> 0 | CJ9: =CI9*$C9 -> 0 | CL9: =CK9*$C9 -> 0 | CN9: =CM9*$C9 -> 0 | CP9: =CO9*$C9 -> 0 | CR9: =CQ9*$C9 -> 0 | CT9: =CS9*$C9 -> 0 | CV9: =CU9*$C9 -> 0 | CX9: =CW9*$C9 -> 0 | CZ9: =CY9*$C9 -> 0 | DB9: =DA9*$C9 -> 0 | DD9: =DC9*$C9 -> 0 | DF9: =DE9*$C9 -> 0 | DH9: =DG9*$C9 -> 0 | DJ9: =DI9*$C9 -> 0 | DL9: =DK9*$C9 -> 0 | DN9: =DM9*$C9 -> 0 | DP9: =DO9*$C9 -> 0 | DR9: =DQ9*$C9 -> 0 | DT9: =DS9*$C9 -> 0
A10: 2.1 | B10: INTERVENÇÃO - PRAÇA VEDERTI - DEMOLIÇÕES E RETIRADAS | C10: =Orçamento!$K$19 -> 16161.65 | D10: =ROUND($C$10/$C$72,5) -> 0.00096 | E10: 0.75 | F10: =E10*$C10 -> 12121.238 | G10: 0.25 | H10: =G10*$C10 -> 4040.4125 | J10: =I10*$C10 -> 0 | L10: =K10*$C10 -> 0 | N10: =M10*$C10 -> 0 | P10: =O10*$C10 -> 0 | R10: =Q10*$C10 -> 0 | T10: =S10*$C10 -> 0 | V10: =U10*$C10 -> 0 | X10: =W10*$C10 -> 0 | Z10: =Y10*$C10 -> 0 | AB10: =AA10*$C10 -> 0 | AD10: =AC10*$C10 -> 0 | AF10: =AE10*$C10 -> 0 | AH10: =AG10*$C10 -> 0 | AJ10: =AI10*$C10 -> 0 | AL10: =AK10*$C10 -> 0 | AN10: =AM10*$C10 -> 0 | AP10: =AO10*$C10 -> 0 | AR10: =AQ10*$C10 -> 0 | AT10: =AS10*$C10 -> 0 | AV10: =AU10*$C10 -> 0 | AX10: =AW10*$C10 -> 0 | AZ10: =AY10*$C10 -> 0 | BB10: =BA10*$C10 -> 0 | BD10: =BC10*$C10 -> 0 | BF10: =BE10*$C10 -> 0 | BH10: =BG10*$C10 -> 0 | BJ10: =BI10*$C10 -> 0 | BL10: =BK10*$C10 -> 0 | BN10: =BM10*$C10 -> 0 | BP10: =BO10*$C10 -> 0 | BR10: =BQ10*$C10 -> 0 | BT10: =BS10*$C10 -> 0 | BV10: =BU10*$C10 -> 0 | BX10: =BW10*$C10 -> 0 | BZ10: =BY10*$C10 -> 0 | CB10: =CA10*$C10 -> 0 | CD10: =CC10*$C10 -> 0 | CF10: =CE10*$C10 -> 0 | CH10: =CG10*$C10 -> 0 | CJ10: =CI10*$C10 -> 0 | CL10: =CK10*$C10 -> 0 | CN10: =CM10*$C10 -> 0 | CP10: =CO10*$C10 -> 0 | CR10: =CQ10*$C10 -> 0 | CT10: =CS10*$C10 -> 0 | CV10: =CU10*$C10 -> 0 | CX10: =CW10*$C10 -> 0 | CZ10: =CY10*$C10 -> 0 | DB10: =DA10*$C10 -> 0 | DD10: =DC10*$C10 -> 0 | DF10: =DE10*$C10 -> 0 | DH10: =DG10*$C10 -> 0 | DJ10: =DI10*$C10 -> 0 | DL10: =DK10*$C10 -> 0 | DN10: =DM10*$C10 -> 0 | DP10: =DO10*$C10 -> 0 | DR10: =DQ10*$C10 -> 0 | DT10: =DS10*$C10 -> 0
A11: 2.2 | B11: INTERVENÇÃO - PRAÇA VEDERTI - RECOMPOSIÇÃO/REPAROS | C11: =Orçamento!$K$26 -> 3644.75 | D11: =ROUND($C$11/$C$72,5) -> 0.00022 | F11: =E11*$C11 -> 0 | H11: =G11*$C11 -> 0 | I11: 1 | J11: =I11*$C11 -> 3644.75 | L11: =K11*$C11 -> 0 | N11: =M11*$C11 -> 0 | P11: =O11*$C11 -> 0 | R11: =Q11*$C11 -> 0 | T11: =S11*$C11 -> 0 | V11: =U11*$C11 -> 0 | X11: =W11*$C11 -> 0 | Z11: =Y11*$C11 -> 0 | AB11: =AA11*$C11 -> 0 | AD11: =AC11*$C11 -> 0 | AF11: =AE11*$C11 -> 0 | AH11: =AG11*$C11 -> 0 | AJ11: =AI11*$C11 -> 0 | AL11: =AK11*$C11 -> 0 | AN11: =AM11*$C11 -> 0 | AP11: =AO11*$C11 -> 0 | AR11: =AQ11*$C11 -> 0 | AT11: =AS11*$C11 -> 0 | AV11: =AU11*$C11 -> 0 | AX11: =AW11*$C11 -> 0 | AZ11: =AY11*$C11 -> 0 | BB11: =BA11*$C11 -> 0 | BD11: =BC11*$C11 -> 0 | BF11: =BE11*$C11 -> 0 | BH11: =BG11*$C11 -> 0 | BJ11: =BI11*$C11 -> 0 | BL11: =BK11*$C11 -> 0 | BN11: =BM11*$C11 -> 0 | BP11: =BO11*$C11 -> 0 | BR11: =BQ11*$C11 -> 0 | BT11: =BS11*$C11 -> 0 | BV11: =BU11*$C11 -> 0 | BX11: =BW11*$C11 -> 0 | BZ11: =BY11*$C11 -> 0 | CB11: =CA11*$C11 -> 0 | CD11: =CC11*$C11 -> 0 | CF11: =CE11*$C11 -> 0 | CH11: =CG11*$C11 -> 0 | CJ11: =CI11*$C11 -> 0 | CL11: =CK11*$C11 -> 0 | CN11: =CM11*$C11 -> 0 | CP11: =CO11*$C11 -> 0 | CR11: =CQ11*$C11 -> 0 | CT11: =CS11*$C11 -> 0 | CV11: =CU11*$C11 -> 0 | CX11: =CW11*$C11 -> 0 | CZ11: =CY11*$C11 -> 0 | DB11: =DA11*$C11 -> 0 | DD11: =DC11*$C11 -> 0 | DF11: =DE11*$C11 -> 0 | DH11: =DG11*$C11 -> 0 | DJ11: =DI11*$C11 -> 0 | DL11: =DK11*$C11 -> 0 | DN11: =DM11*$C11 -> 0 | DP11: =DO11*$C11 -> 0 | DR11: =DQ11*$C11 -> 0 | DT11: =DS11*$C11 -> 0
A12: 3.1 | B12: TERRAPLENAGEM - CEIM E EBM - TERRAPLENAGEM | C12: =Orçamento!$K$30 -> 122852.67 | D12: =ROUND($C$12/$C$72,5) -> 0.00732 | E12: 0.75 | F12: =E12*$C12 -> 92139.503 | G12: 0.25 | H12: =G12*$C12 -> 30713.168 | J12: =I12*$C12 -> 0 | L12: =K12*$C12 -> 0 | N12: =M12*$C12 -> 0 | P12: =O12*$C12 -> 0 | R12: =Q12*$C12 -> 0 | T12: =S12*$C12 -> 0 | V12: =U12*$C12 -> 0 | X12: =W12*$C12 -> 0 | Z12: =Y12*$C12 -> 0 | AB12: =AA12*$C12 -> 0 | AD12: =AC12*$C12 -> 0 | AF12: =AE12*$C12 -> 0 | AH12: =AG12*$C12 -> 0 | AJ12: =AI12*$C12 -> 0 | AL12: =AK12*$C12 -> 0 | AN12: =AM12*$C12 -> 0 | AP12: =AO12*$C12 -> 0 | AR12: =AQ12*$C12 -> 0 | AT12: =AS12*$C12 -> 0 | AV12: =AU12*$C12 -> 0 | AX12: =AW12*$C12 -> 0 | AZ12: =AY12*$C12 -> 0 | BB12: =BA12*$C12 -> 0 | BD12: =BC12*$C12 -> 0 | BF12: =BE12*$C12 -> 0 | BH12: =BG12*$C12 -> 0 | BJ12: =BI12*$C12 -> 0 | BL12: =BK12*$C12 -> 0 | BN12: =BM12*$C12 -> 0 | BP12: =BO12*$C12 -> 0 | BR12: =BQ12*$C12 -> 0 | BT12: =BS12*$C12 -> 0 | BV12: =BU12*$C12 -> 0 | BX12: =BW12*$C12 -> 0 | BZ12: =BY12*$C12 -> 0 | CB12: =CA12*$C12 -> 0 | CD12: =CC12*$C12 -> 0 | CF12: =CE12*$C12 -> 0 | CH12: =CG12*$C12 -> 0 | CJ12: =CI12*$C12 -> 0 | CL12: =CK12*$C12 -> 0 | CN12: =CM12*$C12 -> 0 | CP12: =CO12*$C12 -> 0 | CR12: =CQ12*$C12 -> 0 | CT12: =CS12*$C12 -> 0 | CV12: =CU12*$C12 -> 0 | CX12: =CW12*$C12 -> 0 | CZ12: =CY12*$C12 -> 0 | DB12: =DA12*$C12 -> 0 | DD12: =DC12*$C12 -> 0 | DF12: =DE12*$C12 -> 0 | DH12: =DG12*$C12 -> 0 | DJ12: =DI12*$C12 -> 0 | DL12: =DK12*$C12 -> 0 | DN12: =DM12*$C12 -> 0 | DP12: =DO12*$C12 -> 0 | DR12: =DQ12*$C12 -> 0 | DT12: =DS12*$C12 -> 0
A13: 4.1 | B13: CONTENÇÕES - CEIM E EBM - MURO DE GABIÃO | C13: =Orçamento!$K$37 -> 340205.47 | D13: =ROUND($C$13/$C$72,5) -> 0.02026 | E13: 0.25 | F13: =E13*$C13 -> 85051.367 | G13: 0.5 | H13: =G13*$C13 -> 170102.73 | I13: 0.25 | J13: =I13*$C13 -> 85051.367 | L13: =K13*$C13 -> 0 | N13: =M13*$C13 -> 0 | P13: =O13*$C13 -> 0 | R13: =Q13*$C13 -> 0 | T13: =S13*$C13 -> 0 | V13: =U13*$C13 -> 0 | X13: =W13*$C13 -> 0 | Z13: =Y13*$C13 -> 0 | AB13: =AA13*$C13 -> 0 | AD13: =AC13*$C13 -> 0 | AF13: =AE13*$C13 -> 0 | AH13: =AG13*$C13 -> 0 | AJ13: =AI13*$C13 -> 0 | AL13: =AK13*$C13 -> 0 | AN13: =AM13*$C13 -> 0 | AP13: =AO13*$C13 -> 0 | AR13: =AQ13*$C13 -> 0 | AT13: =AS13*$C13 -> 0 | AV13: =AU13*$C13 -> 0 | AX13: =AW13*$C13 -> 0 | AZ13: =AY13*$C13 -> 0 | BB13: =BA13*$C13 -> 0 | BD13: =BC13*$C13 -> 0 | BF13: =BE13*$C13 -> 0 | BH13: =BG13*$C13 -> 0 | BJ13: =BI13*$C13 -> 0 | BL13: =BK13*$C13 -> 0 | BN13: =BM13*$C13 -> 0 | BP13: =BO13*$C13 -> 0 | BR13: =BQ13*$C13 -> 0 | BT13: =BS13*$C13 -> 0 | BV13: =BU13*$C13 -> 0 | BX13: =BW13*$C13 -> 0 | BZ13: =BY13*$C13 -> 0 | CB13: =CA13*$C13 -> 0 | CD13: =CC13*$C13 -> 0 | CF13: =CE13*$C13 -> 0 | CH13: =CG13*$C13 -> 0 | CJ13: =CI13*$C13 -> 0 | CL13: =CK13*$C13 -> 0 | CN13: =CM13*$C13 -> 0 | CP13: =CO13*$C13 -> 0 | CR13: =CQ13*$C13 -> 0 | CT13: =CS13*$C13 -> 0 | CV13: =CU13*$C13 -> 0 | CX13: =CW13*$C13 -> 0 | CZ13: =CY13*$C13 -> 0 | DB13: =DA13*$C13 -> 0 | DD13: =DC13*$C13 -> 0 | DF13: =DE13*$C13 -> 0 | DH13: =DG13*$C13 -> 0 | DJ13: =DI13*$C13 -> 0 | DL13: =DK13*$C13 -> 0 | DN13: =DM13*$C13 -> 0 | DP13: =DO13*$C13 -> 0 | DR13: =DQ13*$C13 -> 0 | DT13: =DS13*$C13 -> 0
A14: 4.2 | B14: CONTENÇÕES - CEIM E EBM - MURO DE CONCRETO | C14: =Orçamento!$K$40 -> 464534.85 | D14: =ROUND($C$14/$C$72,5) -> 0.02767 | E14: 0.1 | F14: =E14*$C14 -> 46453.485 | G14: 0.4 | H14: =G14*$C14 -> 185813.94 | I14: 0.5 | J14: =I14*$C14 -> 232267.43 | L14: =K14*$C14 -> 0 | N14: =M14*$C14 -> 0 | P14: =O14*$C14 -> 0 | R14: =Q14*$C14 -> 0 | T14: =S14*$C14 -> 0 | V14: =U14*$C14 -> 0 | X14: =W14*$C14 -> 0 | Z14: =Y14*$C14 -> 0 | AB14: =AA14*$C14 -> 0 | AD14: =AC14*$C14 -> 0 | AF14: =AE14*$C14 -> 0 | AH14: =AG14*$C14 -> 0 | AJ14: =AI14*$C14 -> 0 | AL14: =AK14*$C14 -> 0 | AN14: =AM14*$C14 -> 0 | AP14: =AO14*$C14 -> 0 | AR14: =AQ14*$C14 -> 0 | AT14: =AS14*$C14 -> 0 | AV14: =AU14*$C14 -> 0 | AX14: =AW14*$C14 -> 0 | AZ14: =AY14*$C14 -> 0 | BB14: =BA14*$C14 -> 0 | BD14: =BC14*$C14 -> 0 | BF14: =BE14*$C14 -> 0 | BH14: =BG14*$C14 -> 0 | BJ14: =BI14*$C14 -> 0 | BL14: =BK14*$C14 -> 0 | BN14: =BM14*$C14 -> 0 | BP14: =BO14*$C14 -> 0 | BR14: =BQ14*$C14 -> 0 | BT14: =BS14*$C14 -> 0 | BV14: =BU14*$C14 -> 0 | BX14: =BW14*$C14 -> 0 | BZ14: =BY14*$C14 -> 0 | CB14: =CA14*$C14 -> 0 | CD14: =CC14*$C14 -> 0 | CF14: =CE14*$C14 -> 0 | CH14: =CG14*$C14 -> 0 | CJ14: =CI14*$C14 -> 0 | CL14: =CK14*$C14 -> 0 | CN14: =CM14*$C14 -> 0 | CP14: =CO14*$C14 -> 0 | CR14: =CQ14*$C14 -> 0 | CT14: =CS14*$C14 -> 0 | CV14: =CU14*$C14 -> 0 | CX14: =CW14*$C14 -> 0 | CZ14: =CY14*$C14 -> 0 | DB14: =DA14*$C14 -> 0 | DD14: =DC14*$C14 -> 0 | DF14: =DE14*$C14 -> 0 | DH14: =DG14*$C14 -> 0 | DJ14: =DI14*$C14 -> 0 | DL14: =DK14*$C14 -> 0 | DN14: =DM14*$C14 -> 0 | DP14: =DO14*$C14 -> 0 | DR14: =DQ14*$C14 -> 0 | DT14: =DS14*$C14 -> 0
A15: 4.3 | B15: CONTENÇÕES - CEIM E EBM - DRENOS DOS MUROS | C15: =Orçamento!$K$50 -> 34474.89 | D15: =ROUND($C$15/$C$72,5) -> 0.00205 | E15: 0.1 | F15: =E15*$C15 -> 3447.489 | G15: 0.1 | H15: =G15*$C15 -> 3447.489 | I15: 0.8 | J15: =I15*$C15 -> 27579.912 | L15: =K15*$C15 -> 0 | N15: =M15*$C15 -> 0 | P15: =O15*$C15 -> 0 | R15: =Q15*$C15 -> 0 | T15: =S15*$C15 -> 0 | V15: =U15*$C15 -> 0 | X15: =W15*$C15 -> 0 | Z15: =Y15*$C15 -> 0 | AB15: =AA15*$C15 -> 0 | AD15: =AC15*$C15 -> 0 | AF15: =AE15*$C15 -> 0 | AH15: =AG15*$C15 -> 0 | AJ15: =AI15*$C15 -> 0 | AL15: =AK15*$C15 -> 0 | AN15: =AM15*$C15 -> 0 | AP15: =AO15*$C15 -> 0 | AR15: =AQ15*$C15 -> 0 | AT15: =AS15*$C15 -> 0 | AV15: =AU15*$C15 -> 0 | AX15: =AW15*$C15 -> 0 | AZ15: =AY15*$C15 -> 0 | BB15: =BA15*$C15 -> 0 | BD15: =BC15*$C15 -> 0 | BF15: =BE15*$C15 -> 0 | BH15: =BG15*$C15 -> 0 | BJ15: =BI15*$C15 -> 0 | BL15: =BK15*$C15 -> 0 | BN15: =BM15*$C15 -> 0 | BP15: =BO15*$C15 -> 0 | BR15: =BQ15*$C15 -> 0 | BT15: =BS15*$C15 -> 0 | BV15: =BU15*$C15 -> 0 | BX15: =BW15*$C15 -> 0 | BZ15: =BY15*$C15 -> 0 | CB15: =CA15*$C15 -> 0 | CD15: =CC15*$C15 -> 0 | CF15: =CE15*$C15 -> 0 | CH15: =CG15*$C15 -> 0 | CJ15: =CI15*$C15 -> 0 | CL15: =CK15*$C15 -> 0 | CN15: =CM15*$C15 -> 0 | CP15: =CO15*$C15 -> 0 | CR15: =CQ15*$C15 -> 0 | CT15: =CS15*$C15 -> 0 | CV15: =CU15*$C15 -> 0 | CX15: =CW15*$C15 -> 0 | CZ15: =CY15*$C15 -> 0 | DB15: =DA15*$C15 -> 0 | DD15: =DC15*$C15 -> 0 | DF15: =DE15*$C15 -> 0 | DH15: =DG15*$C15 -> 0 | DJ15: =DI15*$C15 -> 0 | DL15: =DK15*$C15 -> 0 | DN15: =DM15*$C15 -> 0 | DP15: =DO15*$C15 -> 0 | DR15: =DQ15*$C15 -> 0 | DT15: =DS15*$C15 -> 0
A16: 5.1 | B16: CEIM - TIPO 01 - MOVIMENTAÇÃO DE TERRA PARA FUNDAÇÕES | C16: =Orçamento!$K$56 -> 33448.71 | D16: =ROUND($C$16/$C$72,5) -> 0.00199 | F16: =E16*$C16 -> 0 | H16: =G16*$C16 -> 0 | J16: =I16*$C16 -> 0 | K16: 0.3 | L16: =K16*$C16 -> 10034.613 | M16: 0.3 | N16: =M16*$C16 -> 10034.613 | O16: 0.2 | P16: =O16*$C16 -> 6689.742 | Q16: 0.1 | R16: =Q16*$C16 -> 3344.871 | S16: 0.1 | T16: =S16*$C16 -> 3344.871 | V16: =U16*$C16 -> 0 | X16: =W16*$C16 -> 0 | Z16: =Y16*$C16 -> 0 | AB16: =AA16*$C16 -> 0 | AD16: =AC16*$C16 -> 0 | AF16: =AE16*$C16 -> 0 | AH16: =AG16*$C16 -> 0 | AJ16: =AI16*$C16 -> 0 | AL16: =AK16*$C16 -> 0 | AN16: =AM16*$C16 -> 0 | AP16: =AO16*$C16 -> 0 | AR16: =AQ16*$C16 -> 0 | AT16: =AS16*$C16 -> 0 | AV16: =AU16*$C16 -> 0 | AX16: =AW16*$C16 -> 0 | AZ16: =AY16*$C16 -> 0 | BB16: =BA16*$C16 -> 0 | BD16: =BC16*$C16 -> 0 | BF16: =BE16*$C16 -> 0 | BH16: =BG16*$C16 -> 0 | BJ16: =BI16*$C16 -> 0 | BL16: =BK16*$C16 -> 0 | BN16: =BM16*$C16 -> 0 | BP16: =BO16*$C16 -> 0 | BR16: =BQ16*$C16 -> 0 | BT16: =BS16*$C16 -> 0 | BV16: =BU16*$C16 -> 0 | BX16: =BW16*$C16 -> 0 | BZ16: =BY16*$C16 -> 0 | CB16: =CA16*$C16 -> 0 | CD16: =CC16*$C16 -> 0 | CF16: =CE16*$C16 -> 0 | CH16: =CG16*$C16 -> 0 | CJ16: =CI16*$C16 -> 0 | CL16: =CK16*$C16 -> 0 | CN16: =CM16*$C16 -> 0 | CP16: =CO16*$C16 -> 0 | CR16: =CQ16*$C16 -> 0 | CT16: =CS16*$C16 -> 0 | CV16: =CU16*$C16 -> 0 | CX16: =CW16*$C16 -> 0 | CZ16: =CY16*$C16 -> 0 | DB16: =DA16*$C16 -> 0 | DD16: =DC16*$C16 -> 0 | DF16: =DE16*$C16 -> 0 | DH16: =DG16*$C16 -> 0 | DJ16: =DI16*$C16 -> 0 | DL16: =DK16*$C16 -> 0 | DN16: =DM16*$C16 -> 0 | DP16: =DO16*$C16 -> 0 | DR16: =DQ16*$C16 -> 0 | DT16: =DS16*$C16 -> 0
A17: 5.2 | B17: CEIM - TIPO 01 - FUNDAÇÕES | C17: =Orçamento!$K$61 -> 299427.89 | D17: =ROUND($C$17/$C$72,5) -> 0.01784 | F17: =E17*$C17 -> 0 | H17: =G17*$C17 -> 0 | I17: 0.25 | J17: =I17*$C17 -> 74856.973 | K17: 0.5 | L17: =K17*$C17 -> 149713.95 | M17: 0.25 | N17: =M17*$C17 -> 74856.973 | P17: =O17*$C17 -> 0 | R17: =Q17*$C17 -> 0 | T17: =S17*$C17 -> 0 | V17: =U17*$C17 -> 0 | X17: =W17*$C17 -> 0 | Z17: =Y17*$C17 -> 0 | AB17: =AA17*$C17 -> 0 | AD17: =AC17*$C17 -> 0 | AF17: =AE17*$C17 -> 0 | AH17: =AG17*$C17 -> 0 | AJ17: =AI17*$C17 -> 0 | AL17: =AK17*$C17 -> 0 | AN17: =AM17*$C17 -> 0 | AP17: =AO17*$C17 -> 0 | AR17: =AQ17*$C17 -> 0 | AT17: =AS17*$C17 -> 0 | AV17: =AU17*$C17 -> 0 | AX17: =AW17*$C17 -> 0 | AZ17: =AY17*$C17 -> 0 | BB17: =BA17*$C17 -> 0 | BD17: =BC17*$C17 -> 0 | BF17: =BE17*$C17 -> 0 | BH17: =BG17*$C17 -> 0 | BJ17: =BI17*$C17 -> 0 | BL17: =BK17*$C17 -> 0 | BN17: =BM17*$C17 -> 0 | BP17: =BO17*$C17 -> 0 | BR17: =BQ17*$C17 -> 0 | BT17: =BS17*$C17 -> 0 | BV17: =BU17*$C17 -> 0 | BX17: =BW17*$C17 -> 0 | BZ17: =BY17*$C17 -> 0 | CB17: =CA17*$C17 -> 0 | CD17: =CC17*$C17 -> 0 | CF17: =CE17*$C17 -> 0 | CH17: =CG17*$C17 -> 0 | CJ17: =CI17*$C17 -> 0 | CL17: =CK17*$C17 -> 0 | CN17: =CM17*$C17 -> 0 | CP17: =CO17*$C17 -> 0 | CR17: =CQ17*$C17 -> 0 | CT17: =CS17*$C17 -> 0 | CV17: =CU17*$C17 -> 0 | CX17: =CW17*$C17 -> 0 | CZ17: =CY17*$C17 -> 0 | DB17: =DA17*$C17 -> 0 | DD17: =DC17*$C17 -> 0 | DF17: =DE17*$C17 -> 0 | DH17: =DG17*$C17 -> 0 | DJ17: =DI17*$C17 -> 0 | DL17: =DK17*$C17 -> 0 | DN17: =DM17*$C17 -> 0 | DP17: =DO17*$C17 -> 0 | DR17: =DQ17*$C17 -> 0 | DT17: =DS17*$C17 -> 0
A18: 5.3 | B18: CEIM - TIPO 01 - SUPERESTRUTURA | C18: =Orçamento!$K$86 -> 287661.15 | D18: =ROUND($C$18/$C$72,5) -> 0.01713 | F18: =E18*$C18 -> 0 | H18: =G18*$C18 -> 0 | J18: =I18*$C18 -> 0 | L18: =K18*$C18 -> 0 | M18: 0.25 | N18: =M18*$C18 -> 71915.288 | O18: 0.5 | P18: =O18*$C18 -> 143830.58 | Q18: 0.25 | R18: =Q18*$C18 -> 71915.288 | T18: =S18*$C18 -> 0 | V18: =U18*$C18 -> 0 | X18: =W18*$C18 -> 0 | Z18: =Y18*$C18 -> 0 | AB18: =AA18*$C18 -> 0 | AD18: =AC18*$C18 -> 0 | AF18: =AE18*$C18 -> 0 | AH18: =AG18*$C18 -> 0 | AJ18: =AI18*$C18 -> 0 | AL18: =AK18*$C18 -> 0 | AN18: =AM18*$C18 -> 0 | AP18: =AO18*$C18 -> 0 | AR18: =AQ18*$C18 -> 0 | AT18: =AS18*$C18 -> 0 | AV18: =AU18*$C18 -> 0 | AX18: =AW18*$C18 -> 0 | AZ18: =AY18*$C18 -> 0 | BB18: =BA18*$C18 -> 0 | BD18: =BC18*$C18 -> 0 | BF18: =BE18*$C18 -> 0 | BH18: =BG18*$C18 -> 0 | BJ18: =BI18*$C18 -> 0 | BL18: =BK18*$C18 -> 0 | BN18: =BM18*$C18 -> 0 | BP18: =BO18*$C18 -> 0 | BR18: =BQ18*$C18 -> 0 | BT18: =BS18*$C18 -> 0 | BV18: =BU18*$C18 -> 0 | BX18: =BW18*$C18 -> 0 | BZ18: =BY18*$C18 -> 0 | CB18: =CA18*$C18 -> 0 | CD18: =CC18*$C18 -> 0 | CF18: =CE18*$C18 -> 0 | CH18: =CG18*$C18 -> 0 | CJ18: =CI18*$C18 -> 0 | CL18: =CK18*$C18 -> 0 | CN18: =CM18*$C18 -> 0 | CP18: =CO18*$C18 -> 0 | CR18: =CQ18*$C18 -> 0 | CT18: =CS18*$C18 -> 0 | CV18: =CU18*$C18 -> 0 | CX18: =CW18*$C18 -> 0 | CZ18: =CY18*$C18 -> 0 | DB18: =DA18*$C18 -> 0 | DD18: =DC18*$C18 -> 0 | DF18: =DE18*$C18 -> 0 | DH18: =DG18*$C18 -> 0 | DJ18: =DI18*$C18 -> 0 | DL18: =DK18*$C18 -> 0 | DN18: =DM18*$C18 -> 0 | DP18: =DO18*$C18 -> 0 | DR18: =DQ18*$C18 -> 0 | DT18: =DS18*$C18 -> 0
A19: 5.4 | B19: CEIM - TIPO 01 - ESTRUTURA METÁLICA | C19: =Orçamento!$K$114 -> 308657.44 | D19: =ROUND($C$19/$C$72,5) -> 0.01838 | F19: =E19*$C19 -> 0 | H19: =G19*$C19 -> 0 | J19: =I19*$C19 -> 0 | L19: =K19*$C19 -> 0 | N19: =M19*$C19 -> 0 | P19: =O19*$C19 -> 0 | Q19: 0.25 | R19: =Q19*$C19 -> 77164.36 | S19: 0.25 | T19: =S19*$C19 -> 77164.36 | U19: 0.25 | V19: =U19*$C19 -> 77164.36 | W19: 0.25 | X19: =W19*$C19 -> 77164.36 | Z19: =Y19*$C19 -> 0 | AB19: =AA19*$C19 -> 0 | AD19: =AC19*$C19 -> 0 | AF19: =AE19*$C19 -> 0 | AH19: =AG19*$C19 -> 0 | AJ19: =AI19*$C19 -> 0 | AL19: =AK19*$C19 -> 0 | AN19: =AM19*$C19 -> 0 | AP19: =AO19*$C19 -> 0 | AR19: =AQ19*$C19 -> 0 | AT19: =AS19*$C19 -> 0 | AV19: =AU19*$C19 -> 0 | AX19: =AW19*$C19 -> 0 | AZ19: =AY19*$C19 -> 0 | BB19: =BA19*$C19 -> 0 | BD19: =BC19*$C19 -> 0 | BF19: =BE19*$C19 -> 0 | BH19: =BG19*$C19 -> 0 | BJ19: =BI19*$C19 -> 0 | BL19: =BK19*$C19 -> 0 | BN19: =BM19*$C19 -> 0 | BP19: =BO19*$C19 -> 0 | BR19: =BQ19*$C19 -> 0 | BT19: =BS19*$C19 -> 0 | BV19: =BU19*$C19 -> 0 | BX19: =BW19*$C19 -> 0 | BZ19: =BY19*$C19 -> 0 | CB19: =CA19*$C19 -> 0 | CD19: =CC19*$C19 -> 0 | CF19: =CE19*$C19 -> 0 | CH19: =CG19*$C19 -> 0 | CJ19: =CI19*$C19 -> 0 | CL19: =CK19*$C19 -> 0 | CN19: =CM19*$C19 -> 0 | CP19: =CO19*$C19 -> 0 | CR19: =CQ19*$C19 -> 0 | CT19: =CS19*$C19 -> 0 | CV19: =CU19*$C19 -> 0 | CX19: =CW19*$C19 -> 0 | CZ19: =CY19*$C19 -> 0 | DB19: =DA19*$C19 -> 0 | DD19: =DC19*$C19 -> 0 | DF19: =DE19*$C19 -> 0 | DH19: =DG19*$C19 -> 0 | DJ19: =DI19*$C19 -> 0 | DL19: =DK19*$C19 -> 0 | DN19: =DM19*$C19 -> 0 | DP19: =DO19*$C19 -> 0 | DR19: =DQ19*$C19 -> 0 | DT19: =DS19*$C19 -> 0
A20: 5.5 | B20: CEIM - TIPO 01 - PISO DE CONCRETO | C20: =Orçamento!$K$116 -> 204051.3 | D20: =ROUND($C$20/$C$72,5) -> 0.01215 | F20: =E20*$C20 -> 0 | H20: =G20*$C20 -> 0 | J20: =I20*$C20 -> 0 | L20: =K20*$C20 -> 0 | N20: =M20*$C20 -> 0 | P20: =O20*$C20 -> 0 | Q20: 0.25 | R20: =Q20*$C20 -> 51012.825 | S20: 0.25 | T20: =S20*$C20 -> 51012.825 | U20: 0.2 | V20: =U20*$C20 -> 40810.26 | W20: 0.2 | X20: =W20*$C20 -> 40810.26 | Y20: 0.05 | Z20: =Y20*$C20 -> 10202.565 | AA20: 0.05 | AB20: =AA20*$C20 -> 10202.565 | AD20: =AC20*$C20 -> 0 | AF20: =AE20*$C20 -> 0 | AH20: =AG20*$C20 -> 0 | AJ20: =AI20*$C20 -> 0 | AL20: =AK20*$C20 -> 0 | AN20: =AM20*$C20 -> 0 | AP20: =AO20*$C20 -> 0 | AR20: =AQ20*$C20 -> 0 | AT20: =AS20*$C20 -> 0 | AV20: =AU20*$C20 -> 0 | AX20: =AW20*$C20 -> 0 | AZ20: =AY20*$C20 -> 0 | BB20: =BA20*$C20 -> 0 | BD20: =BC20*$C20 -> 0 | BF20: =BE20*$C20 -> 0 | BH20: =BG20*$C20 -> 0 | BJ20: =BI20*$C20 -> 0 | BL20: =BK20*$C20 -> 0 | BN20: =BM20*$C20 -> 0 | BP20: =BO20*$C20 -> 0 | BR20: =BQ20*$C20 -> 0 | BT20: =BS20*$C20 -> 0 | BV20: =BU20*$C20 -> 0 | BX20: =BW20*$C20 -> 0 | BZ20: =BY20*$C20 -> 0 | CB20: =CA20*$C20 -> 0 | CD20: =CC20*$C20 -> 0 | CF20: =CE20*$C20 -> 0 | CH20: =CG20*$C20 -> 0 | CJ20: =CI20*$C20 -> 0 | CL20: =CK20*$C20 -> 0 | CN20: =CM20*$C20 -> 0 | CP20: =CO20*$C20 -> 0 | CR20: =CQ20*$C20 -> 0 | CT20: =CS20*$C20 -> 0 | CV20: =CU20*$C20 -> 0 | CX20: =CW20*$C20 -> 0 | CZ20: =CY20*$C20 -> 0 | DB20: =DA20*$C20 -> 0 | DD20: =DC20*$C20 -> 0 | DF20: =DE20*$C20 -> 0 | DH20: =DG20*$C20 -> 0 | DJ20: =DI20*$C20 -> 0 | DL20: =DK20*$C20 -> 0 | DN20: =DM20*$C20 -> 0 | DP20: =DO20*$C20 -> 0 | DR20: =DQ20*$C20 -> 0 | DT20: =DS20*$C20 -> 0
A21: 5.6 | B21: CEIM - TIPO 01 - SISTEMA DE VEDAÇÃO VERTICAL | C21: =Orçamento!$K$130 -> 226404.01 | D21: =ROUND($C$21/$C$72,5) -> 0.01349 | F21: =E21*$C21 -> 0 | H21: =G21*$C21 -> 0 | J21: =I21*$C21 -> 0 | L21: =K21*$C21 -> 0 | N21: =M21*$C21 -> 0 | P21: =O21*$C21 -> 0 | R21: =Q21*$C21 -> 0 | S21: 0.1 | T21: =S21*$C21 -> 22640.401 | U21: 0.25 | V21: =U21*$C21 -> 56601.002 | W21: 0.35 | X21: =W21*$C21 -> 79241.403 | Y21: 0.2 | Z21: =Y21*$C21 -> 45280.802 | AA21: 0.05 | AB21: =AA21*$C21 -> 11320.2 | AD21: =AC21*$C21 -> 0 | AF21: =AE21*$C21 -> 0 | AH21: =AG21*$C21 -> 0 | AJ21: =AI21*$C21 -> 0 | AL21: =AK21*$C21 -> 0 | AN21: =AM21*$C21 -> 0 | AO21: 0.05 | AP21: =AO21*$C21 -> 11320.2 | AR21: =AQ21*$C21 -> 0 | AT21: =AS21*$C21 -> 0 | AV21: =AU21*$C21 -> 0 | AX21: =AW21*$C21 -> 0 | AZ21: =AY21*$C21 -> 0 | BB21: =BA21*$C21 -> 0 | BD21: =BC21*$C21 -> 0 | BF21: =BE21*$C21 -> 0 | BH21: =BG21*$C21 -> 0 | BJ21: =BI21*$C21 -> 0 | BL21: =BK21*$C21 -> 0 | BN21: =BM21*$C21 -> 0 | BP21: =BO21*$C21 -> 0 | BR21: =BQ21*$C21 -> 0 | BT21: =BS21*$C21 -> 0 | BV21: =BU21*$C21 -> 0 | BX21: =BW21*$C21 -> 0 | BZ21: =BY21*$C21 -> 0 | CB21: =CA21*$C21 -> 0 | CD21: =CC21*$C21 -> 0 | CF21: =CE21*$C21 -> 0 | CH21: =CG21*$C21 -> 0 | CJ21: =CI21*$C21 -> 0 | CL21: =CK21*$C21 -> 0 | CN21: =CM21*$C21 -> 0 | CP21: =CO21*$C21 -> 0 | CR21: =CQ21*$C21 -> 0 | CT21: =CS21*$C21 -> 0 | CV21: =CU21*$C21 -> 0 | CX21: =CW21*$C21 -> 0 | CZ21: =CY21*$C21 -> 0 | DB21: =DA21*$C21 -> 0 | DD21: =DC21*$C21 -> 0 | DF21: =DE21*$C21 -> 0 | DH21: =DG21*$C21 -> 0 | DJ21: =DI21*$C21 -> 0 | DL21: =DK21*$C21 -> 0 | DN21: =DM21*$C21 -> 0 | DP21: =DO21*$C21 -> 0 | DR21: =DQ21*$C21 -> 0 | DT21: =DS21*$C21 -> 0
A22: 5.7 | B22: CEIM - TIPO 01 - ESQUADRIAS | C22: =Orçamento!$K$146 -> 645729.63 | D22: =ROUND($C$22/$C$72,5) -> 0.03846 | F22: =E22*$C22 -> 0 | H22: =G22*$C22 -> 0 | J22: =I22*$C22 -> 0 | L22: =K22*$C22 -> 0 | N22: =M22*$C22 -> 0 | P22: =O22*$C22 -> 0 | R22: =Q22*$C22 -> 0 | T22: =S22*$C22 -> 0 | V22: =U22*$C22 -> 0 | X22: =W22*$C22 -> 0 | Z22: =Y22*$C22 -> 0 | AB22: =AA22*$C22 -> 0 | AD22: =AC22*$C22 -> 0 | AF22: =AE22*$C22 -> 0 | AG22: 0.15 | AH22: =AG22*$C22 -> 96859.445 | AI22: 0.15 | AJ22: =AI22*$C22 -> 96859.445 | AK22: 0.15 | AL22: =AK22*$C22 -> 96859.445 | AM22: 0.15 | AN22: =AM22*$C22 -> 96859.445 | AO22: 0.15 | AP22: =AO22*$C22 -> 96859.445 | AQ22: 0.1 | AR22: =AQ22*$C22 -> 64572.963 | AS22: 0.1 | AT22: =AS22*$C22 -> 64572.963 | AU22: 0.05 | AV22: =AU22*$C22 -> 32286.482 | AX22: =AW22*$C22 -> 0 | AZ22: =AY22*$C22 -> 0 | BB22: =BA22*$C22 -> 0 | BD22: =BC22*$C22 -> 0 | BF22: =BE22*$C22 -> 0 | BH22: =BG22*$C22 -> 0 | BJ22: =BI22*$C22 -> 0 | BL22: =BK22*$C22 -> 0 | BN22: =BM22*$C22 -> 0 | BP22: =BO22*$C22 -> 0 | BR22: =BQ22*$C22 -> 0 | BT22: =BS22*$C22 -> 0 | BV22: =BU22*$C22 -> 0 | BX22: =BW22*$C22 -> 0 | BZ22: =BY22*$C22 -> 0 | CB22: =CA22*$C22 -> 0 | CD22: =CC22*$C22 -> 0 | CF22: =CE22*$C22 -> 0 | CH22: =CG22*$C22 -> 0 | CJ22: =CI22*$C22 -> 0 | CL22: =CK22*$C22 -> 0 | CN22: =CM22*$C22 -> 0 | CP22: =CO22*$C22 -> 0 | CR22: =CQ22*$C22 -> 0 | CT22: =CS22*$C22 -> 0 | CV22: =CU22*$C22 -> 0 | CX22: =CW22*$C22 -> 0 | CZ22: =CY22*$C22 -> 0 | DB22: =DA22*$C22 -> 0 | DD22: =DC22*$C22 -> 0 | DF22: =DE22*$C22 -> 0 | DH22: =DG22*$C22 -> 0 | DJ22: =DI22*$C22 -> 0 | DL22: =DK22*$C22 -> 0 | DN22: =DM22*$C22 -> 0 | DP22: =DO22*$C22 -> 0 | DR22: =DQ22*$C22 -> 0 | DT22: =DS22*$C22 -> 0
A23: 5.8 | B23: CEIM - TIPO 01 - SISTEMA DE COBERTURA | C23: =Orçamento!$K$177 -> 456784.32 | D23: =ROUND($C$23/$C$72,5) -> 0.02721 | F23: =E23*$C23 -> 0 | H23: =G23*$C23 -> 0 | J23: =I23*$C23 -> 0 | L23: =K23*$C23 -> 0 | N23: =M23*$C23 -> 0 | P23: =O23*$C23 -> 0 | R23: =Q23*$C23 -> 0 | T23: =S23*$C23 -> 0 | V23: =U23*$C23 -> 0 | X23: =W23*$C23 -> 0 | Y23: 0.25 | Z23: =Y23*$C23 -> 114196.08 | AA23: 0.25 | AB23: =AA23*$C23 -> 114196.08 | AC23: 0.25 | AD23: =AC23*$C23 -> 114196.08 | AE23: 0.25 | AF23: =AE23*$C23 -> 114196.08 | AH23: =AG23*$C23 -> 0 | AJ23: =AI23*$C23 -> 0 | AL23: =AK23*$C23 -> 0 | AN23: =AM23*$C23 -> 0 | AP23: =AO23*$C23 -> 0 | AR23: =AQ23*$C23 -> 0 | AT23: =AS23*$C23 -> 0 | AV23: =AU23*$C23 -> 0 | AX23: =AW23*$C23 -> 0 | AZ23: =AY23*$C23 -> 0 | BB23: =BA23*$C23 -> 0 | BD23: =BC23*$C23 -> 0 | BF23: =BE23*$C23 -> 0 | BH23: =BG23*$C23 -> 0 | BJ23: =BI23*$C23 -> 0 | BL23: =BK23*$C23 -> 0 | BN23: =BM23*$C23 -> 0 | BP23: =BO23*$C23 -> 0 | BR23: =BQ23*$C23 -> 0 | BT23: =BS23*$C23 -> 0 | BV23: =BU23*$C23 -> 0 | BX23: =BW23*$C23 -> 0 | BZ23: =BY23*$C23 -> 0 | CB23: =CA23*$C23 -> 0 | CD23: =CC23*$C23 -> 0 | CF23: =CE23*$C23 -> 0 | CH23: =CG23*$C23 -> 0 | CJ23: =CI23*$C23 -> 0 | CL23: =CK23*$C23 -> 0 | CN23: =CM23*$C23 -> 0 | CP23: =CO23*$C23 -> 0 | CR23: =CQ23*$C23 -> 0 | CT23: =CS23*$C23 -> 0 | CV23: =CU23*$C23 -> 0 | CX23: =CW23*$C23 -> 0 | CZ23: =CY23*$C23 -> 0 | DB23: =DA23*$C23 -> 0 | DD23: =DC23*$C23 -> 0 | DF23: =DE23*$C23 -> 0 | DH23: =DG23*$C23 -> 0 | DJ23: =DI23*$C23 -> 0 | DL23: =DK23*$C23 -> 0 | DN23: =DM23*$C23 -> 0 | DP23: =DO23*$C23 -> 0 | DR23: =DQ23*$C23 -> 0 | DT23: =DS23*$C23 -> 0
A24: 5.9 | B24: CEIM - TIPO 01 - IMPERMEABILIZAÇÃO | C24: =Orçamento!$K$189 -> 65743.88 | D24: =ROUND($C$24/$C$72,5) -> 0.00392 | F24: =E24*$C24 -> 0 | H24: =G24*$C24 -> 0 | I24: 0.05 | J24: =I24*$C24 -> 3287.194 | K24: 0.3 | L24: =K24*$C24 -> 19723.164 | M24: 0.3 | N24: =M24*$C24 -> 19723.164 | O24: 0.25 | P24: =O24*$C24 -> 16435.97 | Q24: 0.1 | R24: =Q24*$C24 -> 6574.388 | T24: =S24*$C24 -> 0 | V24: =U24*$C24 -> 0 | X24: =W24*$C24 -> 0 | Z24: =Y24*$C24 -> 0 | AB24: =AA24*$C24 -> 0 | AD24: =AC24*$C24 -> 0 | AF24: =AE24*$C24 -> 0 | AH24: =AG24*$C24 -> 0 | AJ24: =AI24*$C24 -> 0 | AL24: =AK24*$C24 -> 0 | AN24: =AM24*$C24 -> 0 | AP24: =AO24*$C24 -> 0 | AR24: =AQ24*$C24 -> 0 | AT24: =AS24*$C24 -> 0 | AV24: =AU24*$C24 -> 0 | AX24: =AW24*$C24 -> 0 | AZ24: =AY24*$C24 -> 0 | BB24: =BA24*$C24 -> 0 | BD24: =BC24*$C24 -> 0 | BF24: =BE24*$C24 -> 0 | BH24: =BG24*$C24 -> 0 | BJ24: =BI24*$C24 -> 0 | BL24: =BK24*$C24 -> 0 | BN24: =BM24*$C24 -> 0 | BP24: =BO24*$C24 -> 0 | BR24: =BQ24*$C24 -> 0 | BT24: =BS24*$C24 -> 0 | BV24: =BU24*$C24 -> 0 | BX24: =BW24*$C24 -> 0 | BZ24: =BY24*$C24 -> 0 | CB24: =CA24*$C24 -> 0 | CD24: =CC24*$C24 -> 0 | CF24: =CE24*$C24 -> 0 | CH24: =CG24*$C24 -> 0 | CJ24: =CI24*$C24 -> 0 | CL24: =CK24*$C24 -> 0 | CN24: =CM24*$C24 -> 0 | CP24: =CO24*$C24 -> 0 | CR24: =CQ24*$C24 -> 0 | CT24: =CS24*$C24 -> 0 | CV24: =CU24*$C24 -> 0 | CX24: =CW24*$C24 -> 0 | CZ24: =CY24*$C24 -> 0 | DB24: =DA24*$C24 -> 0 | DD24: =DC24*$C24 -> 0 | DF24: =DE24*$C24 -> 0 | DH24: =DG24*$C24 -> 0 | DJ24: =DI24*$C24 -> 0 | DL24: =DK24*$C24 -> 0 | DN24: =DM24*$C24 -> 0 | DP24: =DO24*$C24 -> 0 | DR24: =DQ24*$C24 -> 0 | DT24: =DS24*$C24 -> 0
A25: 5.10 | B25: CEIM - TIPO 01 - REVESTIMENTO INTERNO E EXTERNO | C25: =Orçamento!$K$196 -> 540839.85 | D25: =ROUND($C$25/$C$72,5) -> 0.03221 | F25: =E25*$C25 -> 0 | H25: =G25*$C25 -> 0 | J25: =I25*$C25 -> 0 | L25: =K25*$C25 -> 0 | N25: =M25*$C25 -> 0 | P25: =O25*$C25 -> 0 | R25: =Q25*$C25 -> 0 | T25: =S25*$C25 -> 0 | V25: =U25*$C25 -> 0 | X25: =W25*$C25 -> 0 | Z25: =Y25*$C25 -> 0 | AB25: =AA25*$C25 -> 0 | AD25: =AC25*$C25 -> 0 | AF25: =AE25*$C25 -> 0 | AG25: 0.2 | AH25: =AG25*$C25 -> 108167.97 | AI25: 0.25 | AJ25: =AI25*$C25 -> 135209.96 | AK25: 0.25 | AL25: =AK25*$C25 -> 135209.96 | AM25: 0.25 | AN25: =AM25*$C25 -> 135209.96 | AO25: 0.05 | AP25: =AO25*$C25 -> 27041.993 | AR25: =AQ25*$C25 -> 0 | AT25: =AS25*$C25 -> 0 | AV25: =AU25*$C25 -> 0 | AX25: =AW25*$C25 -> 0 | AZ25: =AY25*$C25 -> 0 | BB25: =BA25*$C25 -> 0 | BD25: =BC25*$C25 -> 0 | BF25: =BE25*$C25 -> 0 | BH25: =BG25*$C25 -> 0 | BJ25: =BI25*$C25 -> 0 | BL25: =BK25*$C25 -> 0 | BN25: =BM25*$C25 -> 0 | BP25: =BO25*$C25 -> 0 | BR25: =BQ25*$C25 -> 0 | BT25: =BS25*$C25 -> 0 | BV25: =BU25*$C25 -> 0 | BX25: =BW25*$C25 -> 0 | BZ25: =BY25*$C25 -> 0 | CB25: =CA25*$C25 -> 0 | CD25: =CC25*$C25 -> 0 | CF25: =CE25*$C25 -> 0 | CH25: =CG25*$C25 -> 0 | CJ25: =CI25*$C25 -> 0 | CL25: =CK25*$C25 -> 0 | CN25: =CM25*$C25 -> 0 | CP25: =CO25*$C25 -> 0 | CR25: =CQ25*$C25 -> 0 | CT25: =CS25*$C25 -> 0 | CV25: =CU25*$C25 -> 0 | CX25: =CW25*$C25 -> 0 | CZ25: =CY25*$C25 -> 0 | DB25: =DA25*$C25 -> 0 | DD25: =DC25*$C25 -> 0 | DF25: =DE25*$C25 -> 0 | DH25: =DG25*$C25 -> 0 | DJ25: =DI25*$C25 -> 0 | DL25: =DK25*$C25 -> 0 | DN25: =DM25*$C25 -> 0 | DP25: =DO25*$C25 -> 0 | DR25: =DQ25*$C25 -> 0 | DT25: =DS25*$C25 -> 0
A26: 5.11 | B26: CEIM - TIPO 01 - SISTEMA DE PISOS | C26: =Orçamento!$K$208 -> 372394.96 | D26: =ROUND($C$26/$C$72,5) -> 0.02218 | F26: =E26*$C26 -> 0 | H26: =G26*$C26 -> 0 | J26: =I26*$C26 -> 0 | L26: =K26*$C26 -> 0 | N26: =M26*$C26 -> 0 | P26: =O26*$C26 -> 0 | R26: =Q26*$C26 -> 0 | T26: =S26*$C26 -> 0 | V26: =U26*$C26 -> 0 | X26: =W26*$C26 -> 0 | Z26: =Y26*$C26 -> 0 | AB26: =AA26*$C26 -> 0 | AD26: =AC26*$C26 -> 0 | AF26: =AE26*$C26 -> 0 | AH26: =AG26*$C26 -> 0 | AI26: 0.1 | AJ26: =AI26*$C26 -> 37239.496 | AK26: 0.1 | AL26: =AK26*$C26 -> 37239.496 | AM26: 0.1 | AN26: =AM26*$C26 -> 37239.496 | AO26: 0.25 | AP26: =AO26*$C26 -> 93098.74 | AQ26: 0.25 | AR26: =AQ26*$C26 -> 93098.74 | AS26: 0.1 | AT26: =AS26*$C26 -> 37239.496 | AU26: 0.1 | AV26: =AU26*$C26 -> 37239.496 | AX26: =AW26*$C26 -> 0 | AZ26: =AY26*$C26 -> 0 | BB26: =BA26*$C26 -> 0 | BD26: =BC26*$C26 -> 0 | BF26: =BE26*$C26 -> 0 | BH26: =BG26*$C26 -> 0 | BJ26: =BI26*$C26 -> 0 | BL26: =BK26*$C26 -> 0 | BN26: =BM26*$C26 -> 0 | BP26: =BO26*$C26 -> 0 | BR26: =BQ26*$C26 -> 0 | BT26: =BS26*$C26 -> 0 | BV26: =BU26*$C26 -> 0 | BX26: =BW26*$C26 -> 0 | BZ26: =BY26*$C26 -> 0 | CB26: =CA26*$C26 -> 0 | CD26: =CC26*$C26 -> 0 | CF26: =CE26*$C26 -> 0 | CH26: =CG26*$C26 -> 0 | CJ26: =CI26*$C26 -> 0 | CL26: =CK26*$C26 -> 0 | CN26: =CM26*$C26 -> 0 | CP26: =CO26*$C26 -> 0 | CR26: =CQ26*$C26 -> 0 | CT26: =CS26*$C26 -> 0 | CV26: =CU26*$C26 -> 0 | CX26: =CW26*$C26 -> 0 | CZ26: =CY26*$C26 -> 0 | DB26: =DA26*$C26 -> 0 | DD26: =DC26*$C26 -> 0 | DF26: =DE26*$C26 -> 0 | DH26: =DG26*$C26 -> 0 | DJ26: =DI26*$C26 -> 0 | DL26: =DK26*$C26 -> 0 | DN26: =DM26*$C26 -> 0 | DP26: =DO26*$C26 -> 0 | DR26: =DQ26*$C26 -> 0 | DT26: =DS26*$C26 -> 0
A27: 5.12 | B27: CEIM - TIPO 01 - PINTURAS E ACABAMENTOS | C27: =Orçamento!$K$225 -> 133582.19 | D27: =ROUND($C$27/$C$72,5) -> 0.00796 | F27: =E27*$C27 -> 0 | H27: =G27*$C27 -> 0 | J27: =I27*$C27 -> 0 | L27: =K27*$C27 -> 0 | N27: =M27*$C27 -> 0 | P27: =O27*$C27 -> 0 | R27: =Q27*$C27 -> 0 | T27: =S27*$C27 -> 0 | V27: =U27*$C27 -> 0 | X27: =W27*$C27 -> 0 | Z27: =Y27*$C27 -> 0 | AB27: =AA27*$C27 -> 0 | AD27: =AC27*$C27 -> 0 | AF27: =AE27*$C27 -> 0 | AH27: =AG27*$C27 -> 0 | AJ27: =AI27*$C27 -> 0 | AL27: =AK27*$C27 -> 0 | AM27: 0.25 | AN27: =AM27*$C27 -> 33395.548 | AO27: 0.25 | AP27: =AO27*$C27 -> 33395.548 | AQ27: 0.15 | AR27: =AQ27*$C27 -> 20037.328 | AS27: 0.15 | AT27: =AS27*$C27 -> 20037.328 | AU27: 0.15 | AV27: =AU27*$C27 -> 20037.328 | AW27: 0.05 | AX27: =AW27*$C27 -> 6679.1095 | AZ27: =AY27*$C27 -> 0 | BB27: =BA27*$C27 -> 0 | BD27: =BC27*$C27 -> 0 | BF27: =BE27*$C27 -> 0 | BH27: =BG27*$C27 -> 0 | BJ27: =BI27*$C27 -> 0 | BL27: =BK27*$C27 -> 0 | BN27: =BM27*$C27 -> 0 | BP27: =BO27*$C27 -> 0 | BR27: =BQ27*$C27 -> 0 | BT27: =BS27*$C27 -> 0 | BV27: =BU27*$C27 -> 0 | BX27: =BW27*$C27 -> 0 | BZ27: =BY27*$C27 -> 0 | CB27: =CA27*$C27 -> 0 | CD27: =CC27*$C27 -> 0 | CF27: =CE27*$C27 -> 0 | CH27: =CG27*$C27 -> 0 | CJ27: =CI27*$C27 -> 0 | CL27: =CK27*$C27 -> 0 | CN27: =CM27*$C27 -> 0 | CP27: =CO27*$C27 -> 0 | CR27: =CQ27*$C27 -> 0 | CT27: =CS27*$C27 -> 0 | CV27: =CU27*$C27 -> 0 | CX27: =CW27*$C27 -> 0 | CZ27: =CY27*$C27 -> 0 | DB27: =DA27*$C27 -> 0 | DD27: =DC27*$C27 -> 0 | DF27: =DE27*$C27 -> 0 | DH27: =DG27*$C27 -> 0 | DJ27: =DI27*$C27 -> 0 | DL27: =DK27*$C27 -> 0 | DN27: =DM27*$C27 -> 0 | DP27: =DO27*$C27 -> 0 | DR27: =DQ27*$C27 -> 0 | DT27: =DS27*$C27 -> 0
A28: 5.13 | B28: CEIM - TIPO 01 - INSTALAÇÕES HIDRÁULICAS | C28: =Orçamento!$K$241 -> 95192.11 | D28: =ROUND($C$28/$C$72,5) -> 0.00567 | F28: =E28*$C28 -> 0 | H28: =G28*$C28 -> 0 | J28: =I28*$C28 -> 0 | L28: =K28*$C28 -> 0 | M28: 0.05 | N28: =M28*$C28 -> 4759.6055 | O28: 0.05 | P28: =O28*$C28 -> 4759.6055 | Q28: 0.1 | R28: =Q28*$C28 -> 9519.211 | S28: 0.1 | T28: =S28*$C28 -> 9519.211 | U28: 0.1 | V28: =U28*$C28 -> 9519.211 | W28: 0.15 | X28: =W28*$C28 -> 14278.816 | Y28: 0.15 | Z28: =Y28*$C28 -> 14278.816 | AA28: 0.05 | AB28: =AA28*$C28 -> 4759.6055 | AC28: 0.05 | AD28: =AC28*$C28 -> 4759.6055 | AE28: 0.05 | AF28: =AE28*$C28 -> 4759.6055 | AG28: 0.05 | AH28: =AG28*$C28 -> 4759.6055 | AI28: 0.05 | AJ28: =AI28*$C28 -> 4759.6055 | AK28: 0.05 | AL28: =AK28*$C28 -> 4759.6055 | AN28: =AM28*$C28 -> 0 | AP28: =AO28*$C28 -> 0 | AR28: =AQ28*$C28 -> 0 | AT28: =AS28*$C28 -> 0 | AV28: =AU28*$C28 -> 0 | AX28: =AW28*$C28 -> 0 | AZ28: =AY28*$C28 -> 0 | BB28: =BA28*$C28 -> 0 | BD28: =BC28*$C28 -> 0 | BF28: =BE28*$C28 -> 0 | BH28: =BG28*$C28 -> 0 | BJ28: =BI28*$C28 -> 0 | BL28: =BK28*$C28 -> 0 | BN28: =BM28*$C28 -> 0 | BP28: =BO28*$C28 -> 0 | BR28: =BQ28*$C28 -> 0 | BT28: =BS28*$C28 -> 0 | BV28: =BU28*$C28 -> 0 | BX28: =BW28*$C28 -> 0 | BZ28: =BY28*$C28 -> 0 | CB28: =CA28*$C28 -> 0 | CD28: =CC28*$C28 -> 0 | CF28: =CE28*$C28 -> 0 | CH28: =CG28*$C28 -> 0 | CJ28: =CI28*$C28 -> 0 | CL28: =CK28*$C28 -> 0 | CN28: =CM28*$C28 -> 0 | CP28: =CO28*$C28 -> 0 | CR28: =CQ28*$C28 -> 0 | CT28: =CS28*$C28 -> 0 | CV28: =CU28*$C28 -> 0 | CX28: =CW28*$C28 -> 0 | CZ28: =CY28*$C28 -> 0 | DB28: =DA28*$C28 -> 0 | DD28: =DC28*$C28 -> 0 | DF28: =DE28*$C28 -> 0 | DH28: =DG28*$C28 -> 0 | DJ28: =DI28*$C28 -> 0 | DL28: =DK28*$C28 -> 0 | DN28: =DM28*$C28 -> 0 | DP28: =DO28*$C28 -> 0 | DR28: =DQ28*$C28 -> 0 | DT28: =DS28*$C28 -> 0
A29: 5.14 | B29: CEIM - TIPO 01 - DRENAGEM DE ÁGUAS PLUVIAIS | C29: =Orçamento!$K$287 -> 35590.76 | D29: =ROUND($C$29/$C$72,5) -> 0.00212 | F29: =E29*$C29 -> 0 | H29: =G29*$C29 -> 0 | J29: =I29*$C29 -> 0 | L29: =K29*$C29 -> 0 | N29: =M29*$C29 -> 0 | O29: 0.05 | P29: =O29*$C29 -> 1779.538 | Q29: 0.05 | R29: =Q29*$C29 -> 1779.538 | S29: 0.05 | T29: =S29*$C29 -> 1779.538 | U29: 0.1 | V29: =U29*$C29 -> 3559.076 | W29: 0.1 | X29: =W29*$C29 -> 3559.076 | Y29: 0.15 | Z29: =Y29*$C29 -> 5338.614 | AA29: 0.15 | AB29: =AA29*$C29 -> 5338.614 | AC29: 0.15 | AD29: =AC29*$C29 -> 5338.614 | AE29: 0.1 | AF29: =AE29*$C29 -> 3559.076 | AG29: 0.1 | AH29: =AG29*$C29 -> 3559.076 | AJ29: =AI29*$C29 -> 0 | AL29: =AK29*$C29 -> 0 | AN29: =AM29*$C29 -> 0 | AP29: =AO29*$C29 -> 0 | AR29: =AQ29*$C29 -> 0 | AT29: =AS29*$C29 -> 0 | AV29: =AU29*$C29 -> 0 | AX29: =AW29*$C29 -> 0 | AZ29: =AY29*$C29 -> 0 | BB29: =BA29*$C29 -> 0 | BD29: =BC29*$C29 -> 0 | BF29: =BE29*$C29 -> 0 | BH29: =BG29*$C29 -> 0 | BJ29: =BI29*$C29 -> 0 | BL29: =BK29*$C29 -> 0 | BN29: =BM29*$C29 -> 0 | BP29: =BO29*$C29 -> 0 | BR29: =BQ29*$C29 -> 0 | BT29: =BS29*$C29 -> 0 | BV29: =BU29*$C29 -> 0 | BX29: =BW29*$C29 -> 0 | BZ29: =BY29*$C29 -> 0 | CB29: =CA29*$C29 -> 0 | CD29: =CC29*$C29 -> 0 | CF29: =CE29*$C29 -> 0 | CH29: =CG29*$C29 -> 0 | CJ29: =CI29*$C29 -> 0 | CL29: =CK29*$C29 -> 0 | CN29: =CM29*$C29 -> 0 | CP29: =CO29*$C29 -> 0 | CR29: =CQ29*$C29 -> 0 | CT29: =CS29*$C29 -> 0 | CV29: =CU29*$C29 -> 0 | CX29: =CW29*$C29 -> 0 | CZ29: =CY29*$C29 -> 0 | DB29: =DA29*$C29 -> 0 | DD29: =DC29*$C29 -> 0 | DF29: =DE29*$C29 -> 0 | DH29: =DG29*$C29 -> 0 | DJ29: =DI29*$C29 -> 0 | DL29: =DK29*$C29 -> 0 | DN29: =DM29*$C29 -> 0 | DP29: =DO29*$C29 -> 0 | DR29: =DQ29*$C29 -> 0 | DT29: =DS29*$C29 -> 0
A30: 5.15 | B30: CEIM - TIPO 01 - INSTALAÇÃO SANITÁRIA | C30: =Orçamento!$K$303 -> 74135.52 | D30: =ROUND($C$30/$C$72,5) -> 0.00442 | F30: =E30*$C30 -> 0 | H30: =G30*$C30 -> 0 | J30: =I30*$C30 -> 0 | L30: =K30*$C30 -> 0 | M30: 0.05 | N30: =M30*$C30 -> 3706.776 | O30: 0.1 | P30: =O30*$C30 -> 7413.552 | Q30: 0.1 | R30: =Q30*$C30 -> 7413.552 | S30: 0.1 | T30: =S30*$C30 -> 7413.552 | U30: 0.1 | V30: =U30*$C30 -> 7413.552 | W30: 0.1 | X30: =W30*$C30 -> 7413.552 | Y30: 0.05 | Z30: =Y30*$C30 -> 3706.776 | AA30: 0.05 | AB30: =AA30*$C30 -> 3706.776 | AC30: 0.05 | AD30: =AC30*$C30 -> 3706.776 | AE30: 0.05 | AF30: =AE30*$C30 -> 3706.776 | AG30: 0.05 | AH30: =AG30*$C30 -> 3706.776 | AI30: 0.05 | AJ30: =AI30*$C30 -> 3706.776 | AK30: 0.05 | AL30: =AK30*$C30 -> 3706.776 | AM30: 0.05 | AN30: =AM30*$C30 -> 3706.776 | AO30: 0.05 | AP30: =AO30*$C30 -> 3706.776 | AR30: =AQ30*$C30 -> 0 | AT30: =AS30*$C30 -> 0 | AV30: =AU30*$C30 -> 0 | AX30: =AW30*$C30 -> 0 | AZ30: =AY30*$C30 -> 0 | BB30: =BA30*$C30 -> 0 | BD30: =BC30*$C30 -> 0 | BF30: =BE30*$C30 -> 0 | BH30: =BG30*$C30 -> 0 | BJ30: =BI30*$C30 -> 0 | BL30: =BK30*$C30 -> 0 | BN30: =BM30*$C30 -> 0 | BP30: =BO30*$C30 -> 0 | BR30: =BQ30*$C30 -> 0 | BT30: =BS30*$C30 -> 0 | BV30: =BU30*$C30 -> 0 | BX30: =BW30*$C30 -> 0 | BZ30: =BY30*$C30 -> 0 | CB30: =CA30*$C30 -> 0 | CD30: =CC30*$C30 -> 0 | CF30: =CE30*$C30 -> 0 | CH30: =CG30*$C30 -> 0 | CJ30: =CI30*$C30 -> 0 | CL30: =CK30*$C30 -> 0 | CN30: =CM30*$C30 -> 0 | CP30: =CO30*$C30 -> 0 | CR30: =CQ30*$C30 -> 0 | CT30: =CS30*$C30 -> 0 | CV30: =CU30*$C30 -> 0 | CX30: =CW30*$C30 -> 0 | CZ30: =CY30*$C30 -> 0 | DB30: =DA30*$C30 -> 0 | DD30: =DC30*$C30 -> 0 | DF30: =DE30*$C30 -> 0 | DH30: =DG30*$C30 -> 0 | DJ30: =DI30*$C30 -> 0 | DL30: =DK30*$C30 -> 0 | DN30: =DM30*$C30 -> 0 | DP30: =DO30*$C30 -> 0 | DR30: =DQ30*$C30 -> 0 | DT30: =DS30*$C30 -> 0
A31: 5.16 | B31: CEIM - TIPO 01 - LOUÇAS, ACESSÓRIOS E METAIS | C31: =Orçamento!$K$351 -> 125821.1 | D31: =ROUND($C$31/$C$72,5) -> 0.00749 | F31: =E31*$C31 -> 0 | H31: =G31*$C31 -> 0 | J31: =I31*$C31 -> 0 | L31: =K31*$C31 -> 0 | N31: =M31*$C31 -> 0 | P31: =O31*$C31 -> 0 | R31: =Q31*$C31 -> 0 | T31: =S31*$C31 -> 0 | V31: =U31*$C31 -> 0 | X31: =W31*$C31 -> 0 | Z31: =Y31*$C31 -> 0 | AB31: =AA31*$C31 -> 0 | AD31: =AC31*$C31 -> 0 | AF31: =AE31*$C31 -> 0 | AH31: =AG31*$C31 -> 0 | AJ31: =AI31*$C31 -> 0 | AL31: =AK31*$C31 -> 0 | AN31: =AM31*$C31 -> 0 | AO31: 0.1 | AP31: =AO31*$C31 -> 12582.11 | AQ31: 0.25 | AR31: =AQ31*$C31 -> 31455.275 | AS31: 0.25 | AT31: =AS31*$C31 -> 31455.275 | AU31: 0.4 | AV31: =AU31*$C31 -> 50328.44 | AX31: =AW31*$C31 -> 0 | AZ31: =AY31*$C31 -> 0 | BB31: =BA31*$C31 -> 0 | BD31: =BC31*$C31 -> 0 | BF31: =BE31*$C31 -> 0 | BH31: =BG31*$C31 -> 0 | BJ31: =BI31*$C31 -> 0 | BL31: =BK31*$C31 -> 0 | BN31: =BM31*$C31 -> 0 | BP31: =BO31*$C31 -> 0 | BR31: =BQ31*$C31 -> 0 | BT31: =BS31*$C31 -> 0 | BV31: =BU31*$C31 -> 0 | BX31: =BW31*$C31 -> 0 | BZ31: =BY31*$C31 -> 0 | CB31: =CA31*$C31 -> 0 | CD31: =CC31*$C31 -> 0 | CF31: =CE31*$C31 -> 0 | CH31: =CG31*$C31 -> 0 | CJ31: =CI31*$C31 -> 0 | CL31: =CK31*$C31 -> 0 | CN31: =CM31*$C31 -> 0 | CP31: =CO31*$C31 -> 0 | CR31: =CQ31*$C31 -> 0 | CT31: =CS31*$C31 -> 0 | CV31: =CU31*$C31 -> 0 | CX31: =CW31*$C31 -> 0 | CZ31: =CY31*$C31 -> 0 | DB31: =DA31*$C31 -> 0 | DD31: =DC31*$C31 -> 0 | DF31: =DE31*$C31 -> 0 | DH31: =DG31*$C31 -> 0 | DJ31: =DI31*$C31 -> 0 | DL31: =DK31*$C31 -> 0 | DN31: =DM31*$C31 -> 0 | DP31: =DO31*$C31 -> 0 | DR31: =DQ31*$C31 -> 0 | DT31: =DS31*$C31 -> 0
A32: 5.17 | B32: CEIM - TIPO 01 - INSTALAÇÃO DE GÁS COMBUSTÍVEL | C32: =Orçamento!$K$386 -> 5209.94 | D32: =ROUND($C$32/$C$72,5) -> 0.00031 | F32: =E32*$C32 -> 0 | H32: =G32*$C32 -> 0 | J32: =I32*$C32 -> 0 | L32: =K32*$C32 -> 0 | N32: =M32*$C32 -> 0 | P32: =O32*$C32 -> 0 | R32: =Q32*$C32 -> 0 | T32: =S32*$C32 -> 0 | U32: 0.25 | V32: =U32*$C32 -> 1302.485 | W32: 0.5 | X32: =W32*$C32 -> 2604.97 | Y32: 0.25 | Z32: =Y32*$C32 -> 1302.485 | AB32: =AA32*$C32 -> 0 | AD32: =AC32*$C32 -> 0 | AF32: =AE32*$C32 -> 0 | AH32: =AG32*$C32 -> 0 | AJ32: =AI32*$C32 -> 0 | AL32: =AK32*$C32 -> 0 | AN32: =AM32*$C32 -> 0 | AP32: =AO32*$C32 -> 0 | AR32: =AQ32*$C32 -> 0 | AT32: =AS32*$C32 -> 0 | AV32: =AU32*$C32 -> 0 | AX32: =AW32*$C32 -> 0 | AZ32: =AY32*$C32 -> 0 | BB32: =BA32*$C32 -> 0 | BD32: =BC32*$C32 -> 0 | BF32: =BE32*$C32 -> 0 | BH32: =BG32*$C32 -> 0 | BJ32: =BI32*$C32 -> 0 | BL32: =BK32*$C32 -> 0 | BN32: =BM32*$C32 -> 0 | BP32: =BO32*$C32 -> 0 | BR32: =BQ32*$C32 -> 0 | BT32: =BS32*$C32 -> 0 | BV32: =BU32*$C32 -> 0 | BX32: =BW32*$C32 -> 0 | BZ32: =BY32*$C32 -> 0 | CB32: =CA32*$C32 -> 0 | CD32: =CC32*$C32 -> 0 | CF32: =CE32*$C32 -> 0 | CH32: =CG32*$C32 -> 0 | CJ32: =CI32*$C32 -> 0 | CL32: =CK32*$C32 -> 0 | CN32: =CM32*$C32 -> 0 | CP32: =CO32*$C32 -> 0 | CR32: =CQ32*$C32 -> 0 | CT32: =CS32*$C32 -> 0 | CV32: =CU32*$C32 -> 0 | CX32: =CW32*$C32 -> 0 | CZ32: =CY32*$C32 -> 0 | DB32: =DA32*$C32 -> 0 | DD32: =DC32*$C32 -> 0 | DF32: =DE32*$C32 -> 0 | DH32: =DG32*$C32 -> 0 | DJ32: =DI32*$C32 -> 0 | DL32: =DK32*$C32 -> 0 | DN32: =DM32*$C32 -> 0 | DP32: =DO32*$C32 -> 0 | DR32: =DQ32*$C32 -> 0 | DT32: =DS32*$C32 -> 0
A33: 5.18 | B33: CEIM - TIPO 01 - SISTEMA DE PROTEÇÃO CONTRA INCÊNDIO | C33: =Orçamento!$K$400 -> 90965.69 | D33: =ROUND($C$33/$C$72,5) -> 0.00542 | F33: =E33*$C33 -> 0 | H33: =G33*$C33 -> 0 | J33: =I33*$C33 -> 0 | L33: =K33*$C33 -> 0 | M33: 0.05 | N33: =M33*$C33 -> 4548.2845 | O33: 0.05 | P33: =O33*$C33 -> 4548.2845 | Q33: 0.05 | R33: =Q33*$C33 -> 4548.2845 | S33: 0.05 | T33: =S33*$C33 -> 4548.2845 | U33: 0.05 | V33: =U33*$C33 -> 4548.2845 | W33: 0.05 | X33: =W33*$C33 -> 4548.2845 | Y33: 0.05 | Z33: =Y33*$C33 -> 4548.2845 | AA33: 0.1 | AB33: =AA33*$C33 -> 9096.569 | AC33: 0.1 | AD33: =AC33*$C33 -> 9096.569 | AE33: 0.1 | AF33: =AE33*$C33 -> 9096.569 | AG33: 0.1 | AH33: =AG33*$C33 -> 9096.569 | AI33: 0.1 | AJ33: =AI33*$C33 -> 9096.569 | AK33: 0.1 | AL33: =AK33*$C33 -> 9096.569 | AM33: 0.05 | AN33: =AM33*$C33 -> 4548.2845 | AP33: =AO33*$C33 -> 0 | AR33: =AQ33*$C33 -> 0 | AT33: =AS33*$C33 -> 0 | AV33: =AU33*$C33 -> 0 | AX33: =AW33*$C33 -> 0 | AZ33: =AY33*$C33 -> 0 | BB33: =BA33*$C33 -> 0 | BD33: =BC33*$C33 -> 0 | BF33: =BE33*$C33 -> 0 | BH33: =BG33*$C33 -> 0 | BJ33: =BI33*$C33 -> 0 | BL33: =BK33*$C33 -> 0 | BN33: =BM33*$C33 -> 0 | BP33: =BO33*$C33 -> 0 | BR33: =BQ33*$C33 -> 0 | BT33: =BS33*$C33 -> 0 | BV33: =BU33*$C33 -> 0 | BX33: =BW33*$C33 -> 0 | BZ33: =BY33*$C33 -> 0 | CB33: =CA33*$C33 -> 0 | CD33: =CC33*$C33 -> 0 | CF33: =CE33*$C33 -> 0 | CH33: =CG33*$C33 -> 0 | CJ33: =CI33*$C33 -> 0 | CL33: =CK33*$C33 -> 0 | CN33: =CM33*$C33 -> 0 | CP33: =CO33*$C33 -> 0 | CR33: =CQ33*$C33 -> 0 | CT33: =CS33*$C33 -> 0 | CV33: =CU33*$C33 -> 0 | CX33: =CW33*$C33 -> 0 | CZ33: =CY33*$C33 -> 0 | DB33: =DA33*$C33 -> 0 | DD33: =DC33*$C33 -> 0 | DF33: =DE33*$C33 -> 0 | DH33: =DG33*$C33 -> 0 | DJ33: =DI33*$C33 -> 0 | DL33: =DK33*$C33 -> 0 | DN33: =DM33*$C33 -> 0 | DP33: =DO33*$C33 -> 0 | DR33: =DQ33*$C33 -> 0 | DT33: =DS33*$C33 -> 0
A34: 5.19 | B34: CEIM - TIPO 01 - INSTALAÇÕES ELÉTRICAS | C34: =Orçamento!$K$426 -> 347447.6 | D34: =ROUND($C$34/$C$72,5) -> 0.0207 | F34: =E34*$C34 -> 0 | H34: =G34*$C34 -> 0 | J34: =I34*$C34 -> 0 | L34: =K34*$C34 -> 0 | N34: =M34*$C34 -> 0 | P34: =O34*$C34 -> 0 | R34: =Q34*$C34 -> 0 | T34: =S34*$C34 -> 0 | U34: 0.05 | V34: =U34*$C34 -> 17372.38 | W34: 0.05 | X34: =W34*$C34 -> 17372.38 | Y34: 0.05 | Z34: =Y34*$C34 -> 17372.38 | AA34: 0.05 | AB34: =AA34*$C34 -> 17372.38 | AC34: 0.05 | AD34: =AC34*$C34 -> 17372.38 | AE34: 0.05 | AF34: =AE34*$C34 -> 17372.38 | AG34: 0.1 | AH34: =AG34*$C34 -> 34744.76 | AI34: 0.1 | AJ34: =AI34*$C34 -> 34744.76 | AK34: 0.1 | AL34: =AK34*$C34 -> 34744.76 | AN34: =AM34*$C34 -> 0 | AO34: 0.2 | AP34: =AO34*$C34 -> 69489.52 | AQ34: 0.1 | AR34: =AQ34*$C34 -> 34744.76 | AS34: 0.1 | AT34: =AS34*$C34 -> 34744.76 | AV34: =AU34*$C34 -> 0 | AX34: =AW34*$C34 -> 0 | AZ34: =AY34*$C34 -> 0 | BB34: =BA34*$C34 -> 0 | BD34: =BC34*$C34 -> 0 | BF34: =BE34*$C34 -> 0 | BH34: =BG34*$C34 -> 0 | BJ34: =BI34*$C34 -> 0 | BL34: =BK34*$C34 -> 0 | BN34: =BM34*$C34 -> 0 | BP34: =BO34*$C34 -> 0 | BR34: =BQ34*$C34 -> 0 | BT34: =BS34*$C34 -> 0 | BV34: =BU34*$C34 -> 0 | BX34: =BW34*$C34 -> 0 | BZ34: =BY34*$C34 -> 0 | CB34: =CA34*$C34 -> 0 | CD34: =CC34*$C34 -> 0 | CF34: =CE34*$C34 -> 0 | CH34: =CG34*$C34 -> 0 | CJ34: =CI34*$C34 -> 0 | CL34: =CK34*$C34 -> 0 | CN34: =CM34*$C34 -> 0 | CP34: =CO34*$C34 -> 0 | CR34: =CQ34*$C34 -> 0 | CT34: =CS34*$C34 -> 0 | CV34: =CU34*$C34 -> 0 | CX34: =CW34*$C34 -> 0 | CZ34: =CY34*$C34 -> 0 | DB34: =DA34*$C34 -> 0 | DD34: =DC34*$C34 -> 0 | DF34: =DE34*$C34 -> 0 | DH34: =DG34*$C34 -> 0 | DJ34: =DI34*$C34 -> 0 | DL34: =DK34*$C34 -> 0 | DN34: =DM34*$C34 -> 0 | DP34: =DO34*$C34 -> 0 | DR34: =DQ34*$C34 -> 0 | DT34: =DS34*$C34 -> 0
A35: 5.20 | B35: CEIM - TIPO 01 - INSTALAÇÕES DE CLIMATIZAÇÃO | C35: =Orçamento!$K$485 -> 27533.69 | D35: =ROUND($C$35/$C$72,5) -> 0.00164 | F35: =E35*$C35 -> 0 | H35: =G35*$C35 -> 0 | J35: =I35*$C35 -> 0 | L35: =K35*$C35 -> 0 | N35: =M35*$C35 -> 0 | P35: =O35*$C35 -> 0 | R35: =Q35*$C35 -> 0 | T35: =S35*$C35 -> 0 | V35: =U35*$C35 -> 0 | X35: =W35*$C35 -> 0 | Y35: 0.25 | Z35: =Y35*$C35 -> 6883.4225 | AA35: 0.25 | AB35: =AA35*$C35 -> 6883.4225 | AC35: 0.25 | AD35: =AC35*$C35 -> 6883.4225 | AE35: 0.25 | AF35: =AE35*$C35 -> 6883.4225 | AH35: =AG35*$C35 -> 0 | AJ35: =AI35*$C35 -> 0 | AL35: =AK35*$C35 -> 0 | AN35: =AM35*$C35 -> 0 | AP35: =AO35*$C35 -> 0 | AR35: =AQ35*$C35 -> 0 | AT35: =AS35*$C35 -> 0 | AV35: =AU35*$C35 -> 0 | AX35: =AW35*$C35 -> 0 | AZ35: =AY35*$C35 -> 0 | BB35: =BA35*$C35 -> 0 | BD35: =BC35*$C35 -> 0 | BF35: =BE35*$C35 -> 0 | BH35: =BG35*$C35 -> 0 | BJ35: =BI35*$C35 -> 0 | BL35: =BK35*$C35 -> 0 | BN35: =BM35*$C35 -> 0 | BP35: =BO35*$C35 -> 0 | BR35: =BQ35*$C35 -> 0 | BT35: =BS35*$C35 -> 0 | BV35: =BU35*$C35 -> 0 | BX35: =BW35*$C35 -> 0 | BZ35: =BY35*$C35 -> 0 | CB35: =CA35*$C35 -> 0 | CD35: =CC35*$C35 -> 0 | CF35: =CE35*$C35 -> 0 | CH35: =CG35*$C35 -> 0 | CJ35: =CI35*$C35 -> 0 | CL35: =CK35*$C35 -> 0 | CN35: =CM35*$C35 -> 0 | CP35: =CO35*$C35 -> 0 | CR35: =CQ35*$C35 -> 0 | CT35: =CS35*$C35 -> 0 | CV35: =CU35*$C35 -> 0 | CX35: =CW35*$C35 -> 0 | CZ35: =CY35*$C35 -> 0 | DB35: =DA35*$C35 -> 0 | DD35: =DC35*$C35 -> 0 | DF35: =DE35*$C35 -> 0 | DH35: =DG35*$C35 -> 0 | DJ35: =DI35*$C35 -> 0 | DL35: =DK35*$C35 -> 0 | DN35: =DM35*$C35 -> 0 | DP35: =DO35*$C35 -> 0 | DR35: =DQ35*$C35 -> 0 | DT35: =DS35*$C35 -> 0
A36: 5.21 | B36: CEIM - TIPO 01 - INSTALAÇÕES DE CABEAMENTO ESTRUTURADO | C36: =Orçamento!$K$497 -> 53077.59 | D36: =ROUND($C$36/$C$72,5) -> 0.00316 | F36: =E36*$C36 -> 0 | H36: =G36*$C36 -> 0 | J36: =I36*$C36 -> 0 | L36: =K36*$C36 -> 0 | N36: =M36*$C36 -> 0 | P36: =O36*$C36 -> 0 | R36: =Q36*$C36 -> 0 | T36: =S36*$C36 -> 0 | V36: =U36*$C36 -> 0 | X36: =W36*$C36 -> 0 | Z36: =Y36*$C36 -> 0 | AB36: =AA36*$C36 -> 0 | AD36: =AC36*$C36 -> 0 | AF36: =AE36*$C36 -> 0 | AG36: 0.1 | AH36: =AG36*$C36 -> 5307.759 | AI36: 0.1 | AJ36: =AI36*$C36 -> 5307.759 | AK36: 0.1 | AL36: =AK36*$C36 -> 5307.759 | AM36: 0.1 | AN36: =AM36*$C36 -> 5307.759 | AO36: 0.1 | AP36: =AO36*$C36 -> 5307.759 | AQ36: 0.1 | AR36: =AQ36*$C36 -> 5307.759 | AS36: 0.1 | AT36: =AS36*$C36 -> 5307.759 | AU36: 0.1 | AV36: =AU36*$C36 -> 5307.759 | AW36: 0.1 | AX36: =AW36*$C36 -> 5307.759 | AY36: 0.1 | AZ36: =AY36*$C36 -> 5307.759 | BB36: =BA36*$C36 -> 0 | BD36: =BC36*$C36 -> 0 | BF36: =BE36*$C36 -> 0 | BH36: =BG36*$C36 -> 0 | BJ36: =BI36*$C36 -> 0 | BL36: =BK36*$C36 -> 0 | BN36: =BM36*$C36 -> 0 | BP36: =BO36*$C36 -> 0 | BR36: =BQ36*$C36 -> 0 | BT36: =BS36*$C36 -> 0 | BV36: =BU36*$C36 -> 0 | BX36: =BW36*$C36 -> 0 | BZ36: =BY36*$C36 -> 0 | CB36: =CA36*$C36 -> 0 | CD36: =CC36*$C36 -> 0 | CF36: =CE36*$C36 -> 0 | CH36: =CG36*$C36 -> 0 | CJ36: =CI36*$C36 -> 0 | CL36: =CK36*$C36 -> 0 | CN36: =CM36*$C36 -> 0 | CP36: =CO36*$C36 -> 0 | CR36: =CQ36*$C36 -> 0 | CT36: =CS36*$C36 -> 0 | CV36: =CU36*$C36 -> 0 | CX36: =CW36*$C36 -> 0 | CZ36: =CY36*$C36 -> 0 | DB36: =DA36*$C36 -> 0 | DD36: =DC36*$C36 -> 0 | DF36: =DE36*$C36 -> 0 | DH36: =DG36*$C36 -> 0 | DJ36: =DI36*$C36 -> 0 | DL36: =DK36*$C36 -> 0 | DN36: =DM36*$C36 -> 0 | DP36: =DO36*$C36 -> 0 | DR36: =DQ36*$C36 -> 0 | DT36: =DS36*$C36 -> 0
A37: 5.22 | B37: CEIM - TIPO 01 - SISTEMA DE EXAUSTÃO MECÂNICA | C37: =Orçamento!$K$525 -> 7617.45 | D37: =ROUND($C$37/$C$72,5) -> 0.00045 | F37: =E37*$C37 -> 0 | H37: =G37*$C37 -> 0 | J37: =I37*$C37 -> 0 | L37: =K37*$C37 -> 0 | N37: =M37*$C37 -> 0 | P37: =O37*$C37 -> 0 | R37: =Q37*$C37 -> 0 | T37: =S37*$C37 -> 0 | V37: =U37*$C37 -> 0 | X37: =W37*$C37 -> 0 | Y37: 0.25 | Z37: =Y37*$C37 -> 1904.3625 | AB37: =AA37*$C37 -> 0 | AD37: =AC37*$C37 -> 0 | AF37: =AE37*$C37 -> 0 | AH37: =AG37*$C37 -> 0 | AJ37: =AI37*$C37 -> 0 | AL37: =AK37*$C37 -> 0 | AN37: =AM37*$C37 -> 0 | AP37: =AO37*$C37 -> 0 | AR37: =AQ37*$C37 -> 0 | AT37: =AS37*$C37 -> 0 | AU37: 0.75 | AV37: =AU37*$C37 -> 5713.0875 | AX37: =AW37*$C37 -> 0 | AZ37: =AY37*$C37 -> 0 | BB37: =BA37*$C37 -> 0 | BD37: =BC37*$C37 -> 0 | BF37: =BE37*$C37 -> 0 | BH37: =BG37*$C37 -> 0 | BJ37: =BI37*$C37 -> 0 | BL37: =BK37*$C37 -> 0 | BN37: =BM37*$C37 -> 0 | BP37: =BO37*$C37 -> 0 | BR37: =BQ37*$C37 -> 0 | BT37: =BS37*$C37 -> 0 | BV37: =BU37*$C37 -> 0 | BX37: =BW37*$C37 -> 0 | BZ37: =BY37*$C37 -> 0 | CB37: =CA37*$C37 -> 0 | CD37: =CC37*$C37 -> 0 | CF37: =CE37*$C37 -> 0 | CH37: =CG37*$C37 -> 0 | CJ37: =CI37*$C37 -> 0 | CL37: =CK37*$C37 -> 0 | CN37: =CM37*$C37 -> 0 | CP37: =CO37*$C37 -> 0 | CR37: =CQ37*$C37 -> 0 | CT37: =CS37*$C37 -> 0 | CV37: =CU37*$C37 -> 0 | CX37: =CW37*$C37 -> 0 | CZ37: =CY37*$C37 -> 0 | DB37: =DA37*$C37 -> 0 | DD37: =DC37*$C37 -> 0 | DF37: =DE37*$C37 -> 0 | DH37: =DG37*$C37 -> 0 | DJ37: =DI37*$C37 -> 0 | DL37: =DK37*$C37 -> 0 | DN37: =DM37*$C37 -> 0 | DP37: =DO37*$C37 -> 0 | DR37: =DQ37*$C37 -> 0 | DT37: =DS37*$C37 -> 0
A38: 5.23 | B38: CEIM - TIPO 01 - SISTEMA DE PROTEÇÃO CONTRA DESCARGAS ATMOSFÉRICAS (SPDA) | C38: =Orçamento!$K$529 -> 92486.8 | D38: =ROUND($C$38/$C$72,5) -> 0.00551 | F38: =E38*$C38 -> 0 | H38: =G38*$C38 -> 0 | J38: =I38*$C38 -> 0 | L38: =K38*$C38 -> 0 | N38: =M38*$C38 -> 0 | P38: =O38*$C38 -> 0 | R38: =Q38*$C38 -> 0 | T38: =S38*$C38 -> 0 | V38: =U38*$C38 -> 0 | X38: =W38*$C38 -> 0 | Y38: 0.1 | Z38: =Y38*$C38 -> 9248.68 | AA38: 0.1 | AB38: =AA38*$C38 -> 9248.68 | AC38: 0.1 | AD38: =AC38*$C38 -> 9248.68 | AE38: 0.1 | AF38: =AE38*$C38 -> 9248.68 | AG38: 0.1 | AH38: =AG38*$C38 -> 9248.68 | AI38: 0.1 | AJ38: =AI38*$C38 -> 9248.68 | AK38: 0.1 | AL38: =AK38*$C38 -> 9248.68 | AM38: 0.1 | AN38: =AM38*$C38 -> 9248.68 | AO38: 0.1 | AP38: =AO38*$C38 -> 9248.68 | AQ38: 0.1 | AR38: =AQ38*$C38 -> 9248.68 | AT38: =AS38*$C38 -> 0 | AV38: =AU38*$C38 -> 0 | AX38: =AW38*$C38 -> 0 | AZ38: =AY38*$C38 -> 0 | BB38: =BA38*$C38 -> 0 | BD38: =BC38*$C38 -> 0 | BF38: =BE38*$C38 -> 0 | BH38: =BG38*$C38 -> 0 | BJ38: =BI38*$C38 -> 0 | BL38: =BK38*$C38 -> 0 | BN38: =BM38*$C38 -> 0 | BP38: =BO38*$C38 -> 0 | BR38: =BQ38*$C38 -> 0 | BT38: =BS38*$C38 -> 0 | BV38: =BU38*$C38 -> 0 | BX38: =BW38*$C38 -> 0 | BZ38: =BY38*$C38 -> 0 | CB38: =CA38*$C38 -> 0 | CD38: =CC38*$C38 -> 0 | CF38: =CE38*$C38 -> 0 | CH38: =CG38*$C38 -> 0 | CJ38: =CI38*$C38 -> 0 | CL38: =CK38*$C38 -> 0 | CN38: =CM38*$C38 -> 0 | CP38: =CO38*$C38 -> 0 | CR38: =CQ38*$C38 -> 0 | CT38: =CS38*$C38 -> 0 | CV38: =CU38*$C38 -> 0 | CX38: =CW38*$C38 -> 0 | CZ38: =CY38*$C38 -> 0 | DB38: =DA38*$C38 -> 0 | DD38: =DC38*$C38 -> 0 | DF38: =DE38*$C38 -> 0 | DH38: =DG38*$C38 -> 0 | DJ38: =DI38*$C38 -> 0 | DL38: =DK38*$C38 -> 0 | DN38: =DM38*$C38 -> 0 | DP38: =DO38*$C38 -> 0 | DR38: =DQ38*$C38 -> 0 | DT38: =DS38*$C38 -> 0
A39: 5.24 | B39: CEIM - TIPO 01 - SERVIÇOS COMPLEMENTARES | C39: =Orçamento!$K$544 -> 180724.55 | D39: =ROUND($C$39/$C$72,5) -> 0.01076 | F39: =E39*$C39 -> 0 | H39: =G39*$C39 -> 0 | J39: =I39*$C39 -> 0 | L39: =K39*$C39 -> 0 | N39: =M39*$C39 -> 0 | P39: =O39*$C39 -> 0 | R39: =Q39*$C39 -> 0 | T39: =S39*$C39 -> 0 | V39: =U39*$C39 -> 0 | X39: =W39*$C39 -> 0 | Z39: =Y39*$C39 -> 0 | AB39: =AA39*$C39 -> 0 | AD39: =AC39*$C39 -> 0 | AF39: =AE39*$C39 -> 0 | AH39: =AG39*$C39 -> 0 | AJ39: =AI39*$C39 -> 0 | AL39: =AK39*$C39 -> 0 | AN39: =AM39*$C39 -> 0 | AP39: =AO39*$C39 -> 0 | AR39: =AQ39*$C39 -> 0 | AT39: =AS39*$C39 -> 0 | AV39: =AU39*$C39 -> 0 | AW39: 0.5 | AX39: =AW39*$C39 -> 90362.275 | AY39: 0.5 | AZ39: =AY39*$C39 -> 90362.275 | BB39: =BA39*$C39 -> 0 | BD39: =BC39*$C39 -> 0 | BF39: =BE39*$C39 -> 0 | BH39: =BG39*$C39 -> 0 | BJ39: =BI39*$C39 -> 0 | BL39: =BK39*$C39 -> 0 | BN39: =BM39*$C39 -> 0 | BP39: =BO39*$C39 -> 0 | BR39: =BQ39*$C39 -> 0 | BT39: =BS39*$C39 -> 0 | BV39: =BU39*$C39 -> 0 | BX39: =BW39*$C39 -> 0 | BZ39: =BY39*$C39 -> 0 | CB39: =CA39*$C39 -> 0 | CD39: =CC39*$C39 -> 0 | CF39: =CE39*$C39 -> 0 | CH39: =CG39*$C39 -> 0 | CJ39: =CI39*$C39 -> 0 | CL39: =CK39*$C39 -> 0 | CN39: =CM39*$C39 -> 0 | CP39: =CO39*$C39 -> 0 | CR39: =CQ39*$C39 -> 0 | CT39: =CS39*$C39 -> 0 | CV39: =CU39*$C39 -> 0 | CX39: =CW39*$C39 -> 0 | CZ39: =CY39*$C39 -> 0 | DB39: =DA39*$C39 -> 0 | DD39: =DC39*$C39 -> 0 | DF39: =DE39*$C39 -> 0 | DH39: =DG39*$C39 -> 0 | DJ39: =DI39*$C39 -> 0 | DL39: =DK39*$C39 -> 0 | DN39: =DM39*$C39 -> 0 | DP39: =DO39*$C39 -> 0 | DR39: =DQ39*$C39 -> 0 | DT39: =DS39*$C39 -> 0
A40: 5.25 | B40: CEIM - TIPO 01 - SERVIÇOS FINAIS | C40: =Orçamento!$K$553 -> 6736.69 | D40: =ROUND($C$40/$C$72,5) -> 0.0004 | F40: =E40*$C40 -> 0 | H40: =G40*$C40 -> 0 | J40: =I40*$C40 -> 0 | L40: =K40*$C40 -> 0 | N40: =M40*$C40 -> 0 | P40: =O40*$C40 -> 0 | R40: =Q40*$C40 -> 0 | T40: =S40*$C40 -> 0 | V40: =U40*$C40 -> 0 | X40: =W40*$C40 -> 0 | Z40: =Y40*$C40 -> 0 | AB40: =AA40*$C40 -> 0 | AD40: =AC40*$C40 -> 0 | AF40: =AE40*$C40 -> 0 | AH40: =AG40*$C40 -> 0 | AJ40: =AI40*$C40 -> 0 | AL40: =AK40*$C40 -> 0 | AN40: =AM40*$C40 -> 0 | AP40: =AO40*$C40 -> 0 | AR40: =AQ40*$C40 -> 0 | AT40: =AS40*$C40 -> 0 | AV40: =AU40*$C40 -> 0 | AX40: =AW40*$C40 -> 0 | AY40: 1 | AZ40: =AY40*$C40 -> 6736.69 | BB40: =BA40*$C40 -> 0 | BD40: =BC40*$C40 -> 0 | BF40: =BE40*$C40 -> 0 | BH40: =BG40*$C40 -> 0 | BJ40: =BI40*$C40 -> 0 | BL40: =BK40*$C40 -> 0 | BN40: =BM40*$C40 -> 0 | BP40: =BO40*$C40 -> 0 | BR40: =BQ40*$C40 -> 0 | BT40: =BS40*$C40 -> 0 | BV40: =BU40*$C40 -> 0 | BX40: =BW40*$C40 -> 0 | BZ40: =BY40*$C40 -> 0 | CB40: =CA40*$C40 -> 0 | CD40: =CC40*$C40 -> 0 | CF40: =CE40*$C40 -> 0 | CH40: =CG40*$C40 -> 0 | CJ40: =CI40*$C40 -> 0 | CL40: =CK40*$C40 -> 0 | CN40: =CM40*$C40 -> 0 | CP40: =CO40*$C40 -> 0 | CR40: =CQ40*$C40 -> 0 | CT40: =CS40*$C40 -> 0 | CV40: =CU40*$C40 -> 0 | CX40: =CW40*$C40 -> 0 | CZ40: =CY40*$C40 -> 0 | DB40: =DA40*$C40 -> 0 | DD40: =DC40*$C40 -> 0 | DF40: =DE40*$C40 -> 0 | DH40: =DG40*$C40 -> 0 | DJ40: =DI40*$C40 -> 0 | DL40: =DK40*$C40 -> 0 | DN40: =DM40*$C40 -> 0 | DP40: =DO40*$C40 -> 0 | DR40: =DQ40*$C40 -> 0 | DT40: =DS40*$C40 -> 0
A41: 6.1 | B41: EBM - 9 SALAS 2 PAVIMENTOS - MOVIMENTAÇÕES DE TERRA PARA FUNDAÇÕES | C41: =Orçamento!$K$557 -> 79974.14 | D41: =ROUND($C$41/$C$72,5) -> 0.00476 | F41: =E41*$C41 -> 0 | H41: =G41*$C41 -> 0 | J41: =I41*$C41 -> 0 | K41: 0.3 | L41: =K41*$C41 -> 23992.242 | M41: 0.3 | N41: =M41*$C41 -> 23992.242 | O41: 0.2 | P41: =O41*$C41 -> 15994.828 | Q41: 0.1 | R41: =Q41*$C41 -> 7997.414 | S41: 0.1 | T41: =S41*$C41 -> 7997.414 | V41: =U41*$C41 -> 0 | X41: =W41*$C41 -> 0 | Z41: =Y41*$C41 -> 0 | AB41: =AA41*$C41 -> 0 | AD41: =AC41*$C41 -> 0 | AF41: =AE41*$C41 -> 0 | AH41: =AG41*$C41 -> 0 | AJ41: =AI41*$C41 -> 0 | AL41: =AK41*$C41 -> 0 | AN41: =AM41*$C41 -> 0 | AP41: =AO41*$C41 -> 0 | AR41: =AQ41*$C41 -> 0 | AT41: =AS41*$C41 -> 0 | AV41: =AU41*$C41 -> 0 | AX41: =AW41*$C41 -> 0 | AZ41: =AY41*$C41 -> 0 | BB41: =BA41*$C41 -> 0 | BD41: =BC41*$C41 -> 0 | BF41: =BE41*$C41 -> 0 | BH41: =BG41*$C41 -> 0 | BJ41: =BI41*$C41 -> 0 | BL41: =BK41*$C41 -> 0 | BN41: =BM41*$C41 -> 0 | BP41: =BO41*$C41 -> 0 | BR41: =BQ41*$C41 -> 0 | BT41: =BS41*$C41 -> 0 | BV41: =BU41*$C41 -> 0 | BX41: =BW41*$C41 -> 0 | BZ41: =BY41*$C41 -> 0 | CB41: =CA41*$C41 -> 0 | CD41: =CC41*$C41 -> 0 | CF41: =CE41*$C41 -> 0 | CH41: =CG41*$C41 -> 0 | CJ41: =CI41*$C41 -> 0 | CL41: =CK41*$C41 -> 0 | CN41: =CM41*$C41 -> 0 | CP41: =CO41*$C41 -> 0 | CR41: =CQ41*$C41 -> 0 | CT41: =CS41*$C41 -> 0 | CV41: =CU41*$C41 -> 0 | CX41: =CW41*$C41 -> 0 | CZ41: =CY41*$C41 -> 0 | DB41: =DA41*$C41 -> 0 | DD41: =DC41*$C41 -> 0 | DF41: =DE41*$C41 -> 0 | DH41: =DG41*$C41 -> 0 | DJ41: =DI41*$C41 -> 0 | DL41: =DK41*$C41 -> 0 | DN41: =DM41*$C41 -> 0 | DP41: =DO41*$C41 -> 0 | DR41: =DQ41*$C41 -> 0 | DT41: =DS41*$C41 -> 0
A42: 6.2 | B42: EBM - 9 SALAS 2 PAVIMENTOS - FUNDAÇÕES | C42: =Orçamento!$K$562 -> 1366822 | D42: =ROUND($C$42/$C$72,5) -> 0.08141 | F42: =E42*$C42 -> 0 | H42: =G42*$C42 -> 0 | I42: 0.25 | J42: =I42*$C42 -> 341705.5 | K42: 0.5 | L42: =K42*$C42 -> 683410.99 | M42: 0.25 | N42: =M42*$C42 -> 341705.5 | P42: =O42*$C42 -> 0 | R42: =Q42*$C42 -> 0 | T42: =S42*$C42 -> 0 | V42: =U42*$C42 -> 0 | X42: =W42*$C42 -> 0 | Z42: =Y42*$C42 -> 0 | AB42: =AA42*$C42 -> 0 | AD42: =AC42*$C42 -> 0 | AF42: =AE42*$C42 -> 0 | AH42: =AG42*$C42 -> 0 | AJ42: =AI42*$C42 -> 0 | AL42: =AK42*$C42 -> 0 | AN42: =AM42*$C42 -> 0 | AP42: =AO42*$C42 -> 0 | AR42: =AQ42*$C42 -> 0 | AT42: =AS42*$C42 -> 0 | AV42: =AU42*$C42 -> 0 | AX42: =AW42*$C42 -> 0 | AZ42: =AY42*$C42 -> 0 | BB42: =BA42*$C42 -> 0 | BD42: =BC42*$C42 -> 0 | BF42: =BE42*$C42 -> 0 | BH42: =BG42*$C42 -> 0 | BJ42: =BI42*$C42 -> 0 | BL42: =BK42*$C42 -> 0 | BN42: =BM42*$C42 -> 0 | BP42: =BO42*$C42 -> 0 | BR42: =BQ42*$C42 -> 0 | BT42: =BS42*$C42 -> 0 | BV42: =BU42*$C42 -> 0 | BX42: =BW42*$C42 -> 0 | BZ42: =BY42*$C42 -> 0 | CB42: =CA42*$C42 -> 0 | CD42: =CC42*$C42 -> 0 | CF42: =CE42*$C42 -> 0 | CH42: =CG42*$C42 -> 0 | CJ42: =CI42*$C42 -> 0 | CL42: =CK42*$C42 -> 0 | CN42: =CM42*$C42 -> 0 | CP42: =CO42*$C42 -> 0 | CR42: =CQ42*$C42 -> 0 | CT42: =CS42*$C42 -> 0 | CV42: =CU42*$C42 -> 0 | CX42: =CW42*$C42 -> 0 | CZ42: =CY42*$C42 -> 0 | DB42: =DA42*$C42 -> 0 | DD42: =DC42*$C42 -> 0 | DF42: =DE42*$C42 -> 0 | DH42: =DG42*$C42 -> 0 | DJ42: =DI42*$C42 -> 0 | DL42: =DK42*$C42 -> 0 | DN42: =DM42*$C42 -> 0 | DP42: =DO42*$C42 -> 0 | DR42: =DQ42*$C42 -> 0 | DT42: =DS42*$C42 -> 0
A43: 6.3 | B43: EBM - 9 SALAS 2 PAVIMENTOS - SUPERESTRUTURA | C43: =Orçamento!$K$607 -> 1245016.1 | D43: =ROUND($C$43/$C$72,5) -> 0.07416 | F43: =E43*$C43 -> 0 | H43: =G43*$C43 -> 0 | J43: =I43*$C43 -> 0 | L43: =K43*$C43 -> 0 | M43: 0.25 | N43: =M43*$C43 -> 311254.02 | O43: 0.4 | P43: =O43*$C43 -> 498006.43 | Q43: 0.25 | R43: =Q43*$C43 -> 311254.02 | S43: 0.1 | T43: =S43*$C43 -> 124501.61 | V43: =U43*$C43 -> 0 | X43: =W43*$C43 -> 0 | Z43: =Y43*$C43 -> 0 | AB43: =AA43*$C43 -> 0 | AD43: =AC43*$C43 -> 0 | AF43: =AE43*$C43 -> 0 | AH43: =AG43*$C43 -> 0 | AJ43: =AI43*$C43 -> 0 | AL43: =AK43*$C43 -> 0 | AN43: =AM43*$C43 -> 0 | AP43: =AO43*$C43 -> 0 | AR43: =AQ43*$C43 -> 0 | AT43: =AS43*$C43 -> 0 | AV43: =AU43*$C43 -> 0 | AX43: =AW43*$C43 -> 0 | AZ43: =AY43*$C43 -> 0 | BB43: =BA43*$C43 -> 0 | BD43: =BC43*$C43 -> 0 | BF43: =BE43*$C43 -> 0 | BH43: =BG43*$C43 -> 0 | BJ43: =BI43*$C43 -> 0 | BL43: =BK43*$C43 -> 0 | BN43: =BM43*$C43 -> 0 | BP43: =BO43*$C43 -> 0 | BR43: =BQ43*$C43 -> 0 | BT43: =BS43*$C43 -> 0 | BV43: =BU43*$C43 -> 0 | BX43: =BW43*$C43 -> 0 | BZ43: =BY43*$C43 -> 0 | CB43: =CA43*$C43 -> 0 | CD43: =CC43*$C43 -> 0 | CF43: =CE43*$C43 -> 0 | CH43: =CG43*$C43 -> 0 | CJ43: =CI43*$C43 -> 0 | CL43: =CK43*$C43 -> 0 | CN43: =CM43*$C43 -> 0 | CP43: =CO43*$C43 -> 0 | CR43: =CQ43*$C43 -> 0 | CT43: =CS43*$C43 -> 0 | CV43: =CU43*$C43 -> 0 | CX43: =CW43*$C43 -> 0 | CZ43: =CY43*$C43 -> 0 | DB43: =DA43*$C43 -> 0 | DD43: =DC43*$C43 -> 0 | DF43: =DE43*$C43 -> 0 | DH43: =DG43*$C43 -> 0 | DJ43: =DI43*$C43 -> 0 | DL43: =DK43*$C43 -> 0 | DN43: =DM43*$C43 -> 0 | DP43: =DO43*$C43 -> 0 | DR43: =DQ43*$C43 -> 0 | DT43: =DS43*$C43 -> 0
A44: 6.4 | B44: EBM - 9 SALAS 2 PAVIMENTOS - ESTRUTURA METÁLICA | C44: =Orçamento!$K$666 -> 1041364 | D44: =ROUND($C$44/$C$72,5) -> 0.06203 | F44: =E44*$C44 -> 0 | H44: =G44*$C44 -> 0 | J44: =I44*$C44 -> 0 | L44: =K44*$C44 -> 0 | N44: =M44*$C44 -> 0 | P44: =O44*$C44 -> 0 | Q44: 0.25 | R44: =Q44*$C44 -> 260341.01 | S44: 0.25 | T44: =S44*$C44 -> 260341.01 | U44: 0.25 | V44: =U44*$C44 -> 260341.01 | W44: 0.25 | X44: =W44*$C44 -> 260341.01 | Z44: =Y44*$C44 -> 0 | AB44: =AA44*$C44 -> 0 | AD44: =AC44*$C44 -> 0 | AF44: =AE44*$C44 -> 0 | AH44: =AG44*$C44 -> 0 | AJ44: =AI44*$C44 -> 0 | AL44: =AK44*$C44 -> 0 | AN44: =AM44*$C44 -> 0 | AP44: =AO44*$C44 -> 0 | AR44: =AQ44*$C44 -> 0 | AT44: =AS44*$C44 -> 0 | AV44: =AU44*$C44 -> 0 | AX44: =AW44*$C44 -> 0 | AZ44: =AY44*$C44 -> 0 | BB44: =BA44*$C44 -> 0 | BD44: =BC44*$C44 -> 0 | BF44: =BE44*$C44 -> 0 | BH44: =BG44*$C44 -> 0 | BJ44: =BI44*$C44 -> 0 | BL44: =BK44*$C44 -> 0 | BN44: =BM44*$C44 -> 0 | BP44: =BO44*$C44 -> 0 | BR44: =BQ44*$C44 -> 0 | BT44: =BS44*$C44 -> 0 | BV44: =BU44*$C44 -> 0 | BX44: =BW44*$C44 -> 0 | BZ44: =BY44*$C44 -> 0 | CB44: =CA44*$C44 -> 0 | CD44: =CC44*$C44 -> 0 | CF44: =CE44*$C44 -> 0 | CH44: =CG44*$C44 -> 0 | CJ44: =CI44*$C44 -> 0 | CL44: =CK44*$C44 -> 0 | CN44: =CM44*$C44 -> 0 | CP44: =CO44*$C44 -> 0 | CR44: =CQ44*$C44 -> 0 | CT44: =CS44*$C44 -> 0 | CV44: =CU44*$C44 -> 0 | CX44: =CW44*$C44 -> 0 | CZ44: =CY44*$C44 -> 0 | DB44: =DA44*$C44 -> 0 | DD44: =DC44*$C44 -> 0 | DF44: =DE44*$C44 -> 0 | DH44: =DG44*$C44 -> 0 | DJ44: =DI44*$C44 -> 0 | DL44: =DK44*$C44 -> 0 | DN44: =DM44*$C44 -> 0 | DP44: =DO44*$C44 -> 0 | DR44: =DQ44*$C44 -> 0 | DT44: =DS44*$C44 -> 0
A45: 6.5 | B45: EBM - 9 SALAS 2 PAVIMENTOS - PISO DE CONCRETO | C45: =Orçamento!$K$668 -> 381133.9 | D45: =ROUND($C$45/$C$72,5) -> 0.0227 | F45: =E45*$C45 -> 0 | H45: =G45*$C45 -> 0 | J45: =I45*$C45 -> 0 | L45: =K45*$C45 -> 0 | N45: =M45*$C45 -> 0 | P45: =O45*$C45 -> 0 | Q45: 0.25 | R45: =Q45*$C45 -> 95283.475 | S45: 0.25 | T45: =S45*$C45 -> 95283.475 | U45: 0.2 | V45: =U45*$C45 -> 76226.78 | W45: 0.2 | X45: =W45*$C45 -> 76226.78 | Y45: 0.05 | Z45: =Y45*$C45 -> 19056.695 | AA45: 0.05 | AB45: =AA45*$C45 -> 19056.695 | AD45: =AC45*$C45 -> 0 | AF45: =AE45*$C45 -> 0 | AH45: =AG45*$C45 -> 0 | AJ45: =AI45*$C45 -> 0 | AL45: =AK45*$C45 -> 0 | AN45: =AM45*$C45 -> 0 | AP45: =AO45*$C45 -> 0 | AR45: =AQ45*$C45 -> 0 | AT45: =AS45*$C45 -> 0 | AV45: =AU45*$C45 -> 0 | AX45: =AW45*$C45 -> 0 | AZ45: =AY45*$C45 -> 0 | BB45: =BA45*$C45 -> 0 | BD45: =BC45*$C45 -> 0 | BF45: =BE45*$C45 -> 0 | BH45: =BG45*$C45 -> 0 | BJ45: =BI45*$C45 -> 0 | BL45: =BK45*$C45 -> 0 | BN45: =BM45*$C45 -> 0 | BP45: =BO45*$C45 -> 0 | BR45: =BQ45*$C45 -> 0 | BT45: =BS45*$C45 -> 0 | BV45: =BU45*$C45 -> 0 | BX45: =BW45*$C45 -> 0 | BZ45: =BY45*$C45 -> 0 | CB45: =CA45*$C45 -> 0 | CD45: =CC45*$C45 -> 0 | CF45: =CE45*$C45 -> 0 | CH45: =CG45*$C45 -> 0 | CJ45: =CI45*$C45 -> 0 | CL45: =CK45*$C45 -> 0 | CN45: =CM45*$C45 -> 0 | CP45: =CO45*$C45 -> 0 | CR45: =CQ45*$C45 -> 0 | CT45: =CS45*$C45 -> 0 | CV45: =CU45*$C45 -> 0 | CX45: =CW45*$C45 -> 0 | CZ45: =CY45*$C45 -> 0 | DB45: =DA45*$C45 -> 0 | DD45: =DC45*$C45 -> 0 | DF45: =DE45*$C45 -> 0 | DH45: =DG45*$C45 -> 0 | DJ45: =DI45*$C45 -> 0 | DL45: =DK45*$C45 -> 0 | DN45: =DM45*$C45 -> 0 | DP45: =DO45*$C45 -> 0 | DR45: =DQ45*$C45 -> 0 | DT45: =DS45*$C45 -> 0
A46: 6.6 | B46: EBM - 9 SALAS 2 PAVIMENTOS - SISTEMA DE VEDAÇÃO VERTICAL | C46: =Orçamento!$K$682 -> 464637.92 | D46: =ROUND($C$46/$C$72,5) -> 0.02768 | F46: =E46*$C46 -> 0 | H46: =G46*$C46 -> 0 | J46: =I46*$C46 -> 0 | L46: =K46*$C46 -> 0 | N46: =M46*$C46 -> 0 | P46: =O46*$C46 -> 0 | R46: =Q46*$C46 -> 0 | S46: 0.1 | T46: =S46*$C46 -> 46463.792 | U46: 0.25 | V46: =U46*$C46 -> 116159.48 | W46: 0.35 | X46: =W46*$C46 -> 162623.27 | Y46: 0.2 | Z46: =Y46*$C46 -> 92927.584 | AA46: 0.05 | AB46: =AA46*$C46 -> 23231.896 | AD46: =AC46*$C46 -> 0 | AF46: =AE46*$C46 -> 0 | AH46: =AG46*$C46 -> 0 | AJ46: =AI46*$C46 -> 0 | AL46: =AK46*$C46 -> 0 | AN46: =AM46*$C46 -> 0 | AO46: 0.05 | AP46: =AO46*$C46 -> 23231.896 | AR46: =AQ46*$C46 -> 0 | AT46: =AS46*$C46 -> 0 | AV46: =AU46*$C46 -> 0 | AX46: =AW46*$C46 -> 0 | AZ46: =AY46*$C46 -> 0 | BB46: =BA46*$C46 -> 0 | BD46: =BC46*$C46 -> 0 | BF46: =BE46*$C46 -> 0 | BH46: =BG46*$C46 -> 0 | BJ46: =BI46*$C46 -> 0 | BL46: =BK46*$C46 -> 0 | BN46: =BM46*$C46 -> 0 | BP46: =BO46*$C46 -> 0 | BR46: =BQ46*$C46 -> 0 | BT46: =BS46*$C46 -> 0 | BV46: =BU46*$C46 -> 0 | BX46: =BW46*$C46 -> 0 | BZ46: =BY46*$C46 -> 0 | CB46: =CA46*$C46 -> 0 | CD46: =CC46*$C46 -> 0 | CF46: =CE46*$C46 -> 0 | CH46: =CG46*$C46 -> 0 | CJ46: =CI46*$C46 -> 0 | CL46: =CK46*$C46 -> 0 | CN46: =CM46*$C46 -> 0 | CP46: =CO46*$C46 -> 0 | CR46: =CQ46*$C46 -> 0 | CT46: =CS46*$C46 -> 0 | CV46: =CU46*$C46 -> 0 | CX46: =CW46*$C46 -> 0 | CZ46: =CY46*$C46 -> 0 | DB46: =DA46*$C46 -> 0 | DD46: =DC46*$C46 -> 0 | DF46: =DE46*$C46 -> 0 | DH46: =DG46*$C46 -> 0 | DJ46: =DI46*$C46 -> 0 | DL46: =DK46*$C46 -> 0 | DN46: =DM46*$C46 -> 0 | DP46: =DO46*$C46 -> 0 | DR46: =DQ46*$C46 -> 0 | DT46: =DS46*$C46 -> 0
A47: 6.7 | B47: EBM - 9 SALAS 2 PAVIMENTOS - ESQUADRIAS | C47: =Orçamento!$K$702 -> 860623.58 | D47: =ROUND($C$47/$C$72,5) -> 0.05126 | F47: =E47*$C47 -> 0 | H47: =G47*$C47 -> 0 | J47: =I47*$C47 -> 0 | L47: =K47*$C47 -> 0 | N47: =M47*$C47 -> 0 | P47: =O47*$C47 -> 0 | R47: =Q47*$C47 -> 0 | T47: =S47*$C47 -> 0 | V47: =U47*$C47 -> 0 | X47: =W47*$C47 -> 0 | Z47: =Y47*$C47 -> 0 | AB47: =AA47*$C47 -> 0 | AD47: =AC47*$C47 -> 0 | AF47: =AE47*$C47 -> 0 | AG47: 0.15 | AH47: =AG47*$C47 -> 129093.54 | AI47: 0.15 | AJ47: =AI47*$C47 -> 129093.54 | AK47: 0.15 | AL47: =AK47*$C47 -> 129093.54 | AM47: 0.15 | AN47: =AM47*$C47 -> 129093.54 | AO47: 0.15 | AP47: =AO47*$C47 -> 129093.54 | AQ47: 0.1 | AR47: =AQ47*$C47 -> 86062.358 | AS47: 0.1 | AT47: =AS47*$C47 -> 86062.358 | AU47: 0.05 | AV47: =AU47*$C47 -> 43031.179 | AX47: =AW47*$C47 -> 0 | AZ47: =AY47*$C47 -> 0 | BB47: =BA47*$C47 -> 0 | BD47: =BC47*$C47 -> 0 | BF47: =BE47*$C47 -> 0 | BH47: =BG47*$C47 -> 0 | BJ47: =BI47*$C47 -> 0 | BL47: =BK47*$C47 -> 0 | BN47: =BM47*$C47 -> 0 | BP47: =BO47*$C47 -> 0 | BR47: =BQ47*$C47 -> 0 | BT47: =BS47*$C47 -> 0 | BV47: =BU47*$C47 -> 0 | BX47: =BW47*$C47 -> 0 | BZ47: =BY47*$C47 -> 0 | CB47: =CA47*$C47 -> 0 | CD47: =CC47*$C47 -> 0 | CF47: =CE47*$C47 -> 0 | CH47: =CG47*$C47 -> 0 | CJ47: =CI47*$C47 -> 0 | CL47: =CK47*$C47 -> 0 | CN47: =CM47*$C47 -> 0 | CP47: =CO47*$C47 -> 0 | CR47: =CQ47*$C47 -> 0 | CT47: =CS47*$C47 -> 0 | CV47: =CU47*$C47 -> 0 | CX47: =CW47*$C47 -> 0 | CZ47: =CY47*$C47 -> 0 | DB47: =DA47*$C47 -> 0 | DD47: =DC47*$C47 -> 0 | DF47: =DE47*$C47 -> 0 | DH47: =DG47*$C47 -> 0 | DJ47: =DI47*$C47 -> 0 | DL47: =DK47*$C47 -> 0 | DN47: =DM47*$C47 -> 0 | DP47: =DO47*$C47 -> 0 | DR47: =DQ47*$C47 -> 0 | DT47: =DS47*$C47 -> 0
A48: 6.8 | B48: EBM - 9 SALAS 2 PAVIMENTOS - SISTEMA DE COBERTURA | C48: =Orçamento!$K$735 -> 821009.55 | D48: =ROUND($C$48/$C$72,5) -> 0.0489 | F48: =E48*$C48 -> 0 | H48: =G48*$C48 -> 0 | J48: =I48*$C48 -> 0 | L48: =K48*$C48 -> 0 | N48: =M48*$C48 -> 0 | P48: =O48*$C48 -> 0 | R48: =Q48*$C48 -> 0 | T48: =S48*$C48 -> 0 | V48: =U48*$C48 -> 0 | X48: =W48*$C48 -> 0 | Y48: 0.25 | Z48: =Y48*$C48 -> 205252.39 | AA48: 0.25 | AB48: =AA48*$C48 -> 205252.39 | AC48: 0.25 | AD48: =AC48*$C48 -> 205252.39 | AE48: 0.25 | AF48: =AE48*$C48 -> 205252.39 | AH48: =AG48*$C48 -> 0 | AJ48: =AI48*$C48 -> 0 | AL48: =AK48*$C48 -> 0 | AN48: =AM48*$C48 -> 0 | AP48: =AO48*$C48 -> 0 | AR48: =AQ48*$C48 -> 0 | AT48: =AS48*$C48 -> 0 | AV48: =AU48*$C48 -> 0 | AX48: =AW48*$C48 -> 0 | AZ48: =AY48*$C48 -> 0 | BB48: =BA48*$C48 -> 0 | BD48: =BC48*$C48 -> 0 | BF48: =BE48*$C48 -> 0 | BH48: =BG48*$C48 -> 0 | BJ48: =BI48*$C48 -> 0 | BL48: =BK48*$C48 -> 0 | BN48: =BM48*$C48 -> 0 | BP48: =BO48*$C48 -> 0 | BR48: =BQ48*$C48 -> 0 | BT48: =BS48*$C48 -> 0 | BV48: =BU48*$C48 -> 0 | BX48: =BW48*$C48 -> 0 | BZ48: =BY48*$C48 -> 0 | CB48: =CA48*$C48 -> 0 | CD48: =CC48*$C48 -> 0 | CF48: =CE48*$C48 -> 0 | CH48: =CG48*$C48 -> 0 | CJ48: =CI48*$C48 -> 0 | CL48: =CK48*$C48 -> 0 | CN48: =CM48*$C48 -> 0 | CP48: =CO48*$C48 -> 0 | CR48: =CQ48*$C48 -> 0 | CT48: =CS48*$C48 -> 0 | CV48: =CU48*$C48 -> 0 | CX48: =CW48*$C48 -> 0 | CZ48: =CY48*$C48 -> 0 | DB48: =DA48*$C48 -> 0 | DD48: =DC48*$C48 -> 0 | DF48: =DE48*$C48 -> 0 | DH48: =DG48*$C48 -> 0 | DJ48: =DI48*$C48 -> 0 | DL48: =DK48*$C48 -> 0 | DN48: =DM48*$C48 -> 0 | DP48: =DO48*$C48 -> 0 | DR48: =DQ48*$C48 -> 0 | DT48: =DS48*$C48 -> 0
A49: 6.9 | B49: EBM - 9 SALAS 2 PAVIMENTOS - IMPERMEABILIZAÇÃO | C49: =Orçamento!$K$754 -> 134324.21 | D49: =ROUND($C$49/$C$72,5) -> 0.008 | F49: =E49*$C49 -> 0 | H49: =G49*$C49 -> 0 | I49: 0.05 | J49: =I49*$C49 -> 6716.2105 | K49: 0.3 | L49: =K49*$C49 -> 40297.263 | M49: 0.3 | N49: =M49*$C49 -> 40297.263 | O49: 0.25 | P49: =O49*$C49 -> 33581.052 | Q49: 0.1 | R49: =Q49*$C49 -> 13432.421 | T49: =S49*$C49 -> 0 | V49: =U49*$C49 -> 0 | X49: =W49*$C49 -> 0 | Z49: =Y49*$C49 -> 0 | AB49: =AA49*$C49 -> 0 | AD49: =AC49*$C49 -> 0 | AF49: =AE49*$C49 -> 0 | AH49: =AG49*$C49 -> 0 | AJ49: =AI49*$C49 -> 0 | AL49: =AK49*$C49 -> 0 | AN49: =AM49*$C49 -> 0 | AP49: =AO49*$C49 -> 0 | AR49: =AQ49*$C49 -> 0 | AT49: =AS49*$C49 -> 0 | AV49: =AU49*$C49 -> 0 | AX49: =AW49*$C49 -> 0 | AZ49: =AY49*$C49 -> 0 | BB49: =BA49*$C49 -> 0 | BD49: =BC49*$C49 -> 0 | BF49: =BE49*$C49 -> 0 | BH49: =BG49*$C49 -> 0 | BJ49: =BI49*$C49 -> 0 | BL49: =BK49*$C49 -> 0 | BN49: =BM49*$C49 -> 0 | BP49: =BO49*$C49 -> 0 | BR49: =BQ49*$C49 -> 0 | BT49: =BS49*$C49 -> 0 | BV49: =BU49*$C49 -> 0 | BX49: =BW49*$C49 -> 0 | BZ49: =BY49*$C49 -> 0 | CB49: =CA49*$C49 -> 0 | CD49: =CC49*$C49 -> 0 | CF49: =CE49*$C49 -> 0 | CH49: =CG49*$C49 -> 0 | CJ49: =CI49*$C49 -> 0 | CL49: =CK49*$C49 -> 0 | CN49: =CM49*$C49 -> 0 | CP49: =CO49*$C49 -> 0 | CR49: =CQ49*$C49 -> 0 | CT49: =CS49*$C49 -> 0 | CV49: =CU49*$C49 -> 0 | CX49: =CW49*$C49 -> 0 | CZ49: =CY49*$C49 -> 0 | DB49: =DA49*$C49 -> 0 | DD49: =DC49*$C49 -> 0 | DF49: =DE49*$C49 -> 0 | DH49: =DG49*$C49 -> 0 | DJ49: =DI49*$C49 -> 0 | DL49: =DK49*$C49 -> 0 | DN49: =DM49*$C49 -> 0 | DP49: =DO49*$C49 -> 0 | DR49: =DQ49*$C49 -> 0 | DT49: =DS49*$C49 -> 0
A50: 6.10 | B50: EBM - 9 SALAS 2 PAVIMENTOS - REVESTIMENTO INTERNO E EXTERNO | C50: =Orçamento!$K$761 -> 819115.3 | D50: =ROUND($C$50/$C$72,5) -> 0.04879 | F50: =E50*$C50 -> 0 | H50: =G50*$C50 -> 0 | J50: =I50*$C50 -> 0 | L50: =K50*$C50 -> 0 | N50: =M50*$C50 -> 0 | P50: =O50*$C50 -> 0 | R50: =Q50*$C50 -> 0 | T50: =S50*$C50 -> 0 | V50: =U50*$C50 -> 0 | X50: =W50*$C50 -> 0 | Z50: =Y50*$C50 -> 0 | AB50: =AA50*$C50 -> 0 | AD50: =AC50*$C50 -> 0 | AF50: =AE50*$C50 -> 0 | AG50: 0.2 | AH50: =AG50*$C50 -> 163823.06 | AI50: 0.2 | AJ50: =AI50*$C50 -> 163823.06 | AK50: 0.25 | AL50: =AK50*$C50 -> 204778.83 | AM50: 0.1 | AN50: =AM50*$C50 -> 81911.53 | AO50: 0.1 | AP50: =AO50*$C50 -> 81911.53 | AQ50: 0.05 | AR50: =AQ50*$C50 -> 40955.765 | AS50: 0.05 | AT50: =AS50*$C50 -> 40955.765 | AU50: 0.05 | AV50: =AU50*$C50 -> 40955.765 | AX50: =AW50*$C50 -> 0 | AZ50: =AY50*$C50 -> 0 | BB50: =BA50*$C50 -> 0 | BD50: =BC50*$C50 -> 0 | BF50: =BE50*$C50 -> 0 | BH50: =BG50*$C50 -> 0 | BJ50: =BI50*$C50 -> 0 | BL50: =BK50*$C50 -> 0 | BN50: =BM50*$C50 -> 0 | BP50: =BO50*$C50 -> 0 | BR50: =BQ50*$C50 -> 0 | BT50: =BS50*$C50 -> 0 | BV50: =BU50*$C50 -> 0 | BX50: =BW50*$C50 -> 0 | BZ50: =BY50*$C50 -> 0 | CB50: =CA50*$C50 -> 0 | CD50: =CC50*$C50 -> 0 | CF50: =CE50*$C50 -> 0 | CH50: =CG50*$C50 -> 0 | CJ50: =CI50*$C50 -> 0 | CL50: =CK50*$C50 -> 0 | CN50: =CM50*$C50 -> 0 | CP50: =CO50*$C50 -> 0 | CR50: =CQ50*$C50 -> 0 | CT50: =CS50*$C50 -> 0 | CV50: =CU50*$C50 -> 0 | CX50: =CW50*$C50 -> 0 | CZ50: =CY50*$C50 -> 0 | DB50: =DA50*$C50 -> 0 | DD50: =DC50*$C50 -> 0 | DF50: =DE50*$C50 -> 0 | DH50: =DG50*$C50 -> 0 | DJ50: =DI50*$C50 -> 0 | DL50: =DK50*$C50 -> 0 | DN50: =DM50*$C50 -> 0 | DP50: =DO50*$C50 -> 0 | DR50: =DQ50*$C50 -> 0 | DT50: =DS50*$C50 -> 0
A51: 6.11 | B51: EBM - 9 SALAS 2 PAVIMENTOS - SISTEMA DE PISOS | C51: =Orçamento!$K$774 -> 701752.45 | D51: =ROUND($C$51/$C$72,5) -> 0.0418 | F51: =E51*$C51 -> 0 | H51: =G51*$C51 -> 0 | J51: =I51*$C51 -> 0 | L51: =K51*$C51 -> 0 | N51: =M51*$C51 -> 0 | P51: =O51*$C51 -> 0 | R51: =Q51*$C51 -> 0 | T51: =S51*$C51 -> 0 | V51: =U51*$C51 -> 0 | X51: =W51*$C51 -> 0 | Z51: =Y51*$C51 -> 0 | AB51: =AA51*$C51 -> 0 | AD51: =AC51*$C51 -> 0 | AF51: =AE51*$C51 -> 0 | AH51: =AG51*$C51 -> 0 | AI51: 0.1 | AJ51: =AI51*$C51 -> 70175.245 | AK51: 0.1 | AL51: =AK51*$C51 -> 70175.245 | AM51: 0.1 | AN51: =AM51*$C51 -> 70175.245 | AO51: 0.2 | AP51: =AO51*$C51 -> 140350.49 | AQ51: 0.25 | AR51: =AQ51*$C51 -> 175438.11 | AS51: 0.1 | AT51: =AS51*$C51 -> 70175.245 | AU51: 0.1 | AV51: =AU51*$C51 -> 70175.245 | AW51: 0.05 | AX51: =AW51*$C51 -> 35087.623 | AZ51: =AY51*$C51 -> 0 | BB51: =BA51*$C51 -> 0 | BD51: =BC51*$C51 -> 0 | BF51: =BE51*$C51 -> 0 | BH51: =BG51*$C51 -> 0 | BJ51: =BI51*$C51 -> 0 | BL51: =BK51*$C51 -> 0 | BN51: =BM51*$C51 -> 0 | BP51: =BO51*$C51 -> 0 | BR51: =BQ51*$C51 -> 0 | BT51: =BS51*$C51 -> 0 | BV51: =BU51*$C51 -> 0 | BX51: =BW51*$C51 -> 0 | BZ51: =BY51*$C51 -> 0 | CB51: =CA51*$C51 -> 0 | CD51: =CC51*$C51 -> 0 | CF51: =CE51*$C51 -> 0 | CH51: =CG51*$C51 -> 0 | CJ51: =CI51*$C51 -> 0 | CL51: =CK51*$C51 -> 0 | CN51: =CM51*$C51 -> 0 | CP51: =CO51*$C51 -> 0 | CR51: =CQ51*$C51 -> 0 | CT51: =CS51*$C51 -> 0 | CV51: =CU51*$C51 -> 0 | CX51: =CW51*$C51 -> 0 | CZ51: =CY51*$C51 -> 0 | DB51: =DA51*$C51 -> 0 | DD51: =DC51*$C51 -> 0 | DF51: =DE51*$C51 -> 0 | DH51: =DG51*$C51 -> 0 | DJ51: =DI51*$C51 -> 0 | DL51: =DK51*$C51 -> 0 | DN51: =DM51*$C51 -> 0 | DP51: =DO51*$C51 -> 0 | DR51: =DQ51*$C51 -> 0 | DT51: =DS51*$C51 -> 0
A52: 6.12 | B52: EBM - 9 SALAS 2 PAVIMENTOS - PINTURAS E ACABAMENTOS | C52: =Orçamento!$K$792 -> 294066.87 | D52: =ROUND($C$52/$C$72,5) -> 0.01752 | F52: =E52*$C52 -> 0 | H52: =G52*$C52 -> 0 | J52: =I52*$C52 -> 0 | L52: =K52*$C52 -> 0 | N52: =M52*$C52 -> 0 | P52: =O52*$C52 -> 0 | R52: =Q52*$C52 -> 0 | T52: =S52*$C52 -> 0 | V52: =U52*$C52 -> 0 | X52: =W52*$C52 -> 0 | Z52: =Y52*$C52 -> 0 | AB52: =AA52*$C52 -> 0 | AD52: =AC52*$C52 -> 0 | AF52: =AE52*$C52 -> 0 | AH52: =AG52*$C52 -> 0 | AJ52: =AI52*$C52 -> 0 | AL52: =AK52*$C52 -> 0 | AM52: 0.25 | AN52: =AM52*$C52 -> 73516.717 | AO52: 0.25 | AP52: =AO52*$C52 -> 73516.717 | AQ52: 0.15 | AR52: =AQ52*$C52 -> 44110.031 | AS52: 0.15 | AT52: =AS52*$C52 -> 44110.031 | AU52: 0.15 | AV52: =AU52*$C52 -> 44110.031 | AW52: 0.05 | AX52: =AW52*$C52 -> 14703.344 | AZ52: =AY52*$C52 -> 0 | BB52: =BA52*$C52 -> 0 | BD52: =BC52*$C52 -> 0 | BF52: =BE52*$C52 -> 0 | BH52: =BG52*$C52 -> 0 | BJ52: =BI52*$C52 -> 0 | BL52: =BK52*$C52 -> 0 | BN52: =BM52*$C52 -> 0 | BP52: =BO52*$C52 -> 0 | BR52: =BQ52*$C52 -> 0 | BT52: =BS52*$C52 -> 0 | BV52: =BU52*$C52 -> 0 | BX52: =BW52*$C52 -> 0 | BZ52: =BY52*$C52 -> 0 | CB52: =CA52*$C52 -> 0 | CD52: =CC52*$C52 -> 0 | CF52: =CE52*$C52 -> 0 | CH52: =CG52*$C52 -> 0 | CJ52: =CI52*$C52 -> 0 | CL52: =CK52*$C52 -> 0 | CN52: =CM52*$C52 -> 0 | CP52: =CO52*$C52 -> 0 | CR52: =CQ52*$C52 -> 0 | CT52: =CS52*$C52 -> 0 | CV52: =CU52*$C52 -> 0 | CX52: =CW52*$C52 -> 0 | CZ52: =CY52*$C52 -> 0 | DB52: =DA52*$C52 -> 0 | DD52: =DC52*$C52 -> 0 | DF52: =DE52*$C52 -> 0 | DH52: =DG52*$C52 -> 0 | DJ52: =DI52*$C52 -> 0 | DL52: =DK52*$C52 -> 0 | DN52: =DM52*$C52 -> 0 | DP52: =DO52*$C52 -> 0 | DR52: =DQ52*$C52 -> 0 | DT52: =DS52*$C52 -> 0
A53: 6.13 | B53: EBM - 9 SALAS 2 PAVIMENTOS - INSTALAÇÃO HIDRAÚLICA | C53: =Orçamento!$K$809 -> 90585.76 | D53: =ROUND($C$53/$C$72,5) -> 0.0054 | F53: =E53*$C53 -> 0 | H53: =G53*$C53 -> 0 | J53: =I53*$C53 -> 0 | L53: =K53*$C53 -> 0 | M53: 0.05 | N53: =M53*$C53 -> 4529.288 | O53: 0.05 | P53: =O53*$C53 -> 4529.288 | Q53: 0.1 | R53: =Q53*$C53 -> 9058.576 | S53: 0.1 | T53: =S53*$C53 -> 9058.576 | U53: 0.1 | V53: =U53*$C53 -> 9058.576 | W53: 0.15 | X53: =W53*$C53 -> 13587.864 | Y53: 0.15 | Z53: =Y53*$C53 -> 13587.864 | AA53: 0.05 | AB53: =AA53*$C53 -> 4529.288 | AC53: 0.05 | AD53: =AC53*$C53 -> 4529.288 | AE53: 0.05 | AF53: =AE53*$C53 -> 4529.288 | AG53: 0.05 | AH53: =AG53*$C53 -> 4529.288 | AI53: 0.05 | AJ53: =AI53*$C53 -> 4529.288 | AK53: 0.05 | AL53: =AK53*$C53 -> 4529.288 | AN53: =AM53*$C53 -> 0 | AP53: =AO53*$C53 -> 0 | AR53: =AQ53*$C53 -> 0 | AT53: =AS53*$C53 -> 0 | AV53: =AU53*$C53 -> 0 | AX53: =AW53*$C53 -> 0 | AZ53: =AY53*$C53 -> 0 | BB53: =BA53*$C53 -> 0 | BD53: =BC53*$C53 -> 0 | BF53: =BE53*$C53 -> 0 | BH53: =BG53*$C53 -> 0 | BJ53: =BI53*$C53 -> 0 | BL53: =BK53*$C53 -> 0 | BN53: =BM53*$C53 -> 0 | BP53: =BO53*$C53 -> 0 | BR53: =BQ53*$C53 -> 0 | BT53: =BS53*$C53 -> 0 | BV53: =BU53*$C53 -> 0 | BX53: =BW53*$C53 -> 0 | BZ53: =BY53*$C53 -> 0 | CB53: =CA53*$C53 -> 0 | CD53: =CC53*$C53 -> 0 | CF53: =CE53*$C53 -> 0 | CH53: =CG53*$C53 -> 0 | CJ53: =CI53*$C53 -> 0 | CL53: =CK53*$C53 -> 0 | CN53: =CM53*$C53 -> 0 | CP53: =CO53*$C53 -> 0 | CR53: =CQ53*$C53 -> 0 | CT53: =CS53*$C53 -> 0 | CV53: =CU53*$C53 -> 0 | CX53: =CW53*$C53 -> 0 | CZ53: =CY53*$C53 -> 0 | DB53: =DA53*$C53 -> 0 | DD53: =DC53*$C53 -> 0 | DF53: =DE53*$C53 -> 0 | DH53: =DG53*$C53 -> 0 | DJ53: =DI53*$C53 -> 0 | DL53: =DK53*$C53 -> 0 | DN53: =DM53*$C53 -> 0 | DP53: =DO53*$C53 -> 0 | DR53: =DQ53*$C53 -> 0 | DT53: =DS53*$C53 -> 0
A54: 6.14 | B54: EBM - 9 SALAS 2 PAVIMENTOS - DRENAGEM DE ÁGUAS PLUVIAIS E CLIMATIZAÇÃO | C54: =Orçamento!$K$849 -> 127070.86 | D54: =ROUND($C$54/$C$72,5) -> 0.00757 | F54: =E54*$C54 -> 0 | H54: =G54*$C54 -> 0 | J54: =I54*$C54 -> 0 | L54: =K54*$C54 -> 0 | N54: =M54*$C54 -> 0 | O54: 0.05 | P54: =O54*$C54 -> 6353.543 | Q54: 0.05 | R54: =Q54*$C54 -> 6353.543 | S54: 0.05 | T54: =S54*$C54 -> 6353.543 | U54: 0.1 | V54: =U54*$C54 -> 12707.086 | W54: 0.1 | X54: =W54*$C54 -> 12707.086 | Y54: 0.15 | Z54: =Y54*$C54 -> 19060.629 | AA54: 0.15 | AB54: =AA54*$C54 -> 19060.629 | AC54: 0.15 | AD54: =AC54*$C54 -> 19060.629 | AE54: 0.1 | AF54: =AE54*$C54 -> 12707.086 | AG54: 0.1 | AH54: =AG54*$C54 -> 12707.086 | AJ54: =AI54*$C54 -> 0 | AL54: =AK54*$C54 -> 0 | AN54: =AM54*$C54 -> 0 | AP54: =AO54*$C54 -> 0 | AR54: =AQ54*$C54 -> 0 | AT54: =AS54*$C54 -> 0 | AV54: =AU54*$C54 -> 0 | AX54: =AW54*$C54 -> 0 | AZ54: =AY54*$C54 -> 0 | BB54: =BA54*$C54 -> 0 | BD54: =BC54*$C54 -> 0 | BF54: =BE54*$C54 -> 0 | BH54: =BG54*$C54 -> 0 | BJ54: =BI54*$C54 -> 0 | BL54: =BK54*$C54 -> 0 | BN54: =BM54*$C54 -> 0 | BP54: =BO54*$C54 -> 0 | BR54: =BQ54*$C54 -> 0 | BT54: =BS54*$C54 -> 0 | BV54: =BU54*$C54 -> 0 | BX54: =BW54*$C54 -> 0 | BZ54: =BY54*$C54 -> 0 | CB54: =CA54*$C54 -> 0 | CD54: =CC54*$C54 -> 0 | CF54: =CE54*$C54 -> 0 | CH54: =CG54*$C54 -> 0 | CJ54: =CI54*$C54 -> 0 | CL54: =CK54*$C54 -> 0 | CN54: =CM54*$C54 -> 0 | CP54: =CO54*$C54 -> 0 | CR54: =CQ54*$C54 -> 0 | CT54: =CS54*$C54 -> 0 | CV54: =CU54*$C54 -> 0 | CX54: =CW54*$C54 -> 0 | CZ54: =CY54*$C54 -> 0 | DB54: =DA54*$C54 -> 0 | DD54: =DC54*$C54 -> 0 | DF54: =DE54*$C54 -> 0 | DH54: =DG54*$C54 -> 0 | DJ54: =DI54*$C54 -> 0 | DL54: =DK54*$C54 -> 0 | DN54: =DM54*$C54 -> 0 | DP54: =DO54*$C54 -> 0 | DR54: =DQ54*$C54 -> 0 | DT54: =DS54*$C54 -> 0
A55: 6.15 | B55: EBM - 9 SALAS 2 PAVIMENTOS - INSTALAÇÕES SANITÁRIAS | C55: =Orçamento!$K$867 -> 109817.75 | D55: =ROUND($C$55/$C$72,5) -> 0.00654 | F55: =E55*$C55 -> 0 | H55: =G55*$C55 -> 0 | J55: =I55*$C55 -> 0 | L55: =K55*$C55 -> 0 | M55: 0.05 | N55: =M55*$C55 -> 5490.8875 | O55: 0.1 | P55: =O55*$C55 -> 10981.775 | Q55: 0.1 | R55: =Q55*$C55 -> 10981.775 | S55: 0.1 | T55: =S55*$C55 -> 10981.775 | U55: 0.1 | V55: =U55*$C55 -> 10981.775 | W55: 0.1 | X55: =W55*$C55 -> 10981.775 | Y55: 0.05 | Z55: =Y55*$C55 -> 5490.8875 | AA55: 0.05 | AB55: =AA55*$C55 -> 5490.8875 | AC55: 0.05 | AD55: =AC55*$C55 -> 5490.8875 | AE55: 0.05 | AF55: =AE55*$C55 -> 5490.8875 | AG55: 0.05 | AH55: =AG55*$C55 -> 5490.8875 | AI55: 0.05 | AJ55: =AI55*$C55 -> 5490.8875 | AK55: 0.05 | AL55: =AK55*$C55 -> 5490.8875 | AM55: 0.05 | AN55: =AM55*$C55 -> 5490.8875 | AP55: =AO55*$C55 -> 0 | AQ55: 0.05 | AR55: =AQ55*$C55 -> 5490.8875 | AT55: =AS55*$C55 -> 0 | AV55: =AU55*$C55 -> 0 | AX55: =AW55*$C55 -> 0 | AZ55: =AY55*$C55 -> 0 | BB55: =BA55*$C55 -> 0 | BD55: =BC55*$C55 -> 0 | BF55: =BE55*$C55 -> 0 | BH55: =BG55*$C55 -> 0 | BJ55: =BI55*$C55 -> 0 | BL55: =BK55*$C55 -> 0 | BN55: =BM55*$C55 -> 0 | BP55: =BO55*$C55 -> 0 | BR55: =BQ55*$C55 -> 0 | BT55: =BS55*$C55 -> 0 | BV55: =BU55*$C55 -> 0 | BX55: =BW55*$C55 -> 0 | BZ55: =BY55*$C55 -> 0 | CB55: =CA55*$C55 -> 0 | CD55: =CC55*$C55 -> 0 | CF55: =CE55*$C55 -> 0 | CH55: =CG55*$C55 -> 0 | CJ55: =CI55*$C55 -> 0 | CL55: =CK55*$C55 -> 0 | CN55: =CM55*$C55 -> 0 | CP55: =CO55*$C55 -> 0 | CR55: =CQ55*$C55 -> 0 | CT55: =CS55*$C55 -> 0 | CV55: =CU55*$C55 -> 0 | CX55: =CW55*$C55 -> 0 | CZ55: =CY55*$C55 -> 0 | DB55: =DA55*$C55 -> 0 | DD55: =DC55*$C55 -> 0 | DF55: =DE55*$C55 -> 0 | DH55: =DG55*$C55 -> 0 | DJ55: =DI55*$C55 -> 0 | DL55: =DK55*$C55 -> 0 | DN55: =DM55*$C55 -> 0 | DP55: =DO55*$C55 -> 0 | DR55: =DQ55*$C55 -> 0 | DT55: =DS55*$C55 -> 0
A56: 6.16 | B56: EBM - 9 SALAS 2 PAVIMENTOS - LOUÇAS, ACESSÓRIOS E METAIS | C56: =Orçamento!$K$911 -> 104877.8 | D56: =ROUND($C$56/$C$72,5) -> 0.00625 | F56: =E56*$C56 -> 0 | H56: =G56*$C56 -> 0 | J56: =I56*$C56 -> 0 | L56: =K56*$C56 -> 0 | N56: =M56*$C56 -> 0 | P56: =O56*$C56 -> 0 | R56: =Q56*$C56 -> 0 | T56: =S56*$C56 -> 0 | V56: =U56*$C56 -> 0 | X56: =W56*$C56 -> 0 | Z56: =Y56*$C56 -> 0 | AB56: =AA56*$C56 -> 0 | AD56: =AC56*$C56 -> 0 | AF56: =AE56*$C56 -> 0 | AH56: =AG56*$C56 -> 0 | AJ56: =AI56*$C56 -> 0 | AL56: =AK56*$C56 -> 0 | AN56: =AM56*$C56 -> 0 | AO56: 0.1 | AP56: =AO56*$C56 -> 10487.78 | AQ56: 0.25 | AR56: =AQ56*$C56 -> 26219.45 | AS56: 0.25 | AT56: =AS56*$C56 -> 26219.45 | AU56: 0.4 | AV56: =AU56*$C56 -> 41951.12 | AX56: =AW56*$C56 -> 0 | AZ56: =AY56*$C56 -> 0 | BB56: =BA56*$C56 -> 0 | BD56: =BC56*$C56 -> 0 | BF56: =BE56*$C56 -> 0 | BH56: =BG56*$C56 -> 0 | BJ56: =BI56*$C56 -> 0 | BL56: =BK56*$C56 -> 0 | BN56: =BM56*$C56 -> 0 | BP56: =BO56*$C56 -> 0 | BR56: =BQ56*$C56 -> 0 | BT56: =BS56*$C56 -> 0 | BV56: =BU56*$C56 -> 0 | BX56: =BW56*$C56 -> 0 | BZ56: =BY56*$C56 -> 0 | CB56: =CA56*$C56 -> 0 | CD56: =CC56*$C56 -> 0 | CF56: =CE56*$C56 -> 0 | CH56: =CG56*$C56 -> 0 | CJ56: =CI56*$C56 -> 0 | CL56: =CK56*$C56 -> 0 | CN56: =CM56*$C56 -> 0 | CP56: =CO56*$C56 -> 0 | CR56: =CQ56*$C56 -> 0 | CT56: =CS56*$C56 -> 0 | CV56: =CU56*$C56 -> 0 | CX56: =CW56*$C56 -> 0 | CZ56: =CY56*$C56 -> 0 | DB56: =DA56*$C56 -> 0 | DD56: =DC56*$C56 -> 0 | DF56: =DE56*$C56 -> 0 | DH56: =DG56*$C56 -> 0 | DJ56: =DI56*$C56 -> 0 | DL56: =DK56*$C56 -> 0 | DN56: =DM56*$C56 -> 0 | DP56: =DO56*$C56 -> 0 | DR56: =DQ56*$C56 -> 0 | DT56: =DS56*$C56 -> 0
A57: 6.17 | B57: EBM - 9 SALAS 2 PAVIMENTOS - INSTALAÇÃO DE GÁS COMBUSTÍVEL | C57: =Orçamento!$K$944 -> 4378.1 | D57: =ROUND($C$57/$C$72,5) -> 0.00026 | F57: =E57*$C57 -> 0 | H57: =G57*$C57 -> 0 | J57: =I57*$C57 -> 0 | L57: =K57*$C57 -> 0 | N57: =M57*$C57 -> 0 | P57: =O57*$C57 -> 0 | R57: =Q57*$C57 -> 0 | T57: =S57*$C57 -> 0 | U57: 0.25 | V57: =U57*$C57 -> 1094.525 | W57: 0.5 | X57: =W57*$C57 -> 2189.05 | Y57: 0.25 | Z57: =Y57*$C57 -> 1094.525 | AB57: =AA57*$C57 -> 0 | AD57: =AC57*$C57 -> 0 | AF57: =AE57*$C57 -> 0 | AH57: =AG57*$C57 -> 0 | AJ57: =AI57*$C57 -> 0 | AL57: =AK57*$C57 -> 0 | AN57: =AM57*$C57 -> 0 | AP57: =AO57*$C57 -> 0 | AR57: =AQ57*$C57 -> 0 | AT57: =AS57*$C57 -> 0 | AV57: =AU57*$C57 -> 0 | AX57: =AW57*$C57 -> 0 | AZ57: =AY57*$C57 -> 0 | BB57: =BA57*$C57 -> 0 | BD57: =BC57*$C57 -> 0 | BF57: =BE57*$C57 -> 0 | BH57: =BG57*$C57 -> 0 | BJ57: =BI57*$C57 -> 0 | BL57: =BK57*$C57 -> 0 | BN57: =BM57*$C57 -> 0 | BP57: =BO57*$C57 -> 0 | BR57: =BQ57*$C57 -> 0 | BT57: =BS57*$C57 -> 0 | BV57: =BU57*$C57 -> 0 | BX57: =BW57*$C57 -> 0 | BZ57: =BY57*$C57 -> 0 | CB57: =CA57*$C57 -> 0 | CD57: =CC57*$C57 -> 0 | CF57: =CE57*$C57 -> 0 | CH57: =CG57*$C57 -> 0 | CJ57: =CI57*$C57 -> 0 | CL57: =CK57*$C57 -> 0 | CN57: =CM57*$C57 -> 0 | CP57: =CO57*$C57 -> 0 | CR57: =CQ57*$C57 -> 0 | CT57: =CS57*$C57 -> 0 | CV57: =CU57*$C57 -> 0 | CX57: =CW57*$C57 -> 0 | CZ57: =CY57*$C57 -> 0 | DB57: =DA57*$C57 -> 0 | DD57: =DC57*$C57 -> 0 | DF57: =DE57*$C57 -> 0 | DH57: =DG57*$C57 -> 0 | DJ57: =DI57*$C57 -> 0 | DL57: =DK57*$C57 -> 0 | DN57: =DM57*$C57 -> 0 | DP57: =DO57*$C57 -> 0 | DR57: =DQ57*$C57 -> 0 | DT57: =DS57*$C57 -> 0
A58: 6.18 | B58: EBM - 9 SALAS 2 PAVIMENTOS - SISTEMA DE PROTEÇÃO CONTRA INCÊNDIO | C58: =Orçamento!$K$954 -> 197090.25 | D58: =ROUND($C$58/$C$72,5) -> 0.01174 | F58: =E58*$C58 -> 0 | H58: =G58*$C58 -> 0 | J58: =I58*$C58 -> 0 | L58: =K58*$C58 -> 0 | M58: 0.05 | N58: =M58*$C58 -> 9854.5125 | O58: 0.05 | P58: =O58*$C58 -> 9854.5125 | Q58: 0.05 | R58: =Q58*$C58 -> 9854.5125 | S58: 0.05 | T58: =S58*$C58 -> 9854.5125 | U58: 0.05 | V58: =U58*$C58 -> 9854.5125 | W58: 0.05 | X58: =W58*$C58 -> 9854.5125 | Y58: 0.05 | Z58: =Y58*$C58 -> 9854.5125 | AA58: 0.1 | AB58: =AA58*$C58 -> 19709.025 | AC58: 0.1 | AD58: =AC58*$C58 -> 19709.025 | AE58: 0.1 | AF58: =AE58*$C58 -> 19709.025 | AG58: 0.1 | AH58: =AG58*$C58 -> 19709.025 | AI58: 0.1 | AJ58: =AI58*$C58 -> 19709.025 | AK58: 0.1 | AL58: =AK58*$C58 -> 19709.025 | AM58: 0.05 | AN58: =AM58*$C58 -> 9854.5125 | AP58: =AO58*$C58 -> 0 | AR58: =AQ58*$C58 -> 0 | AT58: =AS58*$C58 -> 0 | AV58: =AU58*$C58 -> 0 | AX58: =AW58*$C58 -> 0 | AZ58: =AY58*$C58 -> 0 | BB58: =BA58*$C58 -> 0 | BD58: =BC58*$C58 -> 0 | BF58: =BE58*$C58 -> 0 | BH58: =BG58*$C58 -> 0 | BJ58: =BI58*$C58 -> 0 | BL58: =BK58*$C58 -> 0 | BN58: =BM58*$C58 -> 0 | BP58: =BO58*$C58 -> 0 | BR58: =BQ58*$C58 -> 0 | BT58: =BS58*$C58 -> 0 | BV58: =BU58*$C58 -> 0 | BX58: =BW58*$C58 -> 0 | BZ58: =BY58*$C58 -> 0 | CB58: =CA58*$C58 -> 0 | CD58: =CC58*$C58 -> 0 | CF58: =CE58*$C58 -> 0 | CH58: =CG58*$C58 -> 0 | CJ58: =CI58*$C58 -> 0 | CL58: =CK58*$C58 -> 0 | CN58: =CM58*$C58 -> 0 | CP58: =CO58*$C58 -> 0 | CR58: =CQ58*$C58 -> 0 | CT58: =CS58*$C58 -> 0 | CV58: =CU58*$C58 -> 0 | CX58: =CW58*$C58 -> 0 | CZ58: =CY58*$C58 -> 0 | DB58: =DA58*$C58 -> 0 | DD58: =DC58*$C58 -> 0 | DF58: =DE58*$C58 -> 0 | DH58: =DG58*$C58 -> 0 | DJ58: =DI58*$C58 -> 0 | DL58: =DK58*$C58 -> 0 | DN58: =DM58*$C58 -> 0 | DP58: =DO58*$C58 -> 0 | DR58: =DQ58*$C58 -> 0 | DT58: =DS58*$C58 -> 0
A59: 6.19 | B59: EBM - 9 SALAS 2 PAVIMENTOS - INSTALAÇÕES ELÉTRICAS | C59: =Orçamento!$K$989 -> 548349.03 | D59: =ROUND($C$59/$C$72,5) -> 0.03266 | F59: =E59*$C59 -> 0 | H59: =G59*$C59 -> 0 | J59: =I59*$C59 -> 0 | L59: =K59*$C59 -> 0 | N59: =M59*$C59 -> 0 | P59: =O59*$C59 -> 0 | R59: =Q59*$C59 -> 0 | T59: =S59*$C59 -> 0 | U59: 0.05 | V59: =U59*$C59 -> 27417.452 | W59: 0.05 | X59: =W59*$C59 -> 27417.452 | Y59: 0.05 | Z59: =Y59*$C59 -> 27417.452 | AA59: 0.05 | AB59: =AA59*$C59 -> 27417.452 | AC59: 0.05 | AD59: =AC59*$C59 -> 27417.452 | AE59: 0.05 | AF59: =AE59*$C59 -> 27417.452 | AG59: 0.05 | AH59: =AG59*$C59 -> 27417.452 | AI59: 0.1 | AJ59: =AI59*$C59 -> 54834.903 | AK59: 0.1 | AL59: =AK59*$C59 -> 54834.903 | AM59: 0.05 | AN59: =AM59*$C59 -> 27417.452 | AO59: 0.2 | AP59: =AO59*$C59 -> 109669.81 | AQ59: 0.1 | AR59: =AQ59*$C59 -> 54834.903 | AS59: 0.1 | AT59: =AS59*$C59 -> 54834.903 | AV59: =AU59*$C59 -> 0 | AX59: =AW59*$C59 -> 0 | AZ59: =AY59*$C59 -> 0 | BB59: =BA59*$C59 -> 0 | BD59: =BC59*$C59 -> 0 | BF59: =BE59*$C59 -> 0 | BH59: =BG59*$C59 -> 0 | BJ59: =BI59*$C59 -> 0 | BL59: =BK59*$C59 -> 0 | BN59: =BM59*$C59 -> 0 | BP59: =BO59*$C59 -> 0 | BR59: =BQ59*$C59 -> 0 | BT59: =BS59*$C59 -> 0 | BV59: =BU59*$C59 -> 0 | BX59: =BW59*$C59 -> 0 | BZ59: =BY59*$C59 -> 0 | CB59: =CA59*$C59 -> 0 | CD59: =CC59*$C59 -> 0 | CF59: =CE59*$C59 -> 0 | CH59: =CG59*$C59 -> 0 | CJ59: =CI59*$C59 -> 0 | CL59: =CK59*$C59 -> 0 | CN59: =CM59*$C59 -> 0 | CP59: =CO59*$C59 -> 0 | CR59: =CQ59*$C59 -> 0 | CT59: =CS59*$C59 -> 0 | CV59: =CU59*$C59 -> 0 | CX59: =CW59*$C59 -> 0 | CZ59: =CY59*$C59 -> 0 | DB59: =DA59*$C59 -> 0 | DD59: =DC59*$C59 -> 0 | DF59: =DE59*$C59 -> 0 | DH59: =DG59*$C59 -> 0 | DJ59: =DI59*$C59 -> 0 | DL59: =DK59*$C59 -> 0 | DN59: =DM59*$C59 -> 0 | DP59: =DO59*$C59 -> 0 | DR59: =DQ59*$C59 -> 0 | DT59: =DS59*$C59 -> 0
A60: 6.20 | B60: EBM - 9 SALAS 2 PAVIMENTOS - INSTALAÇÕES DE CLIMATIZAÇÃO | C60: =Orçamento!$K$1081 -> 58381.78 | D60: =ROUND($C$60/$C$72,5) -> 0.00348 | F60: =E60*$C60 -> 0 | H60: =G60*$C60 -> 0 | J60: =I60*$C60 -> 0 | L60: =K60*$C60 -> 0 | N60: =M60*$C60 -> 0 | P60: =O60*$C60 -> 0 | R60: =Q60*$C60 -> 0 | T60: =S60*$C60 -> 0 | V60: =U60*$C60 -> 0 | X60: =W60*$C60 -> 0 | Y60: 0.25 | Z60: =Y60*$C60 -> 14595.445 | AA60: 0.25 | AB60: =AA60*$C60 -> 14595.445 | AC60: 0.25 | AD60: =AC60*$C60 -> 14595.445 | AE60: 0.25 | AF60: =AE60*$C60 -> 14595.445 | AH60: =AG60*$C60 -> 0 | AJ60: =AI60*$C60 -> 0 | AL60: =AK60*$C60 -> 0 | AN60: =AM60*$C60 -> 0 | AP60: =AO60*$C60 -> 0 | AR60: =AQ60*$C60 -> 0 | AT60: =AS60*$C60 -> 0 | AV60: =AU60*$C60 -> 0 | AX60: =AW60*$C60 -> 0 | AZ60: =AY60*$C60 -> 0 | BB60: =BA60*$C60 -> 0 | BD60: =BC60*$C60 -> 0 | BF60: =BE60*$C60 -> 0 | BH60: =BG60*$C60 -> 0 | BJ60: =BI60*$C60 -> 0 | BL60: =BK60*$C60 -> 0 | BN60: =BM60*$C60 -> 0 | BP60: =BO60*$C60 -> 0 | BR60: =BQ60*$C60 -> 0 | BT60: =BS60*$C60 -> 0 | BV60: =BU60*$C60 -> 0 | BX60: =BW60*$C60 -> 0 | BZ60: =BY60*$C60 -> 0 | CB60: =CA60*$C60 -> 0 | CD60: =CC60*$C60 -> 0 | CF60: =CE60*$C60 -> 0 | CH60: =CG60*$C60 -> 0 | CJ60: =CI60*$C60 -> 0 | CL60: =CK60*$C60 -> 0 | CN60: =CM60*$C60 -> 0 | CP60: =CO60*$C60 -> 0 | CR60: =CQ60*$C60 -> 0 | CT60: =CS60*$C60 -> 0 | CV60: =CU60*$C60 -> 0 | CX60: =CW60*$C60 -> 0 | CZ60: =CY60*$C60 -> 0 | DB60: =DA60*$C60 -> 0 | DD60: =DC60*$C60 -> 0 | DF60: =DE60*$C60 -> 0 | DH60: =DG60*$C60 -> 0 | DJ60: =DI60*$C60 -> 0 | DL60: =DK60*$C60 -> 0 | DN60: =DM60*$C60 -> 0 | DP60: =DO60*$C60 -> 0 | DR60: =DQ60*$C60 -> 0 | DT60: =DS60*$C60 -> 0
A61: 6.21 | B61: EBM - 9 SALAS 2 PAVIMENTOS - INSTALAÇÕES DE CABEAMENTO ESTRUTURADO | C61: =Orçamento!$K$1097 -> 159830.67 | D61: =ROUND($C$61/$C$72,5) -> 0.00952 | F61: =E61*$C61 -> 0 | H61: =G61*$C61 -> 0 | J61: =I61*$C61 -> 0 | L61: =K61*$C61 -> 0 | N61: =M61*$C61 -> 0 | P61: =O61*$C61 -> 0 | R61: =Q61*$C61 -> 0 | T61: =S61*$C61 -> 0 | V61: =U61*$C61 -> 0 | X61: =W61*$C61 -> 0 | Z61: =Y61*$C61 -> 0 | AB61: =AA61*$C61 -> 0 | AD61: =AC61*$C61 -> 0 | AF61: =AE61*$C61 -> 0 | AG61: 0.1 | AH61: =AG61*$C61 -> 15983.067 | AI61: 0.1 | AJ61: =AI61*$C61 -> 15983.067 | AK61: 0.1 | AL61: =AK61*$C61 -> 15983.067 | AM61: 0.1 | AN61: =AM61*$C61 -> 15983.067 | AO61: 0.1 | AP61: =AO61*$C61 -> 15983.067 | AQ61: 0.1 | AR61: =AQ61*$C61 -> 15983.067 | AS61: 0.1 | AT61: =AS61*$C61 -> 15983.067 | AU61: 0.1 | AV61: =AU61*$C61 -> 15983.067 | AW61: 0.1 | AX61: =AW61*$C61 -> 15983.067 | AY61: 0.1 | AZ61: =AY61*$C61 -> 15983.067 | BB61: =BA61*$C61 -> 0 | BD61: =BC61*$C61 -> 0 | BF61: =BE61*$C61 -> 0 | BH61: =BG61*$C61 -> 0 | BJ61: =BI61*$C61 -> 0 | BL61: =BK61*$C61 -> 0 | BN61: =BM61*$C61 -> 0 | BP61: =BO61*$C61 -> 0 | BR61: =BQ61*$C61 -> 0 | BT61: =BS61*$C61 -> 0 | BV61: =BU61*$C61 -> 0 | BX61: =BW61*$C61 -> 0 | BZ61: =BY61*$C61 -> 0 | CB61: =CA61*$C61 -> 0 | CD61: =CC61*$C61 -> 0 | CF61: =CE61*$C61 -> 0 | CH61: =CG61*$C61 -> 0 | CJ61: =CI61*$C61 -> 0 | CL61: =CK61*$C61 -> 0 | CN61: =CM61*$C61 -> 0 | CP61: =CO61*$C61 -> 0 | CR61: =CQ61*$C61 -> 0 | CT61: =CS61*$C61 -> 0 | CV61: =CU61*$C61 -> 0 | CX61: =CW61*$C61 -> 0 | CZ61: =CY61*$C61 -> 0 | DB61: =DA61*$C61 -> 0 | DD61: =DC61*$C61 -> 0 | DF61: =DE61*$C61 -> 0 | DH61: =DG61*$C61 -> 0 | DJ61: =DI61*$C61 -> 0 | DL61: =DK61*$C61 -> 0 | DN61: =DM61*$C61 -> 0 | DP61: =DO61*$C61 -> 0 | DR61: =DQ61*$C61 -> 0 | DT61: =DS61*$C61 -> 0
A62: 6.22 | B62: EBM - 9 SALAS 2 PAVIMENTOS - SISTEMA DE EXAUSTÃO MECÂNICA | C62: =Orçamento!$K$1136 -> 6534.93 | D62: =ROUND($C$62/$C$72,5) -> 0.00039 | F62: =E62*$C62 -> 0 | H62: =G62*$C62 -> 0 | J62: =I62*$C62 -> 0 | L62: =K62*$C62 -> 0 | N62: =M62*$C62 -> 0 | P62: =O62*$C62 -> 0 | R62: =Q62*$C62 -> 0 | T62: =S62*$C62 -> 0 | V62: =U62*$C62 -> 0 | X62: =W62*$C62 -> 0 | Y62: 0.25 | Z62: =Y62*$C62 -> 1633.7325 | AB62: =AA62*$C62 -> 0 | AD62: =AC62*$C62 -> 0 | AF62: =AE62*$C62 -> 0 | AH62: =AG62*$C62 -> 0 | AJ62: =AI62*$C62 -> 0 | AL62: =AK62*$C62 -> 0 | AN62: =AM62*$C62 -> 0 | AP62: =AO62*$C62 -> 0 | AR62: =AQ62*$C62 -> 0 | AT62: =AS62*$C62 -> 0 | AU62: 0.75 | AV62: =AU62*$C62 -> 4901.1975 | AX62: =AW62*$C62 -> 0 | AZ62: =AY62*$C62 -> 0 | BB62: =BA62*$C62 -> 0 | BD62: =BC62*$C62 -> 0 | BF62: =BE62*$C62 -> 0 | BH62: =BG62*$C62 -> 0 | BJ62: =BI62*$C62 -> 0 | BL62: =BK62*$C62 -> 0 | BN62: =BM62*$C62 -> 0 | BP62: =BO62*$C62 -> 0 | BR62: =BQ62*$C62 -> 0 | BT62: =BS62*$C62 -> 0 | BV62: =BU62*$C62 -> 0 | BX62: =BW62*$C62 -> 0 | BZ62: =BY62*$C62 -> 0 | CB62: =CA62*$C62 -> 0 | CD62: =CC62*$C62 -> 0 | CF62: =CE62*$C62 -> 0 | CH62: =CG62*$C62 -> 0 | CJ62: =CI62*$C62 -> 0 | CL62: =CK62*$C62 -> 0 | CN62: =CM62*$C62 -> 0 | CP62: =CO62*$C62 -> 0 | CR62: =CQ62*$C62 -> 0 | CT62: =CS62*$C62 -> 0 | CV62: =CU62*$C62 -> 0 | CX62: =CW62*$C62 -> 0 | CZ62: =CY62*$C62 -> 0 | DB62: =DA62*$C62 -> 0 | DD62: =DC62*$C62 -> 0 | DF62: =DE62*$C62 -> 0 | DH62: =DG62*$C62 -> 0 | DJ62: =DI62*$C62 -> 0 | DL62: =DK62*$C62 -> 0 | DN62: =DM62*$C62 -> 0 | DP62: =DO62*$C62 -> 0 | DR62: =DQ62*$C62 -> 0 | DT62: =DS62*$C62 -> 0
A63: 6.23 | B63: EBM - 9 SALAS 2 PAVIMENTOS - SISTEMA DE PROTEÇÃO CONTRA DESCARGAS ATMOSFÉRICAS (SPDA) | C63: =Orçamento!$K$1139 -> 68119.08 | D63: =ROUND($C$63/$C$72,5) -> 0.00406 | F63: =E63*$C63 -> 0 | H63: =G63*$C63 -> 0 | J63: =I63*$C63 -> 0 | L63: =K63*$C63 -> 0 | N63: =M63*$C63 -> 0 | P63: =O63*$C63 -> 0 | R63: =Q63*$C63 -> 0 | T63: =S63*$C63 -> 0 | V63: =U63*$C63 -> 0 | X63: =W63*$C63 -> 0 | Y63: 0.1 | Z63: =Y63*$C63 -> 6811.908 | AA63: 0.1 | AB63: =AA63*$C63 -> 6811.908 | AC63: 0.1 | AD63: =AC63*$C63 -> 6811.908 | AE63: 0.1 | AF63: =AE63*$C63 -> 6811.908 | AG63: 0.1 | AH63: =AG63*$C63 -> 6811.908 | AI63: 0.1 | AJ63: =AI63*$C63 -> 6811.908 | AK63: 0.1 | AL63: =AK63*$C63 -> 6811.908 | AM63: 0.1 | AN63: =AM63*$C63 -> 6811.908 | AO63: 0.1 | AP63: =AO63*$C63 -> 6811.908 | AQ63: 0.1 | AR63: =AQ63*$C63 -> 6811.908 | AT63: =AS63*$C63 -> 0 | AV63: =AU63*$C63 -> 0 | AX63: =AW63*$C63 -> 0 | AZ63: =AY63*$C63 -> 0 | BB63: =BA63*$C63 -> 0 | BD63: =BC63*$C63 -> 0 | BF63: =BE63*$C63 -> 0 | BH63: =BG63*$C63 -> 0 | BJ63: =BI63*$C63 -> 0 | BL63: =BK63*$C63 -> 0 | BN63: =BM63*$C63 -> 0 | BP63: =BO63*$C63 -> 0 | BR63: =BQ63*$C63 -> 0 | BT63: =BS63*$C63 -> 0 | BV63: =BU63*$C63 -> 0 | BX63: =BW63*$C63 -> 0 | BZ63: =BY63*$C63 -> 0 | CB63: =CA63*$C63 -> 0 | CD63: =CC63*$C63 -> 0 | CF63: =CE63*$C63 -> 0 | CH63: =CG63*$C63 -> 0 | CJ63: =CI63*$C63 -> 0 | CL63: =CK63*$C63 -> 0 | CN63: =CM63*$C63 -> 0 | CP63: =CO63*$C63 -> 0 | CR63: =CQ63*$C63 -> 0 | CT63: =CS63*$C63 -> 0 | CV63: =CU63*$C63 -> 0 | CX63: =CW63*$C63 -> 0 | CZ63: =CY63*$C63 -> 0 | DB63: =DA63*$C63 -> 0 | DD63: =DC63*$C63 -> 0 | DF63: =DE63*$C63 -> 0 | DH63: =DG63*$C63 -> 0 | DJ63: =DI63*$C63 -> 0 | DL63: =DK63*$C63 -> 0 | DN63: =DM63*$C63 -> 0 | DP63: =DO63*$C63 -> 0 | DR63: =DQ63*$C63 -> 0 | DT63: =DS63*$C63 -> 0
A64: 6.24 | B64: EBM - 9 SALAS 2 PAVIMENTOS - SISTEMAS COMPLEMENTARES | C64: =Orçamento!$K$1154 -> 246976.6 | D64: =ROUND($C$64/$C$72,5) -> 0.01471 | F64: =E64*$C64 -> 0 | H64: =G64*$C64 -> 0 | J64: =I64*$C64 -> 0 | L64: =K64*$C64 -> 0 | N64: =M64*$C64 -> 0 | P64: =O64*$C64 -> 0 | R64: =Q64*$C64 -> 0 | T64: =S64*$C64 -> 0 | V64: =U64*$C64 -> 0 | X64: =W64*$C64 -> 0 | Z64: =Y64*$C64 -> 0 | AB64: =AA64*$C64 -> 0 | AD64: =AC64*$C64 -> 0 | AF64: =AE64*$C64 -> 0 | AH64: =AG64*$C64 -> 0 | AJ64: =AI64*$C64 -> 0 | AL64: =AK64*$C64 -> 0 | AN64: =AM64*$C64 -> 0 | AP64: =AO64*$C64 -> 0 | AR64: =AQ64*$C64 -> 0 | AT64: =AS64*$C64 -> 0 | AV64: =AU64*$C64 -> 0 | AW64: 0.5 | AX64: =AW64*$C64 -> 123488.3 | AY64: 0.5 | AZ64: =AY64*$C64 -> 123488.3 | BB64: =BA64*$C64 -> 0 | BD64: =BC64*$C64 -> 0 | BF64: =BE64*$C64 -> 0 | BH64: =BG64*$C64 -> 0 | BJ64: =BI64*$C64 -> 0 | BL64: =BK64*$C64 -> 0 | BN64: =BM64*$C64 -> 0 | BP64: =BO64*$C64 -> 0 | BR64: =BQ64*$C64 -> 0 | BT64: =BS64*$C64 -> 0 | BV64: =BU64*$C64 -> 0 | BX64: =BW64*$C64 -> 0 | BZ64: =BY64*$C64 -> 0 | CB64: =CA64*$C64 -> 0 | CD64: =CC64*$C64 -> 0 | CF64: =CE64*$C64 -> 0 | CH64: =CG64*$C64 -> 0 | CJ64: =CI64*$C64 -> 0 | CL64: =CK64*$C64 -> 0 | CN64: =CM64*$C64 -> 0 | CP64: =CO64*$C64 -> 0 | CR64: =CQ64*$C64 -> 0 | CT64: =CS64*$C64 -> 0 | CV64: =CU64*$C64 -> 0 | CX64: =CW64*$C64 -> 0 | CZ64: =CY64*$C64 -> 0 | DB64: =DA64*$C64 -> 0 | DD64: =DC64*$C64 -> 0 | DF64: =DE64*$C64 -> 0 | DH64: =DG64*$C64 -> 0 | DJ64: =DI64*$C64 -> 0 | DL64: =DK64*$C64 -> 0 | DN64: =DM64*$C64 -> 0 | DP64: =DO64*$C64 -> 0 | DR64: =DQ64*$C64 -> 0 | DT64: =DS64*$C64 -> 0
A65: 6.25 | B65: EBM - 9 SALAS 2 PAVIMENTOS - SERVIÇOS FINAIS | C65: =Orçamento!$K$1168 -> 16756.59 | D65: =ROUND($C$65/$C$72,5) -> 0.001 | F65: =E65*$C65 -> 0 | H65: =G65*$C65 -> 0 | J65: =I65*$C65 -> 0 | L65: =K65*$C65 -> 0 | N65: =M65*$C65 -> 0 | P65: =O65*$C65 -> 0 | R65: =Q65*$C65 -> 0 | T65: =S65*$C65 -> 0 | V65: =U65*$C65 -> 0 | X65: =W65*$C65 -> 0 | Z65: =Y65*$C65 -> 0 | AB65: =AA65*$C65 -> 0 | AD65: =AC65*$C65 -> 0 | AF65: =AE65*$C65 -> 0 | AH65: =AG65*$C65 -> 0 | AJ65: =AI65*$C65 -> 0 | AL65: =AK65*$C65 -> 0 | AN65: =AM65*$C65 -> 0 | AP65: =AO65*$C65 -> 0 | AR65: =AQ65*$C65 -> 0 | AT65: =AS65*$C65 -> 0 | AV65: =AU65*$C65 -> 0 | AX65: =AW65*$C65 -> 0 | AY65: 1 | AZ65: =AY65*$C65 -> 16756.59 | BB65: =BA65*$C65 -> 0 | BD65: =BC65*$C65 -> 0 | BF65: =BE65*$C65 -> 0 | BH65: =BG65*$C65 -> 0 | BJ65: =BI65*$C65 -> 0 | BL65: =BK65*$C65 -> 0 | BN65: =BM65*$C65 -> 0 | BP65: =BO65*$C65 -> 0 | BR65: =BQ65*$C65 -> 0 | BT65: =BS65*$C65 -> 0 | BV65: =BU65*$C65 -> 0 | BX65: =BW65*$C65 -> 0 | BZ65: =BY65*$C65 -> 0 | CB65: =CA65*$C65 -> 0 | CD65: =CC65*$C65 -> 0 | CF65: =CE65*$C65 -> 0 | CH65: =CG65*$C65 -> 0 | CJ65: =CI65*$C65 -> 0 | CL65: =CK65*$C65 -> 0 | CN65: =CM65*$C65 -> 0 | CP65: =CO65*$C65 -> 0 | CR65: =CQ65*$C65 -> 0 | CT65: =CS65*$C65 -> 0 | CV65: =CU65*$C65 -> 0 | CX65: =CW65*$C65 -> 0 | CZ65: =CY65*$C65 -> 0 | DB65: =DA65*$C65 -> 0 | DD65: =DC65*$C65 -> 0 | DF65: =DE65*$C65 -> 0 | DH65: =DG65*$C65 -> 0 | DJ65: =DI65*$C65 -> 0 | DL65: =DK65*$C65 -> 0 | DN65: =DM65*$C65 -> 0 | DP65: =DO65*$C65 -> 0 | DR65: =DQ65*$C65 -> 0 | DT65: =DS65*$C65 -> 0
A66: 7.1 | B66: SUBESTAÇÃO 300 KVA - 25KV - ESTRUTURAL | C66: =Orçamento!$K$1172 -> 7370.73 | D66: =ROUND($C$66/$C$72,5) -> 0.00044 | F66: =E66*$C66 -> 0 | H66: =G66*$C66 -> 0 | J66: =I66*$C66 -> 0 | L66: =K66*$C66 -> 0 | N66: =M66*$C66 -> 0 | P66: =O66*$C66 -> 0 | R66: =Q66*$C66 -> 0 | T66: =S66*$C66 -> 0 | V66: =U66*$C66 -> 0 | X66: =W66*$C66 -> 0 | Z66: =Y66*$C66 -> 0 | AB66: =AA66*$C66 -> 0 | AD66: =AC66*$C66 -> 0 | AF66: =AE66*$C66 -> 0 | AH66: =AG66*$C66 -> 0 | AJ66: =AI66*$C66 -> 0 | AL66: =AK66*$C66 -> 0 | AN66: =AM66*$C66 -> 0 | AP66: =AO66*$C66 -> 0 | AR66: =AQ66*$C66 -> 0 | AS66: 0.75 | AT66: =AS66*$C66 -> 5528.0475 | AU66: 0.25 | AV66: =AU66*$C66 -> 1842.6825 | AX66: =AW66*$C66 -> 0 | AZ66: =AY66*$C66 -> 0 | BB66: =BA66*$C66 -> 0 | BD66: =BC66*$C66 -> 0 | BF66: =BE66*$C66 -> 0 | BH66: =BG66*$C66 -> 0 | BJ66: =BI66*$C66 -> 0 | BL66: =BK66*$C66 -> 0 | BN66: =BM66*$C66 -> 0 | BP66: =BO66*$C66 -> 0 | BR66: =BQ66*$C66 -> 0 | BT66: =BS66*$C66 -> 0 | BV66: =BU66*$C66 -> 0 | BX66: =BW66*$C66 -> 0 | BZ66: =BY66*$C66 -> 0 | CB66: =CA66*$C66 -> 0 | CD66: =CC66*$C66 -> 0 | CF66: =CE66*$C66 -> 0 | CH66: =CG66*$C66 -> 0 | CJ66: =CI66*$C66 -> 0 | CL66: =CK66*$C66 -> 0 | CN66: =CM66*$C66 -> 0 | CP66: =CO66*$C66 -> 0 | CR66: =CQ66*$C66 -> 0 | CT66: =CS66*$C66 -> 0 | CV66: =CU66*$C66 -> 0 | CX66: =CW66*$C66 -> 0 | CZ66: =CY66*$C66 -> 0 | DB66: =DA66*$C66 -> 0 | DD66: =DC66*$C66 -> 0 | DF66: =DE66*$C66 -> 0 | DH66: =DG66*$C66 -> 0 | DJ66: =DI66*$C66 -> 0 | DL66: =DK66*$C66 -> 0 | DN66: =DM66*$C66 -> 0 | DP66: =DO66*$C66 -> 0 | DR66: =DQ66*$C66 -> 0 | DT66: =DS66*$C66 -> 0
A67: 7.2 | B67: SUBESTAÇÃO 300 KVA - 25KV - VEDAÇÕES | C67: =Orçamento!$K$1194 -> 7497 | D67: =ROUND($C$67/$C$72,5) -> 0.00045 | F67: =E67*$C67 -> 0 | H67: =G67*$C67 -> 0 | J67: =I67*$C67 -> 0 | L67: =K67*$C67 -> 0 | N67: =M67*$C67 -> 0 | P67: =O67*$C67 -> 0 | R67: =Q67*$C67 -> 0 | T67: =S67*$C67 -> 0 | V67: =U67*$C67 -> 0 | X67: =W67*$C67 -> 0 | Z67: =Y67*$C67 -> 0 | AB67: =AA67*$C67 -> 0 | AD67: =AC67*$C67 -> 0 | AF67: =AE67*$C67 -> 0 | AH67: =AG67*$C67 -> 0 | AJ67: =AI67*$C67 -> 0 | AL67: =AK67*$C67 -> 0 | AN67: =AM67*$C67 -> 0 | AP67: =AO67*$C67 -> 0 | AR67: =AQ67*$C67 -> 0 | AT67: =AS67*$C67 -> 0 | AU67: 0.75 | AV67: =AU67*$C67 -> 5622.75 | AW67: 0.25 | AX67: =AW67*$C67 -> 1874.25 | AZ67: =AY67*$C67 -> 0 | BB67: =BA67*$C67 -> 0 | BD67: =BC67*$C67 -> 0 | BF67: =BE67*$C67 -> 0 | BH67: =BG67*$C67 -> 0 | BJ67: =BI67*$C67 -> 0 | BL67: =BK67*$C67 -> 0 | BN67: =BM67*$C67 -> 0 | BP67: =BO67*$C67 -> 0 | BR67: =BQ67*$C67 -> 0 | BT67: =BS67*$C67 -> 0 | BV67: =BU67*$C67 -> 0 | BX67: =BW67*$C67 -> 0 | BZ67: =BY67*$C67 -> 0 | CB67: =CA67*$C67 -> 0 | CD67: =CC67*$C67 -> 0 | CF67: =CE67*$C67 -> 0 | CH67: =CG67*$C67 -> 0 | CJ67: =CI67*$C67 -> 0 | CL67: =CK67*$C67 -> 0 | CN67: =CM67*$C67 -> 0 | CP67: =CO67*$C67 -> 0 | CR67: =CQ67*$C67 -> 0 | CT67: =CS67*$C67 -> 0 | CV67: =CU67*$C67 -> 0 | CX67: =CW67*$C67 -> 0 | CZ67: =CY67*$C67 -> 0 | DB67: =DA67*$C67 -> 0 | DD67: =DC67*$C67 -> 0 | DF67: =DE67*$C67 -> 0 | DH67: =DG67*$C67 -> 0 | DJ67: =DI67*$C67 -> 0 | DL67: =DK67*$C67 -> 0 | DN67: =DM67*$C67 -> 0 | DP67: =DO67*$C67 -> 0 | DR67: =DQ67*$C67 -> 0 | DT67: =DS67*$C67 -> 0
A68: 7.3 | B68: SUBESTAÇÃO 300 KVA - 25KV - INSTALAÇÕES ELÉTRICAS | C68: =Orçamento!$K$1207 -> 113772.34 | D68: =ROUND($C$68/$C$72,5) -> 0.00678 | F68: =E68*$C68 -> 0 | H68: =G68*$C68 -> 0 | J68: =I68*$C68 -> 0 | L68: =K68*$C68 -> 0 | N68: =M68*$C68 -> 0 | P68: =O68*$C68 -> 0 | R68: =Q68*$C68 -> 0 | T68: =S68*$C68 -> 0 | V68: =U68*$C68 -> 0 | X68: =W68*$C68 -> 0 | Z68: =Y68*$C68 -> 0 | AB68: =AA68*$C68 -> 0 | AD68: =AC68*$C68 -> 0 | AF68: =AE68*$C68 -> 0 | AH68: =AG68*$C68 -> 0 | AJ68: =AI68*$C68 -> 0 | AL68: =AK68*$C68 -> 0 | AN68: =AM68*$C68 -> 0 | AP68: =AO68*$C68 -> 0 | AR68: =AQ68*$C68 -> 0 | AT68: =AS68*$C68 -> 0 | AV68: =AU68*$C68 -> 0 | AW68: 0.5 | AX68: =AW68*$C68 -> 56886.17 | AY68: 0.5 | AZ68: =AY68*$C68 -> 56886.17 | BB68: =BA68*$C68 -> 0 | BD68: =BC68*$C68 -> 0 | BF68: =BE68*$C68 -> 0 | BH68: =BG68*$C68 -> 0 | BJ68: =BI68*$C68 -> 0 | BL68: =BK68*$C68 -> 0 | BN68: =BM68*$C68 -> 0 | BP68: =BO68*$C68 -> 0 | BR68: =BQ68*$C68 -> 0 | BT68: =BS68*$C68 -> 0 | BV68: =BU68*$C68 -> 0 | BX68: =BW68*$C68 -> 0 | BZ68: =BY68*$C68 -> 0 | CB68: =CA68*$C68 -> 0 | CD68: =CC68*$C68 -> 0 | CF68: =CE68*$C68 -> 0 | CH68: =CG68*$C68 -> 0 | CJ68: =CI68*$C68 -> 0 | CL68: =CK68*$C68 -> 0 | CN68: =CM68*$C68 -> 0 | CP68: =CO68*$C68 -> 0 | CR68: =CQ68*$C68 -> 0 | CT68: =CS68*$C68 -> 0 | CV68: =CU68*$C68 -> 0 | CX68: =CW68*$C68 -> 0 | CZ68: =CY68*$C68 -> 0 | DB68: =DA68*$C68 -> 0 | DD68: =DC68*$C68 -> 0 | DF68: =DE68*$C68 -> 0 | DH68: =DG68*$C68 -> 0 | DJ68: =DI68*$C68 -> 0 | DL68: =DK68*$C68 -> 0 | DN68: =DM68*$C68 -> 0 | DP68: =DO68*$C68 -> 0 | DR68: =DQ68*$C68 -> 0 | DT68: =DS68*$C68 -> 0
A69: 8.1 | B69: PASSEIO PÚBLICO - PASSEIO PÚBLICO | C69: =Orçamento!$K$1281 -> 86417.26 | D69: =ROUND($C$69/$C$72,5) -> 0.00515 | F69: =E69*$C69 -> 0 | H69: =G69*$C69 -> 0 | J69: =I69*$C69 -> 0 | L69: =K69*$C69 -> 0 | N69: =M69*$C69 -> 0 | P69: =O69*$C69 -> 0 | R69: =Q69*$C69 -> 0 | T69: =S69*$C69 -> 0 | V69: =U69*$C69 -> 0 | X69: =W69*$C69 -> 0 | Z69: =Y69*$C69 -> 0 | AB69: =AA69*$C69 -> 0 | AD69: =AC69*$C69 -> 0 | AF69: =AE69*$C69 -> 0 | AH69: =AG69*$C69 -> 0 | AJ69: =AI69*$C69 -> 0 | AL69: =AK69*$C69 -> 0 | AN69: =AM69*$C69 -> 0 | AP69: =AO69*$C69 -> 0 | AR69: =AQ69*$C69 -> 0 | AT69: =AS69*$C69 -> 0 | AV69: =AU69*$C69 -> 0 | AW69: 0.5 | AX69: =AW69*$C69 -> 43208.63 | AY69: 0.5 | AZ69: =AY69*$C69 -> 43208.63 | BB69: =BA69*$C69 -> 0 | BD69: =BC69*$C69 -> 0 | BF69: =BE69*$C69 -> 0 | BH69: =BG69*$C69 -> 0 | BJ69: =BI69*$C69 -> 0 | BL69: =BK69*$C69 -> 0 | BN69: =BM69*$C69 -> 0 | BP69: =BO69*$C69 -> 0 | BR69: =BQ69*$C69 -> 0 | BT69: =BS69*$C69 -> 0 | BV69: =BU69*$C69 -> 0 | BX69: =BW69*$C69 -> 0 | BZ69: =BY69*$C69 -> 0 | CB69: =CA69*$C69 -> 0 | CD69: =CC69*$C69 -> 0 | CF69: =CE69*$C69 -> 0 | CH69: =CG69*$C69 -> 0 | CJ69: =CI69*$C69 -> 0 | CL69: =CK69*$C69 -> 0 | CN69: =CM69*$C69 -> 0 | CP69: =CO69*$C69 -> 0 | CR69: =CQ69*$C69 -> 0 | CT69: =CS69*$C69 -> 0 | CV69: =CU69*$C69 -> 0 | CX69: =CW69*$C69 -> 0 | CZ69: =CY69*$C69 -> 0 | DB69: =DA69*$C69 -> 0 | DD69: =DC69*$C69 -> 0 | DF69: =DE69*$C69 -> 0 | DH69: =DG69*$C69 -> 0 | DJ69: =DI69*$C69 -> 0 | DL69: =DK69*$C69 -> 0 | DN69: =DM69*$C69 -> 0 | DP69: =DO69*$C69 -> 0 | DR69: =DQ69*$C69 -> 0 | DT69: =DS69*$C69 -> 0
A70: 9.1 | B70: ADMINISTRAÇÃO LOCAL - ADMINISTRAÇÃO LOCAL | C70: =Orçamento!$K$1290 -> 688410.52 | D70: =ROUND($C$70/$C$72,5) -> 0.041 | E70: 0.0196 | F70: =E70*$C70 -> 13492.846 | G70: 0.0301 | H70: =G70*$C70 -> 20721.157 | I70: 0.044 | J70: =I70*$C70 -> 30290.063 | K70: 0.0564 | L70: =K70*$C70 -> 38826.353 | M70: 0.0663 | N70: =M70*$C70 -> 45641.617 | O70: 0.0556 | P70: =O70*$C70 -> 38275.625 | Q70: 0.0681 | R70: =Q70*$C70 -> 46880.756 | S70: 0.0446 | T70: =S70*$C70 -> 30703.109 | U70: 0.05 | V70: =U70*$C70 -> 34420.526 | W70: 0.055 | X70: =W70*$C70 -> 37862.579 | Y70: 0.0388 | Z70: =Y70*$C70 -> 26710.328 | AA70: 0.032 | AB70: =AA70*$C70 -> 22029.137 | AC70: 0.0282 | AD70: =AC70*$C70 -> 19413.177 | AE70: 0.0277 | AF70: =AE70*$C70 -> 19068.971 | AG70: 0.0394 | AH70: =AG70*$C70 -> 27123.374 | AI70: 0.0481 | AJ70: =AI70*$C70 -> 33112.546 | AK70: 0.0505 | AL70: =AK70*$C70 -> 34764.731 | AM70: 0.0444 | AN70: =AM70*$C70 -> 30565.427 | AO70: 0.0568 | AP70: =AO70*$C70 -> 39101.718 | AQ70: 0.0426 | AR70: =AQ70*$C70 -> 29326.288 | AS70: 0.032 | AT70: =AS70*$C70 -> 22029.137 | AU70: 0.025 | AV70: =AU70*$C70 -> 17210.263 | AW70: 0.0235 | AX70: =AW70*$C70 -> 16177.647 | AY70: 0.0213 | AZ70: =AY70*$C70 -> 14663.144 | BB70: =BA70*$C70 -> 0 | BD70: =BC70*$C70 -> 0 | BF70: =BE70*$C70 -> 0 | BH70: =BG70*$C70 -> 0 | BJ70: =BI70*$C70 -> 0 | BL70: =BK70*$C70 -> 0 | BN70: =BM70*$C70 -> 0 | BP70: =BO70*$C70 -> 0 | BR70: =BQ70*$C70 -> 0 | BT70: =BS70*$C70 -> 0 | BV70: =BU70*$C70 -> 0 | BX70: =BW70*$C70 -> 0 | BZ70: =BY70*$C70 -> 0 | CB70: =CA70*$C70 -> 0 | CD70: =CC70*$C70 -> 0 | CF70: =CE70*$C70 -> 0 | CH70: =CG70*$C70 -> 0 | CJ70: =CI70*$C70 -> 0 | CL70: =CK70*$C70 -> 0 | CN70: =CM70*$C70 -> 0 | CP70: =CO70*$C70 -> 0 | CR70: =CQ70*$C70 -> 0 | CT70: =CS70*$C70 -> 0 | CV70: =CU70*$C70 -> 0 | CX70: =CW70*$C70 -> 0 | CZ70: =CY70*$C70 -> 0 | DB70: =DA70*$C70 -> 0 | DD70: =DC70*$C70 -> 0 | DF70: =DE70*$C70 -> 0 | DH70: =DG70*$C70 -> 0 | DJ70: =DI70*$C70 -> 0 | DL70: =DK70*$C70 -> 0 | DN70: =DM70*$C70 -> 0 | DP70: =DO70*$C70 -> 0 | DR70: =DQ70*$C70 -> 0 | DT70: =DS70*$C70 -> 0
B71: Período | E71: =F71/$C72 -> 0.020708373 | F71: =SUM(F$9:F$70) -> 347664.87 | G71: =H71/$C72 -> 0.031779728 | H71: =SUM(H$9:H$70) -> 533537.58 | I71: =J71/$C72 -> 0.049386992 | J71: =SUM(J$9:J$70) -> 829139.12 | K71: =L71/$C72 -> 0.057538913 | L71: =SUM(L$9:L$70) -> 965998.57 | M71: =N71/$C72 -> 0.05791485 | N71: =SUM(N$9:N$70) -> 972310.03 | O71: =P71/$C72 -> 0.047832081 | P71: =SUM(P$9:P$70) -> 803034.32 | Q71: =R71/$C72 -> 0.059844716 | R71: =SUM(R$9:R$70) -> 1004709.8 | S71: =T71/$C72 -> 0.046398224 | T71: =SUM(T$9:T$70) -> 778961.85 | U71: =V71/$C72 -> 0.046254703 | V71: =SUM(V$9:V$70) -> 776552.33 | W71: =X71/$C72 -> 0.051271922 | X71: =SUM(X$9:X$70) -> 860784.48 | Y71: =Z71/$C72 -> 0.040370053 | Z71: =SUM(Z$9:Z$70) -> 677757.22 | AA71: =AB71/$C72 -> 0.03331482 | AB71: =SUM(AB$9:AB$70) -> 559309.64 | AC71: =AD71/$C72 -> 0.029358132 | AD71: =SUM(AD$9:AD$70) -> 492882.33 | AE71: =AF71/$C72 -> 0.028853189 | AF71: =SUM(AF$9:AF$70) -> 484405.04 | AG71: =AH71/$C72 -> 0.040988455 | AH71: =SUM(AH$9:AH$70) -> 688139.32 | AI71: =AJ71/$C72 -> 0.050018217 | AJ71: =SUM(AJ$9:AJ$70) -> 839736.52 | AK71: =AL71/$C72 -> 0.052556125 | AL71: =SUM(AL$9:AL$70) -> 882344.47 | AM71: =AN71/$C72 -> 0.046241831 | AN71: =SUM(AN$9:AN$70) -> 776336.23 | AO71: =AP71/$C72 -> 0.059100129 | AP71: =SUM(AP$9:AP$70) -> 992209.22 | AQ71: =AR71/$C72 -> 0.044297778 | AR71: =SUM(AR$9:AR$70) -> 743698.28 | AS71: =AT71/$C72 -> 0.0333116 | AT71: =SUM(AT$9:AT$70) -> 559255.58 | AU71: =AV71/$C72 -> 0.026011433 | AV71: =SUM(AV$9:AV$70) -> 436695.89 | AW71: =AX71/$C72 -> 0.02440691 | AX71: =SUM(AX$9:AX$70) -> 409758.17 | AY71: =AZ71/$C72 -> 0.022240826 | AZ71: =SUM(AZ$9:AZ$70) -> 373392.63 | BA71: =BB71/$C72 -> 0 | BB71: =SUM(BB$9:BB$70) -> 0 | BC71: =BD71/$C72 -> 0 | BD71: =SUM(BD$9:BD$70) -> 0 | BE71: =BF71/$C72 -> 0 | BF71: =SUM(BF$9:BF$70) -> 0 | BG71: =BH71/$C72 -> 0 | BH71: =SUM(BH$9:BH$70) -> 0 | BI71: =BJ71/$C72 -> 0 | BJ71: =SUM(BJ$9:BJ$70) -> 0 | BK71: =BL71/$C72 -> 0 | BL71: =SUM(BL$9:BL$70) -> 0 | BM71: =BN71/$C72 -> 0 | BN71: =SUM(BN$9:BN$70) -> 0 | BO71: =BP71/$C72 -> 0 | BP71: =SUM(BP$9:BP$70) -> 0 | BQ71: =BR71/$C72 -> 0 | BR71: =SUM(BR$9:BR$70) -> 0 | BS71: =BT71/$C72 -> 0 | BT71: =SUM(BT$9:BT$70) -> 0 | BU71: =BV71/$C72 -> 0 | BV71: =SUM(BV$9:BV$70) -> 0 | BW71: =BX71/$C72 -> 0 | BX71: =SUM(BX$9:BX$70) -> 0 | BY71: =BZ71/$C72 -> 0 | BZ71: =SUM(BZ$9:BZ$70) -> 0 | CA71: =CB71/$C72 -> 0 | CB71: =SUM(CB$9:CB$70) -> 0 | CC71: =CD71/$C72 -> 0 | CD71: =SUM(CD$9:CD$70) -> 0 | CE71: =CF71/$C72 -> 0 | CF71: =SUM(CF$9:CF$70) -> 0 | CG71: =CH71/$C72 -> 0 | CH71: =SUM(CH$9:CH$70) -> 0 | CI71: =CJ71/$C72 -> 0 | CJ71: =SUM(CJ$9:CJ$70) -> 0 | CK71: =CL71/$C72 -> 0 | CL71: =SUM(CL$9:CL$70) -> 0 | CM71: =CN71/$C72 -> 0 | CN71: =SUM(CN$9:CN$70) -> 0 | CO71: =CP71/$C72 -> 0 | CP71: =SUM(CP$9:CP$70) -> 0 | CQ71: =CR71/$C72 -> 0 | CR71: =SUM(CR$9:CR$70) -> 0 | CS71: =CT71/$C72 -> 0 | CT71: =SUM(CT$9:CT$70) -> 0 | CU71: =CV71/$C72 -> 0 | CV71: =SUM(CV$9:CV$70) -> 0 | CW71: =CX71/$C72 -> 0 | CX71: =SUM(CX$9:CX$70) -> 0 | CY71: =CZ71/$C72 -> 0 | CZ71: =SUM(CZ$9:CZ$70) -> 0 | DA71: =DB71/$C72 -> 0 | DB71: =SUM(DB$9:DB$70) -> 0 | DC71: =DD71/$C72 -> 0 | DD71: =SUM(DD$9:DD$70) -> 0 | DE71: =DF71/$C72 -> 0 | DF71: =SUM(DF$9:DF$70) -> 0 | DG71: =DH71/$C72 -> 0 | DH71: =SUM(DH$9:DH$70) -> 0 | DI71: =DJ71/$C72 -> 0 | DJ71: =SUM(DJ$9:DJ$70) -> 0 | DK71: =DL71/$C72 -> 0 | DL71: =SUM(DL$9:DL$70) -> 0 | DM71: =DN71/$C72 -> 0 | DN71: =SUM(DN$9:DN$70) -> 0 | DO71: =DP71/$C72 -> 0 | DP71: =SUM(DP$9:DP$70) -> 0 | DQ71: =DR71/$C72 -> 0 | DR71: =SUM(DR$9:DR$70) -> 0 | DS71: =DT71/$C72 -> 0 | DT71: =SUM(DT$9:DT$70) -> 0
B72: Acumulado | C72: =SUM(C$9:C$70) -> 16788614 | D72: =SUM(D$9:D$70) -> 1 | E72: =E71 -> 0.020708373 | F72: =F71 -> 347664.87 | G72: =G71+E72 -> 0.052488101 | H72: =H71+F72 -> 881202.44 | I72: =I71+G72 -> 0.10187509 | J72: =J71+H72 -> 1710341.6 | K72: =K71+I72 -> 0.15941401 | L72: =L71+J72 -> 2676340.1 | M72: =M71+K72 -> 0.21732886 | N72: =N71+L72 -> 3648650.2 | ... DT72: =DT71+DR72 -> 16788614
